Workbook
Name \P: #REF!
Name \P: #REF!
Name _TAB5: [1]J:K!$A$35:$L$47
Name a: #REF!
Name a: #REF!
Name aaa: [1]results!#REF!
Name aaa: [1]results!#REF!
Name aaaa: [1]results!#REF!
Name aaaa: [1]results!#REF!
Name Annual_Avoid_Cost: [1]results!#REF!
Name Annual_Avoid_Cost: [1]results!#REF!
Name Annual_avoided_cost: #REF!
Name Annual_avoided_cost: #REF!
Name Annual_Savings: #REF!
Name Annual_Savings: #REF!
Name ap: [1]results!#REF!
Name ap: [1]results!#REF!
Name avoid_cost: #REF!
Name avoid_cost: #REF!
Name B_LOAD: #REF!
Name B_LOAD: #REF!
Name BASE: #REF!
Name BASE: #REF!
Name baseinc: '[2]Use per DD'!#REF!
Name baseinc: '[2]Use per DD'!#REF!
Name CER: #REF!
Name CER: #REF!
Name CNC: #REF!
Name CNC: #REF!
Name CP_Labor: #REF!
Name CP_Labor: #REF!
Name CSR: #REF!
Name CSR: #REF!
Name CurrentYr1: [3]Ref!$E$35
Name CurrentYr2: [3]Ref!$E$36
Name CurrentYr3: [3]Ref!$E$37
Name CURTAIL: #REF!
Name CURTAIL: #REF!
Name Date_of_Filing: [3]Ref!$E$9
Name dd: [1]results!#REF!
Name dd: [1]results!#REF!
Name Dist_Comp: [3]Ref!$E$7
Name ECM_Database: #REF!
Name ECM_Database: #REF!
Name Enduse_Lookup: #REF!
Name Enduse_Lookup: #REF!
Name FB_LOAD: #REF!
Name FB_LOAD: #REF!
Name FH_FACTOR: #REF!
Name FH_FACTOR: #REF!
Name GNP: [1]M!$H$3
Name H_FACTOR: #REF!
Name H_FACTOR: #REF!
Name IB_LOAD: #REF!
Name IB_LOAD: #REF!
Name IH_FACTOR: #REF!
Name IH_FACTOR: #REF!
Name JG_Labor: #REF!
Name JG_Labor: #REF!
Name JSP_Labor: #REF!

Sheet Prop EEC 2023 Rates
A1: Attachment: VGS Proposed 2023 EEC rates | H1: VGS Proposal
B2: Forecasted 2023 Mcf | C2: Current GEEC Rates | D2: Projected GEEC Revenues at Current Rates | E2: Class Share GEEC Revenues at Current Rates | F2: GEEC To Be Billed by Rate Class | G2: Proposed GEEC Rates per MCf | H2: Proposed GEEC Rates per CCf | I2: Percent Change GEEC
S3: VGS 2023 Proposed Rates Per Ccf
L5: Projected Avg | M5: Projected Avg | N5: Average Annual | P5: Proposed 2023 EEC | T5: 2022 | U5: 2023
L6: # customers | M6: Mcf/Part | N6: EEC 2022 Current | O6: EEC 2023 Proposed | P6: Annual Variance | Q6: Monthly Variance | T6: Per Ccf | U6: Per Ccf
A7: Residential | B7: ='VGS forecast'!BV20-'AVG Liap customers'!C24 -> 3778154.4 | C7: ='VGS rates'!BQ7 -> 0.0514 | D7: =C7*B7*10 -> 1941971.4 | E7: =D7/$D$14 -> 0.52204918 | F7: =E7*$C$42 -> 1910304.7 | G7: =ROUND(F7/B7,4) -> 0.5056 | H7: =G7/10 -> 0.05056 | I7: =H7/C7-1 -> -0.016342412 | K7: =A7 -> Residential | L7: ='VGS forecast'!BU33-2043 -> 46587.75 | M7: =B7/L7 -> 81.097593 | N7: =M7*10*C7 -> 41.684163 | O7: =$M7*10*$H7 -> 41.002943 | P7: =O7-N7 -> -0.68121978 | Q7: =P7/12 -> -0.056768315 | S7: =K7 -> Residential | T7: =C7 -> 0.0514 | U7: =H7 -> 0.05056
A8: Low Income | B8: ='AVG Liap customers'!C24 -> 189266.6 | C8: =C7*0.8 -> 0.04112 | D8: =C8*B8*10 -> 77826.425 | E8: =D8/$D$14 -> 0.020921638 | F8: =E8*$C$42 -> 76557.353 | G8: =ROUND(F8/B8,4) -> 0.4045 | H8: =G8/10 -> 0.04045 | I8: =H8/C8-1 -> -0.016293774 | K8: =A8 -> Low Income | L8: 2043 | M8: =B8/L8 -> 92.641507 | N8: =M8*10*C8 -> 38.094188 | O8: =$M8*10*$H8 -> 37.473489 | P8: =O8-N8 -> -0.62069809 | Q8: =P8/12 -> -0.051724841 | S8: =K8 -> Low Income | T8: =C8 -> 0.04112 | U8: =H8 -> 0.04045
A9: G1 Class | B9: ='VGS forecast'!BV21 -> 618771 | C9: ='VGS rates'!BQ14 -> 0.0486 | D9: =C9*B9*10 -> 300722.71 | E9: =D9/$D$14 -> 0.080841585 | F9: =E9*$C$42 -> 295818.99 | G9: =ROUND(F9/B9,4) -> 0.4781 | H9: =G9/10 -> 0.04781 | I9: =H9/C9-1 -> -0.016255144 | K9: =A9 -> G1 Class | L9: ='VGS forecast'!BU34 -> 4034.0833 | M9: =B9/L9 -> 153.38578 | N9: =M9*10*C9 -> 74.545487 | O9: =$M9*10*$H9 -> 73.333739 | P9: =O9-N9 -> -1.2117476 | Q9: =P9/12 -> -0.10097897 | S9: =K9 -> G1 Class | T9: =C9 -> 0.0486 | U9: =H9 -> 0.04781
A10: G2 Class | B10: ='VGS forecast'!BV22 -> 201626 | C10: ='VGS rates'!BQ21 -> 0.0377 | D10: =C10*B10*10 -> 76013.002 | E10: =D10/$D$14 -> 0.020434146 | F10: =E10*$C$42 -> 74773.5 | G10: =ROUND(F10/B10,4) -> 0.3709 | H10: =G10/10 -> 0.03709 | I10: =H10/C10-1 -> -0.016180371 | K10: =A10 -> G2 Class | L10: ='VGS forecast'!BU35 -> 1063.4167 | M10: =B10/L10 -> 189.60207 | N10: =M10*10*C10 -> 71.47998 | O10: =$M10*10*$H10 -> 70.323407 | P10: =O10-N10 -> -1.1565726 | Q10: =P10/12 -> -0.096381052 | S10: =K10 -> G2 Class | T10: =C10 -> 0.0377 | U10: =H10 -> 0.03709
A11: G3 Class | B11: ='VGS forecast'!BV23 -> 754508 | C11: ='VGS rates'!BQ28 -> 0.0379 | D11: =C11*B11*10 -> 285958.53 | E11: =D11/$D$14 -> 0.076872615 | F11: =E11*$C$42 -> 281295.56 | G11: =ROUND(F11/B11,4) -> 0.3728 | H11: =G11/10 -> 0.03728 | I11: =H11/C11-1 -> -0.016358839 | K11: =A11 -> G3 Class | L11: ='VGS forecast'!BU36 -> 520.91667 | M11: =B11/L11 -> 1448.4236 | N11: =M11*10*C11 -> 548.95255 | O11: =$M11*10*$H11 -> 539.97232 | P11: =O11-N11 -> -8.9802264 | Q11: =P11/12 -> -0.7483522 | S11: =K11 -> G3 Class | T11: =C11 -> 0.0379 | U11: =H11 -> 0.03728
A12: G4 Class | B12: ='VGS forecast'!BV24 -> 1579257 | C12: ='VGS rates'!BQ35 -> 0.0292 | D12: =C12*B12*10 -> 461143.04 | E12: =D12/$D$14 -> 0.12396648 | F12: =E12*$C$42 -> 453623.44 | G12: =ROUND(F12/B12,4) -> 0.2872 | H12: =G12/10 -> 0.02872 | I12: =H12/C12-1 -> -0.016438356 | K12: =A12 -> G4 Class | L12: ='VGS forecast'!BU37 -> 561.66667 | M12: =B12/L12 -> 2811.7335 | N12: =M12*10*C12 -> 821.02619 | O12: =$M12*10*$H12 -> 807.52987 | P12: =O12-N12 -> -13.496321 | Q12: =P12/12 -> -1.1246934 | S12: =K12 -> G4 Class | T12: =C12 -> 0.0292 | U12: =H12 -> 0.02872
A13: Interruptible | B13: ='VGS forecast'!BV28 -> 2731119 | C13: 0.0211 | D13: =C13*B13*10 -> 576266.11 | E13: =D13/$D$14 -> 0.15491436 | F13: =E13*$C$42 -> 566869.26 | G13: =ROUND(F13/B13,4) -> 0.2076 | H13: =G13/10 -> 0.02076 | I13: =H13/C13-1 -> -0.016113744 | K13: =A13 -> Interruptible | L13: ='VGS forecast'!BU41 -> 41.916667 | M13: =B13/L13 -> 65155.92 | N13: =M13*10*C13 -> 13747.899 | O13: =$M13*10*$H13 -> 13526.369 | P13: =O13-N13 -> -221.53013 | Q13: =P13/12 -> -18.460844 | S13: =K13 -> Interruptible | T13: =C13 -> 0.0211 | U13: =H13 -> 0.02076
A14: Totals | B14: =SUM(B7:B13) -> 9852702 | C14: =(B7*C7+B8*C8+B9*C9+B10*C10+B11*C11+B12*C12+B13*C13)/B14 -> 0.037755137 | D14: =SUM(D7:D13) -> 3719901.2 | E14: =SUM(E7:E13) -> 1 | F14: =SUM(F7:F13) -> 3659242.8 | G14: =ROUND(F14/B14,4) -> 0.3714 | H14: =(B7*H7+B8*H8+B9*H9+B10*H10+B11*H11+B12*H12+B13*H13)/B14 -> 0.037139398 | I14: =H14/C14-1 -> -0.016308761
A16: VGS Total Budget 2022 Rule 5.305 D | C16: ='PSD Budget Inves Totals 21-23'!D4 -> 5765226
A17: Projected 2022 Underspent | C17: ='PSD Budget Inves Totals 21-23'!C4-'PSD Budget Inves Totals 21-23'!C12 -> 164792 | D17: Not included in 2022 projected loan
A18: 2021 Actual Underspent | C18: ='PSD Budget Inves Totals 21-23'!B4-'PSD Budget Inves Totals 21-23'!B12 -> 654469.87 | D18: Not included in 2021 loan
A19: Total NG EEU Fund | C19: =SUM(C16:C18) -> 6584487.9
A21: Reallocation of unspent funds (2018-2020)
A22: Give back per Case 21-1616-PET (credit) | C22: =251387*0.5 -> 125693.5 | D22: Half applied to 2022 EEC of the $251,087 to mitigate rate impact
A24: Under Collections of funds Rule 5.300 section (D)
A25: Estimate of Collections 2022 | C25: ='Over Under True Up'!I42 -> -23507.839 | D25: Actuals through August of 2022
A26: True up actual collections 2021 | C26: ='Over Under True Up'!F49 -> -32622.1
C27: =SUM(C25:C26) -> -56129.939
A29: CY2023 Funding requirements 5.305 (B) | C29: =C16+C17+C18-C22+C27 -> 6402664.4 | D29: Total NG EEU FUND not including loan mechanism projections and true up
A32: VGS Finance Mechanism Amortization only
A33: Loan 1 | C33: ='Loan Amortization'!K11 -> 70705.201 | D33: True up of 2021 based on actual loan amount carrying costs and amortization
A34: Loan 2 | C34: ='Loan Amortization'!W11 -> 240722.72 | D34: 2022 Projected Investment with true up from EEC 2022 Estimate
A35: Loan 3 | C35: ='Loan Amortization'!AI11 -> 163237.1 | D35: 2023 Projected Investment, amortization principal only
A36: Total carrying costs and principal | C36: =SUM(C33:C35) -> 474665.03
A38: Funding including amortization and carrying costs | C38: =C29+C36 -> 6877329.5 | D38: Funding requirements plus estimated amortization of loans and carrying costs
A40: Projected 2023 Investment | C40: =-'Loan Amortization'!AB3 -> -3264742
A42: Total EEC Collection for 2023 for smooth rate path | C42: =C44/(1-C48) -> 3659242.8 | D42: Adjusted for GRT and Weatherization
A44: Collections minus GRT and Wx | C44: =C38+C40 -> 3612587.5 | D44: Excluding GRT and Wx
A46: GRT and Wx | C46: =C42-C44 -> 46655.346
A48: GRT and Wx combined | C48: =C50+C51 -> 0.01275 | D48: GRT increased to .00525 effective 7/1/19. DPS/PUC remains at .003. Wx .0075
A50: Gross Receipts | C50: 0.00525 | D50: GRT .00525 effective 7/1/19
A51: Weatherization Tax | C51: 0.0075 | D51: Wx .0075

Sheet Potential EEC 2024 Rates VGS
A1: Attachment: VGS Proposed 2024 EEC rates | H1: VGS Proposal
B2: Forecasted 2024 Mcf | C2: Current GEEC Rates | D2: Projected GEEC Revenues at Current Rates | E2: Class Share GEEC Revenues at Current Rates | F2: GEEC To Be Billed by Rate Class | G2: Proposed GEEC Rates per MCf | H2: Proposed GEEC Rates per CCf | I2: Percent Change GEEC
L5: Projected Avg | M5: Projected Avg | N5: Average Annual | P5: Proposed 2024 EEC
L6: # customers | M6: Mcf/Part | N6: EEC 2023 Current | O6: EEC 2024 Proposed | P6: Annual Variance | Q6: Monthly Variance
A7: Residential | B7: ='15 years_PSD Surrebuttal'!H14-'AVG Liap customers'!C24 -> 3818083.4 | C7: ='Prop EEC 2023 Rates'!H7 -> 0.05056 | D7: =C7*B7*10 -> 1930423 | E7: =D7/$D$14 -> 0.52554124 | F7: =E7*$C$45 -> 2003800.2 | G7: =ROUND(F7/B7,4) -> 0.5248 | H7: =G7/10 -> 0.05248 | I7: =H7/C7-1 -> 0.037974684 | K7: =A7 -> Residential | L7: ='VGS forecast'!BU33-2043 -> 46587.75 | M7: =B7/L7 -> 81.954664 | N7: =M7*10*C7 -> 41.436278 | O7: =$M7*10*$H7 -> 43.009808 | P7: =O7-N7 -> 1.5735296 | Q7: =P7/12 -> 0.13112746
A8: Low Income | B8: ='AVG Liap customers'!C24 -> 189266.6 | C8: ='Prop EEC 2023 Rates'!H8 -> 0.04045 | D8: =C8*B8*10 -> 76558.339 | E8: =D8/$D$14 -> 0.020842357 | F8: =E8*$C$45 -> 79468.397 | G8: =ROUND(F8/B8,4) -> 0.4199 | H8: =G8/10 -> 0.04199 | I8: =H8/C8-1 -> 0.038071693 | K8: =A8 -> Low Income | L8: 2043 | M8: =B8/L8 -> 92.641507 | N8: =M8*10*C8 -> 37.473489 | O8: =$M8*10*$H8 -> 38.900169 | P8: =O8-N8 -> 1.4266792 | Q8: =P8/12 -> 0.11888993
A9: G1 Class | B9: 639276 | C9: ='Prop EEC 2023 Rates'!H9 -> 0.04781 | D9: =C9*B9*10 -> 305637.86 | E9: =D9/$D$14 -> 0.083207308 | F9: =E9*$C$45 -> 317255.45 | G9: =ROUND(F9/B9,4) -> 0.4963 | H9: =G9/10 -> 0.04963 | I9: =H9/C9-1 -> 0.03806735 | K9: =A9 -> G1 Class | L9: ='VGS forecast'!BU34 -> 4034.0833 | M9: =B9/L9 -> 158.46871 | N9: =M9*10*C9 -> 75.763892 | O9: =$M9*10*$H9 -> 78.648023 | P9: =O9-N9 -> 2.8841306 | Q9: =P9/12 -> 0.24034422
A10: G2 Class | B10: 199494 | C10: ='Prop EEC 2023 Rates'!H10 -> 0.03709 | D10: =C10*B10*10 -> 73992.325 | E10: =D10/$D$14 -> 0.020143781 | F10: =E10*$C$45 -> 76804.846 | G10: =ROUND(F10/B10,4) -> 0.385 | H10: =G10/10 -> 0.0385 | I10: =H10/C10-1 -> 0.038015638 | K10: =A10 -> G2 Class | L10: ='VGS forecast'!BU35 -> 1063.4167 | M10: =B10/L10 -> 187.59721 | N10: =M10*10*C10 -> 69.579805 | O10: =$M10*10*$H10 -> 72.224926 | P10: =O10-N10 -> 2.6451207 | Q10: =P10/12 -> 0.22042672
A11: G3 Class | B11: 707709 | C11: ='Prop EEC 2023 Rates'!H11 -> 0.03728 | D11: =C11*B11*10 -> 263833.92 | E11: =D11/$D$14 -> 0.07182654 | F11: =E11*$C$45 -> 273862.5 | G11: =ROUND(F11/B11,4) -> 0.387 | H11: =G11/10 -> 0.0387 | I11: =H11/C11-1 -> 0.038090129 | K11: =A11 -> G3 Class | L11: ='VGS forecast'!BU36 -> 520.91667 | M11: =B11/L11 -> 1358.5839 | N11: =M11*10*C11 -> 506.48008 | O11: =$M11*10*$H11 -> 525.77197 | P11: =O11-N11 -> 19.291891 | Q11: =P11/12 -> 1.6076576
A12: G4 Class | B12: 1508413 | C12: ='Prop EEC 2023 Rates'!H12 -> 0.02872 | D12: =C12*B12*10 -> 433216.21 | E12: =D12/$D$14 -> 0.11793943 | F12: =E12*$C$45 -> 449683.19 | G12: =ROUND(F12/B12,4) -> 0.2981 | H12: =G12/10 -> 0.02981 | I12: =H12/C12-1 -> 0.037952646 | K12: =A12 -> G4 Class | L12: ='VGS forecast'!BU37 -> 561.66667 | M12: =B12/L12 -> 2685.6018 | N12: =M12*10*C12 -> 771.30483 | O12: =$M12*10*$H12 -> 800.57789 | P12: =O12-N12 -> 29.273059 | Q12: =P12/12 -> 2.4394216
A13: Interruptible | B13: 2839825 | C13: ='Prop EEC 2023 Rates'!H13 -> 0.02076 | D13: =C13*B13*10 -> 589547.67 | E13: =D13/$D$14 -> 0.16049934 | F13: =E13*$C$45 -> 611956.96 | G13: =ROUND(F13/B13,4) -> 0.2155 | H13: =G13/10 -> 0.02155 | I13: =H13/C13-1 -> 0.03805395 | K13: =A13 -> Interruptible | L13: ='VGS forecast'!BU41 -> 41.916667 | M13: =B13/L13 -> 67749.304 | N13: =M13*10*C13 -> 14064.756 | O13: =$M13*10*$H13 -> 14599.975 | P13: =O13-N13 -> 535.2195 | Q13: =P13/12 -> 44.601625
A14: Totals | B14: =SUM(B7:B13) -> 9902067 | C14: ='Prop EEC 2023 Rates'!H14 -> 0.037139398 | D14: =SUM(D7:D13) -> 3673209.3 | E14: =SUM(E7:E13) -> 1 | F14: =SUM(F7:F13) -> 3812831.6 | G14: =ROUND(F14/B14,4) -> 0.3851 | H14: =(B7*H7+B8*H8+B9*H9+B10*H10+B11*H11+B12*H12+B13*H13)/B14 -> 0.038505139 | I14: =H14/C14-1 -> 0.036773379
A16: This modeling was done to see what impact 2023 might have to 2024 - no budgets have been approved yet and assumed no over/under on collections
A17: Forecasts will have to be updated along with over/under projections, reallocations of funds, true up on investment amounts and newly approved PUC approved budgets from DRP 2024-2026 proceedings
A19: VGS Total Budget 2024 Rule 5.305 D | C19: ='PSD Budget Inves Totals 21-23'!E4 -> 6267878.3 | D19: 2024 budget will be reviewed/discussed during DRP 2024-2026 Proceedings
A24: Give back per Case 21-1616-PET (credit)
A26: Under Collections of funds Rule 5.300 section (D)
A27: Estimate of Collections 2022
A28: True up actual collections 2021 | D28: Assumes net collections | O28: 0 | P28: =C28-O28 -> 0
C29: =SUM(C27:C28) -> 0 | O29: 0 | P29: =C29-O29 -> 0
P30: =C30-O30 -> 0
A31: CY2023 Funding requirements 5.305 (B) | C31: =C19+C20+C21+C24+C29 -> 6267878.3 | D31: Total NG EEU FUND minus Under collections minus reallocation | O31: 6267878.3 | P31: =C31-O31 -> 0
P32: =C32-O32 -> 0
P33: =C33-O33 -> 0
A34: VGS Finance Mechanism Amortization only | P34: =C34-O34 -> 0
A35: Loan 1 | C35: ='Loan Amortization'!K12 -> 80482.723 | O35: 80482.723 | P35: =C35-O35 -> 0
A36: Loan 2 | C36: ='Loan Amortization'!W12 -> 256245.59 | O36: 326669.66 | P36: =C36-O36 -> -70424.072
A37: Loan 3 | C37: ='Loan Amortization'!AI12 -> 444458.26 | O37: 353228.98 | P37: =C37-O37 -> 91229.279
A38: Loan 4 (2024 est principle only) | C38: ='PSD Budget Inves Totals 21-23'!E5/15*0.5 -> 113270.58 | D38: 2024 est loan (div 15 times .5 partial year) | O38: 113270.58 | P38: =C38-O38 -> 0
P39: =C39-O39 -> 0
P40: =C40-O40 -> 0
A41: Total carrying costs and principal | C41: =SUM(C35:C38) -> 894457.15 | O41: 873651.95 | P41: =C41-O41 -> 20805.206
P42: =C42-O42 -> 0
A43: Funding including amortization and carrying costs | C43: =C31+C41 -> 7162335.4 | D43: Funding requirements plus estimated amortization of loans and carrying costs | O43: 7141530.2 | P43: =C43-O43 -> 20805.206
A44: Less Loan | C44: =-'PSD Budget Inves Totals 21-23'!E5 -> -3398117.4 | D44: Projected 2024 Investment Amount | O44: -3398117.4 | P44: =C44-O44 -> 0
A45: Total EEC Collection for 2024 for smooth rate path | C45: =C47/(1-C54) -> 3812831.6 | D45: Adjusted for GRT and Weatherization | O45: 3791757.7 | P45: =C45-O45 -> 21073.899
P46: =C46-O46 -> 0
A47: Collections minus GRT and Wx | C47: =C43+C44 -> 3764218 | D47: Excluding GRT and Wx | O47: 3743412.8 | P47: =C47-O47 -> 20805.206
P48: =C48-O48 -> 0
A49: GRT and Wx | C49: =C45-C47 -> 48613.603 | O49: 48344.911 | P49: =C49-O49 -> 268.69221
P50: =C50-O50 -> 0
L51: Under collections | O51: 3349772.5 | P51: =C51-O51 -> -3349772.5
L52: Due to higher load we are collecting more
A54: GRT and Wx | C54: =C57+C58 -> 0.01275 | D54: GRT increased to .00525 effective 7/1/19. DPS/PUC remains at .003. Wx .0075
A57: Gross Receipts | C57: 0.00525 | D57: GRT .00525 effective 7/1/19
A58: Weatherization Tax | C58: 0.0075 | D58: Wx .0075

Sheet PSD Budget Inves Totals 21-23
A2: PSD Recommendations - VGS Budgets, EEC Collections, Investment Levels
B3: 2021 | C3: 2022 | D3: 2023 | E3: 2024 | F3: 2025 | G3: 2026 | H3: 2027 | I3: 2028 | J3: 2029 | K3: 2030
A4: Total VGS Budget | B4: 4593333 | C4: 5262600 | D4: 5765226 | E4: 6267878.3 | F4: 6270557 | G4: 5773262.6 | H4: 5275995.2 | I4: 4778755.2 | J4: 4531542.7 | K4: 4284358.2 | M4: =SUM(B4:D4) -> 15621159
A5: VGS Investment Level | B5: 1205755.4 | C5: 2006848.2 | D5: 2659473.5 | E5: 3398117.4 | F5: 3660721.7 | G5: 3336927.3 | H5: 2913286.9 | I5: 2414799.9 | J5: 2091465.5 | K5: 1693283.2 | M5: =SUM(B5:D5) -> 5872077.2
A7: Actual/Forecasted Loan | B7: ='Loan Amortization'!D5 -> 642301 | C7: ='Loan Amortization'!P5 -> 1965034 | D7: ='Loan Amortization'!AB5 -> 3264742
A8: Rate Change Actual/Forecasted | B8: 0.031 | C8: 0.038 | D8: ='Prop EEC 2023 Rates'!I14 -> -0.016308761 | E8: ='Potential EEC 2024 Rates VGS'!I14 -> 0.036773379
A10: Budgeted Rate Change (TJ Forecast) | B10: 0.029 | C10: 0.038 | D10: 0.052
A12: Actual/Forecast Spend (no GRT/Wx tax) | B12: =3446149.27+199225.95+293487.91 -> 3938863.1 | C12: =C46 -> 5097808 | D12: =(B4+C4+D4)-C12-B12 -> 6584487.9 | E12: =E4 -> 6267878.3
B15: 2031 | C15: 2032 | D15: 2033 | E15: 2034 | F15: 2035 | G15: 2036 | H15: 2037 | I15: 2038 | J15: 2039 | K15: 2040
A16: Total VGS Budget | B16: 4407201.8 | C16: 4533673.8 | D16: 4663882.5 | E16: 4797939.5 | F16: 4935959.6 | G16: 5078061.1 | H16: 5224365.9 | I16: 5374999.5 | J16: 5530091.1 | K16: 5689773.8
A17: VGS Investment Level | B17: 1645404 | C17: 1551248.3 | D17: 1435923.7 | E17: 1324541 | F17: 1167214.6 | G17: 914062.13 | H17: 665204.79 | I17: 320767.48 | J17: -0.13306955 | K17: 0.47710153
B18: =B4-B12 -> 654469.87 | C18: =C4-C12 -> 164792
A20: Budget
A21: By Category | B21: 44197 | C21: 44592 | D21: 44957 | E21: 45322 | F21: 45688 | G21: 46053 | H21: 46418 | I21: 46783 | J21: 47149 | K21: 47514 | L21: 47879 | M21: 48244 | N21: 48610 | O21: 48975 | P21: 49340 | Q21: 49705 | R21: 50071 | S21: 50436 | T21: 50801 | U21: 51166
A22: RA | B22: 4047752.8 | C22: 4731869.8 | D22: 5332595.8 | E22: 5780669.7 | F22: 5651563.5 | G22: 5286803 | H22: 4760966.2 | I22: 4159325.9 | J22: 4017204.1 | K22: 3770899 | L22: 3757159.1 | M22: 4009673 | N22: 4121852.5 | O22: 4146612.8 | P22: 4383098.4 | Q22: 4536827.6 | R22: 4541551.5 | S22: 4822636.3 | T22: 4959488.9 | U22: 5004774.6
A23: DSS | B23: 260000.21 | C23: 262600.21 | D23: 265226.21 | E23: 267878.47 | F23: 270557.26 | G23: 273262.83 | H23: 275995.46 | I23: 278755.41 | J23: 281542.97 | K23: 284358.4 | L23: 287201.98 | M23: 290074 | N23: 292974.74 | O23: 295904.49 | P23: 298863.53 | Q23: 301852.17 | R23: 304870.69 | S23: 307919.4 | T23: 310998.59 | U23: 314108.58
A24: DPS Evaluation | B24: 260700 | C24: 257930 | D24: 142120 | E24: 208718 | F24: 322732 | G24: 202156 | H24: 212892 | I24: 329187 | J24: 206199.12 | K24: 217149.84 | L24: 335770.74 | M24: 221493 | N24: 221492.84 | O24: 342486.15 | P24: 225922.86 | Q24: 225922.69 | R24: 349335.88 | S24: 230441.32 | T24: 230441.15 | U24: 356322.6
A25: TEPF Clearing House | B25: 14880 | C25: 0 | D25: 14880 | E25: 0 | F25: 14880 | G25: 0 | H25: 14880 | I25: 0 | J25: 14880 | K25: 0 | L25: 14880 | M25: 0 | N25: 14880 | O25: 0 | P25: 14880 | Q25: 0 | R25: 14880 | S25: 0 | T25: 14880 | U25: 0
A26: Fiscal Agent | B26: 2500 | C26: 2550 | D26: 2601 | E26: 2653.02 | F26: 2706.0804 | G26: 2760.202 | H26: 2815.406 | I26: 2871.7142 | J26: 2929.1485 | K26: 2987.7314 | L26: 3047.486 | M26: 3108.4358 | N26: 3170.6045 | O26: 3234.0166 | P26: 3298.6969 | Q26: 3364.6708 | R26: 3431.9643 | S26: 3500.6035 | T26: 3570.6156 | U26: 3642.0279
A27: Fiscal Agent Audit | B27: 7500 | C27: 7650 | D27: 7803 | E27: 7959.06 | F27: 8118.2412 | G27: 8280.606 | H27: 8446.2181 | I27: 8615.1425 | J27: 8787.4454 | K27: 8963.1943 | L27: 9142.4581 | M27: 9325.3073 | N27: 9511.8135 | O27: 9702.0497 | P27: 9896.0907 | Q27: 10094.013 | R27: 10295.893 | S27: 10501.811 | T27: 10711.847 | U27: 10926.084
A28: Total Other Costs | B28: 285580 | C28: 268130 | D28: 167404 | E28: 219330.08 | F28: 348436.32 | G28: 213196.81 | H28: 239033.62 | I28: 340673.86 | J28: 232795.71 | K28: 229100.77 | L28: 362840.68 | M28: 233926.74 | N28: 249055.25 | O28: 355422.22 | P28: 253997.65 | Q28: 239381.38 | R28: 377943.73 | S28: 244443.73 | T28: 259603.61 | U28: 370890.71
A29: Total EEU | B29: 4593333 | C29: 5262600 | D29: 5765226 | E29: 6267878.3 | F29: 6270557 | G29: 5773262.6 | H29: 5275995.2 | I29: 4778755.2 | J29: 4531542.7 | K29: 4284358.2 | L29: 4407201.8 | M29: 4533673.8 | N29: 4663882.5 | O29: 4797939.5 | P29: 4935959.6 | Q29: 5078061.1 | R29: 5224365.9 | S29: 5374999.5 | T29: 5530091.1 | U29: 5689773.8
B30: =B22+B23+B28 -> 4593333 | C30: =C22+C23+C28 -> 5262600 | D30: =D22+D23+D28 -> 5765226 | E30: =E22+E23+E28 -> 6267878.3 | F30: =F22+F23+F28 -> 6270557 | G30: =G22+G23+G28 -> 5773262.6 | H30: =H22+H23+H28 -> 5275995.2 | I30: =I22+I23+I28 -> 4778755.2 | ... U30: =U22+U23+U28 -> 5689773.8
A32: Invest ment | B32: =B5 -> 1205755.4 | C32: =C5 -> 2006848.2 | D32: =D5 -> 2659473.5 | E32: =E5 -> 3398117.4 | F32: =F5 -> 3660721.7 | G32: =G5 -> 3336927.3 | H32: =H5 -> 2913286.9 | I32: =I5 -> 2414799.9 | ... K32: =K5 -> 1693283.2 | L32: =B17 -> 1645404 | M32: =C17 -> 1551248.3 | N32: =D17 -> 1435923.7 | O32: =E17 -> 1324541 | P32: =F17 -> 1167214.6 | Q32: =G17 -> 914062.13 | R32: =H17 -> 665204.79 | S32: =I17 -> 320767.48 | ... U32: =K17 -> 0.47710153
A33: Per TJ DRP file, VGS collections based on load with no EEC change | B33: 3462577.6 | C33: 3480751.8 | D33: 3505752.5 | E33: 3529760.8 | F33: 3534835.4 | G33: 3536335.3 | H33: 3537708.3 | I33: 3538955.3 | J33: 3540077.2 | K33: 3541075 | L33: 3536797.7 | M33: 3532425.5 | N33: 3527958.8 | O33: 3523398.5 | P33: 3518745 | Q33: 3513999 | R33: 3509161.1 | S33: 3504232 | T33: 3499212.2 | U33: 3494102.4
A35: Add'l added on to BAU (hard keyed by TJ) | B35: 75000 | C35: 225000 | D35: 400000 | E35: 660000 | F35: 925000 | G35: 1100000 | H35: 1175000 | I35: 1175000 | J35: 1100000 | K35: 950000 | L35: 775000 | M35: 550000 | N35: 300000 | O35: 50000 | P35: -250000 | Q35: -650000 | R35: -1050000 | S35: -1550000 | T35: -2030879 | U35: -2195671
A37: Per TJ Formula- Investment Level | B37: =B30-B33+B35 -> 1205755.4 | C37: =C30-C33+C35 -> 2006848.2 | D37: =D30-D33+D35 -> 2659473.5 | E37: =E30-E33+E35 -> 3398117.4 | F37: =F30-F33+F35 -> 3660721.7 | G37: =G30-G33+G35 -> 3336927.3 | H37: =H30-H33+H35 -> 2913286.9 | I37: =I30-I33+I35 -> 2414799.9 | ... U37: =U30-U33+U35 -> 0.47710153
A40: Year | B40: 2021 | C40: 2022
A41: Actual | B41: =3446149.27+199225.95+293487.91 -> 3938863.1 | C41: 2497808
A42: Estimated $500K per month Sept-Dec 2022 | C42: =500000*4 -> 2000000
A43: Commercial incentives (under contract and assumed to be paid out prior to end of 2022) not included in estiamted in row 42 | C43: 600000
A46: Total | B46: =SUM(B41:B45) -> 3938863.1 | C46: =SUM(C41:C45) -> 5097808

Sheet Loan Amortization
A1: True up of Loan Amortization by Year
B2: CY 2021 Loan/Reg Asset | N2: CY 2022 Loan/Reg Asset | Z2: CY 2023 Loan/Reg Asset | AK2: Tota Loan in DRP
C3: Estimated Amount | D3: 925071 | O3: Estimated Amount | P3: 2348169 | AA3: Estimated Amount | AB3: =5872077-P4-D5 -> 3264742 | AC3: defaulting to budget (for 3 year period) | AK3: =AB5+P5+D5 -> 5872077
C4: Estimated Amount Y2 | D4: 690132 | O4: Estimated Amount Y2 | P4: 1965034 | AA4: Estimated Amount Y2 | AB4: =AB3 -> 3264742
C5: Actual Amount | D5: 642301 | O5: Actual Amount | P5: 1965034 | AA5: Actual Amount | AB5: =AB4 -> 3264742
C6: Term | D6: 15 | O6: Term | P6: 15 | AA6: Term | AB6: 15
AA7: Yr1 | AB7: 0.75 | AD7: assumed only needed for year
B8: Year | C8: Beg Bal | D8: True Up of principal | E8: 1/15th of true up | F8: Principal Recovery | G8: Ending Bal | H8: WACC % | I8: WACC $ | J8: Y2 WACC True up | K8: Total Recovery | N8: Year | O8: Beg Bal | P8: True Up of principal | Q8: 1/15th of true up | R8: Principal Recovery | S8: Ending Bal | T8: WACC % | U8: WACC $ | V8: Y2 WACC True up | W8: Total Recovery | Z8: Year | AA8: Beg Bal | AB8: True Up of principal | AC8: 1/15th of true up | AD8: Principal Recovery | AE8: Ending Bal | AF8: WACC % | AG8: WACC $ | AH8: Y2 WACC True up | AI8: Total Recovery | AK8: Total
A9: Y1 | B9: 2021 | C9: =D3 -> 925071 | F9: =D3/$D$6 -> 61671.4 | G9: =C9-D9-F9 -> 863399.6 | K9: =E9+F9+I9 -> 61671.4
A10: Y2 | B10: 2022 | C10: =G9 -> 863399.6 | D10: =D4-D3 -> -234939 | E10: =(D4-D3)/15 -> -15662.6 | F10: =D4/($D$6) -> 46008.8 | G10: =C10+D10-F10-E10 -> 598114.4 | H10: 0.074953102 | I10: =AVERAGE(690132,644123)*H10 -> 50003.276 | K10: =E10+F10+I10 -> 80349.476 | M10: Y1 | N10: 2022 | O10: =P3 -> 2348169 | R10: =P3/$D$6 -> 156544.6 | S10: =O10-P10-R10 -> 2191624.4 | W10: =Q10+R10+U10 -> 156544.6
A11: Y3 | B11: 2023 | C11: =G10 -> 598114.4 | D11: =D5-D4 -> -47831 | E11: =(D5-D4)/15*2 -> -6377.4667 | F11: =D$5/15 -> 42820.067 | G11: =C11+D11-F11-E11 -> 513840.8 | H11: ='15 years_PSD Surrebuttal'!C70 -> 0.07648315 | I11: =AVERAGE(((D5-(D5/15)*2)),((D5-(D5/15)*3)))*H11 -> 40937.67 | J11: =AVERAGE((D5-(D5/D6)),((D5-(D5/D6)*2)))*H10-I10 -> -6675.0685 | K11: =E11+F11+I11+J11 -> 70705.201 | M11: Y2 | N11: 2023 | O11: =S10 -> 2191624.4 | P11: =P4-P3 -> -383135 | Q11: =(P4-P3)/15 -> -25542.333 | R11: =P4/($P$6) -> 131002.27 | S11: =O11+P11-R11-Q11 -> 1703029.5 | T11: =H11 -> 0.07648315 | U11: =AVERAGE((P4-P4/P6),S11)*T11 -> 135262.79 | W11: =Q11+R11+U11 -> 240722.72 | Y11: Y1 | Z11: 2023 | AA11: =AB3 -> 3264742 | AD11: =((AB3/$AB$6))*AB7 -> 163237.1 | AE11: =AA11-AB11-AD11 -> 3101504.9 | AI11: =AC11+AD11+AG11 -> 163237.1 | AK11: =AI11+W11+K11 -> 474665.03
A12: Y4 | B12: 2024 | C12: =G11 -> 513840.8 | E12: =D12/15 -> 0 | F12: =D$5/D$6 -> 42820.067 | G12: =C12+D12-F12 -> 471020.73 | H12: =H11 -> 0.07648315 | I12: =AVERAGE(G11:G12)*H12 -> 37662.656 | K12: =E12+F12+I12 -> 80482.723 | M12: Y3 | N12: 2024 | O12: =S11 -> 1703029.5 | P12: =P5-P4 -> 0 | Q12: =(P5-P4)/15*2 -> 0 | R12: =P$5/P6 -> 131002.27 | S12: =O12+P12-R12-Q12 -> 1572027.2 | T12: =T11 -> 0.07648315 | U12: =AVERAGE(((P5-(P5/15)*2)),((P5-(P5/15)*3)))*T12 -> 125243.33 | V12: =AVERAGE((P5-(P5/P6)),((P5-(P5/P6)*2)))*T11-U11 -> 0 | W12: =Q12+R12+U12+V12 -> 256245.59 | Y12: Y2 | Z12: 2024 | AA12: =AE11 -> 3101504.9 | AB12: =AB4-AB3 -> 0 | AC12: =(AB4-AB3)/15 -> 0 | AD12: =AB4/($AB$6) -> 217649.47 | AE12: =AA12+AB12-AD12-AC12 -> 2883855.4 | AF12: =T12 -> 0.07648315 | AG12: =AVERAGE((AB4-AB4/AB6),AE12)*AF12 -> 226808.79 | AI12: =AC12+AD12+AG12 -> 444458.26 | AK12: =AI12+W12+K12 -> 781186.57
A13: Y5 | B13: 2025 | C13: =G12 -> 471020.73 | E13: =D13/15 -> 0 | F13: =D$5/D$6 -> 42820.067 | G13: =C13+D13-F13 -> 428200.67 | I13: =AVERAGE(G12:G13)*H13 -> 0 | K13: =E13+F13+I13 -> 42820.067 | M13: Y4 | N13: 2025 | O13: =S12 -> 1572027.2 | Q13: =P13/15 -> 0 | R13: =P$5/15 -> 131002.27 | S13: =O13+P13-R13 -> 1441024.9 | U13: =AVERAGE(S12:S13)*T13 -> 0 | W13: =Q13+R13+U13 -> 131002.27 | Y13: Y3 | Z13: 2025 | AA13: =AE12 -> 2883855.4 | AB13: =AB5-AB4 -> 0 | AC13: =(AB5-AB4)/15*2 -> 0 | AD13: =AB$5/$AB$6 -> 217649.47 | AE13: =AA13+AB13-AD13-AC13 -> 2666206 | AG13: =AVERAGE(((AB5-(AB5/15)*2)),((AB5-(AB5/15)*3)))*AF13 -> 0 | AH13: =AVERAGE((AB5-(AB5/AB6*AB7)),((AB5-(AB5/AB6)*2)))*AF12-AG12 -> 0 | AI13: =AC13+AD13+AG13+AH13 -> 217649.47
A14: Y6 | B14: 2026 | C14: =G13 -> 428200.67 | E14: =D14/15 -> 0 | F14: =D$5/D$6 -> 42820.067 | G14: =C14+D14-F14 -> 385380.6 | I14: =AVERAGE(G13:G14)*H14 -> 0 | K14: =E14+F14+I14 -> 42820.067 | M14: Y5 | N14: 2026 | O14: =S13 -> 1441024.9 | Q14: =P14/15 -> 0 | R14: =P$5/15 -> 131002.27 | S14: =O14+P14-R14 -> 1310022.7 | U14: =AVERAGE(S13:S14)*T14 -> 0 | W14: =Q14+R14+U14 -> 131002.27 | Y14: Y4 | Z14: 2025 | AA14: =AE13 -> 2666206 | AC14: =AB14/15 -> 0 | AD14: =AB$5/$AB$6 -> 217649.47 | AE14: =AA14+AB14-AD14 -> 2448556.5 | AG14: =AVERAGE(AE13:AE14)*AF14 -> 0 | AI14: =AC14+AD14+AG14 -> 217649.47
A15: Y7 | B15: 2027 | C15: =G14 -> 385380.6 | E15: =D15/15 -> 0 | F15: =D$5/D$6 -> 42820.067 | G15: =C15+D15-F15 -> 342560.53 | I15: =AVERAGE(G14:G15)*H15 -> 0 | K15: =E15+F15+I15 -> 42820.067 | M15: Y6 | N15: 2027 | O15: =S14 -> 1310022.7 | Q15: =P15/15 -> 0 | R15: =P$5/15 -> 131002.27 | S15: =O15+P15-R15 -> 1179020.4 | U15: =AVERAGE(S14:S15)*T15 -> 0 | W15: =Q15+R15+U15 -> 131002.27 | Y15: Y5 | Z15: 2026 | AA15: =AE14 -> 2448556.5 | AC15: =AB15/15 -> 0 | AD15: =AB$5/$AB$6 -> 217649.47 | AE15: =AA15+AB15-AD15 -> 2230907 | AG15: =AVERAGE(AE14:AE15)*AF15 -> 0 | AI15: =AC15+AD15+AG15 -> 217649.47
A16: Y8 | B16: 2028 | C16: =G15 -> 342560.53 | E16: =D16/15 -> 0 | F16: =D$5/D$6 -> 42820.067 | G16: =C16+D16-F16 -> 299740.47 | I16: =AVERAGE(G15:G16)*H16 -> 0 | K16: =E16+F16+I16 -> 42820.067 | M16: Y7 | N16: 2028 | O16: =S15 -> 1179020.4 | Q16: =P16/15 -> 0 | R16: =P$5/15 -> 131002.27 | S16: =O16+P16-R16 -> 1048018.1 | U16: =AVERAGE(S15:S16)*T16 -> 0 | W16: =Q16+R16+U16 -> 131002.27 | Y16: Y6 | Z16: 2027 | AA16: =AE15 -> 2230907 | AC16: =AB16/15 -> 0 | AD16: =AB$5/$AB$6 -> 217649.47 | AE16: =AA16+AB16-AD16 -> 2013257.6 | AG16: =AVERAGE(AE15:AE16)*AF16 -> 0 | AI16: =AC16+AD16+AG16 -> 217649.47
A17: Y9 | B17: 2029 | C17: =G16 -> 299740.47 | E17: =D17/15 -> 0 | F17: =D$5/D$6 -> 42820.067 | G17: =C17+D17-F17 -> 256920.4 | I17: =AVERAGE(G16:G17)*H17 -> 0 | K17: =E17+F17+I17 -> 42820.067 | M17: Y8 | N17: 2029 | O17: =S16 -> 1048018.1 | Q17: =P17/15 -> 0 | R17: =P$5/15 -> 131002.27 | S17: =O17+P17-R17 -> 917015.87 | U17: =AVERAGE(S16:S17)*T17 -> 0 | W17: =Q17+R17+U17 -> 131002.27 | Y17: Y7 | Z17: 2028 | AA17: =AE16 -> 2013257.6 | AC17: =AB17/15 -> 0 | AD17: =AB$5/$AB$6 -> 217649.47 | AE17: =AA17+AB17-AD17 -> 1795608.1 | AG17: =AVERAGE(AE16:AE17)*AF17 -> 0 | AI17: =AC17+AD17+AG17 -> 217649.47
A18: Y10 | B18: 2030 | C18: =G17 -> 256920.4 | E18: =D18/15 -> 0 | F18: =D$5/D$6 -> 42820.067 | G18: =C18+D18-F18 -> 214100.33 | I18: =AVERAGE(G17:G18)*H18 -> 0 | K18: =E18+F18+I18 -> 42820.067 | M18: Y9 | N18: 2030 | O18: =S17 -> 917015.87 | Q18: =P18/15 -> 0 | R18: =P$5/15 -> 131002.27 | S18: =O18+P18-R18 -> 786013.6 | U18: =AVERAGE(S17:S18)*T18 -> 0 | W18: =Q18+R18+U18 -> 131002.27 | Y18: Y8 | Z18: 2029 | AA18: =AE17 -> 1795608.1 | AC18: =AB18/15 -> 0 | AD18: =AB$5/$AB$6 -> 217649.47 | AE18: =AA18+AB18-AD18 -> 1577958.6 | AG18: =AVERAGE(AE17:AE18)*AF18 -> 0 | AI18: =AC18+AD18+AG18 -> 217649.47
A19: Y11 | B19: 2031 | C19: =G18 -> 214100.33 | E19: =D19/15 -> 0 | F19: =D$5/D$6 -> 42820.067 | G19: =C19+D19-F19 -> 171280.27 | I19: =AVERAGE(G18:G19)*H19 -> 0 | K19: =E19+F19+I19 -> 42820.067 | M19: Y10 | N19: 2031 | O19: =S18 -> 786013.6 | Q19: =P19/15 -> 0 | R19: =P$5/15 -> 131002.27 | S19: =O19+P19-R19 -> 655011.33 | U19: =AVERAGE(S18:S19)*T19 -> 0 | W19: =Q19+R19+U19 -> 131002.27 | Y19: Y9 | Z19: 2030 | AA19: =AE18 -> 1577958.6 | AC19: =AB19/15 -> 0 | AD19: =AB$5/$AB$6 -> 217649.47 | AE19: =AA19+AB19-AD19 -> 1360309.2 | AG19: =AVERAGE(AE18:AE19)*AF19 -> 0 | AI19: =AC19+AD19+AG19 -> 217649.47
A20: Y12 | B20: 2032 | C20: =G19 -> 171280.27 | E20: =D20/15 -> 0 | F20: =D$5/D$6 -> 42820.067 | G20: =C20+D20-F20 -> 128460.2 | I20: =AVERAGE(G19:G20)*H20 -> 0 | K20: =E20+F20+I20 -> 42820.067 | M20: Y11 | N20: 2032 | O20: =S19 -> 655011.33 | Q20: =P20/15 -> 0 | R20: =P$5/15 -> 131002.27 | S20: =O20+P20-R20 -> 524009.07 | U20: =AVERAGE(S19:S20)*T20 -> 0 | W20: =Q20+R20+U20 -> 131002.27 | Y20: Y10 | Z20: 2031 | AA20: =AE19 -> 1360309.2 | AC20: =AB20/15 -> 0 | AD20: =AB$5/$AB$6 -> 217649.47 | AE20: =AA20+AB20-AD20 -> 1142659.7 | AG20: =AVERAGE(AE19:AE20)*AF20 -> 0 | AI20: =AC20+AD20+AG20 -> 217649.47
A21: Y13 | B21: 2033 | C21: =G20 -> 128460.2 | E21: =D21/15 -> 0 | F21: =D$5/D$6 -> 42820.067 | G21: =C21+D21-F21 -> 85640.133 | I21: =AVERAGE(G20:G21)*H21 -> 0 | K21: =E21+F21+I21 -> 42820.067 | M21: Y12 | N21: 2033 | O21: =S20 -> 524009.07 | Q21: =P21/15 -> 0 | R21: =P$5/15 -> 131002.27 | S21: =O21+P21-R21 -> 393006.8 | U21: =AVERAGE(S20:S21)*T21 -> 0 | W21: =Q21+R21+U21 -> 131002.27 | Y21: Y11 | Z21: 2032 | AA21: =AE20 -> 1142659.7 | AC21: =AB21/15 -> 0 | AD21: =AB$5/$AB$6 -> 217649.47 | AE21: =AA21+AB21-AD21 -> 925010.23 | AG21: =AVERAGE(AE20:AE21)*AF21 -> 0 | AI21: =AC21+AD21+AG21 -> 217649.47
A22: Y14 | B22: 2034 | C22: =G21 -> 85640.133 | E22: =D22/15 -> 0 | F22: =D$5/D$6 -> 42820.067 | G22: =C22+D22-F22 -> 42820.067 | I22: =AVERAGE(G21:G22)*H22 -> 0 | K22: =E22+F22+I22 -> 42820.067 | M22: Y13 | N22: 2034 | O22: =S21 -> 393006.8 | Q22: =P22/15 -> 0 | R22: =P$5/15 -> 131002.27 | S22: =O22+P22-R22 -> 262004.53 | U22: =AVERAGE(S21:S22)*T22 -> 0 | W22: =Q22+R22+U22 -> 131002.27 | Y22: Y12 | Z22: 2033 | AA22: =AE21 -> 925010.23 | AC22: =AB22/15 -> 0 | AD22: =AB$5/$AB$6 -> 217649.47 | AE22: =AA22+AB22-AD22 -> 707360.77 | AG22: =AVERAGE(AE21:AE22)*AF22 -> 0 | AI22: =AC22+AD22+AG22 -> 217649.47
A23: Y15 | B23: 2035 | C23: =G22 -> 42820.067 | E23: =D23/15 -> 0 | F23: =D$5/D$6 -> 42820.067 | G23: =C23+D23-F23 -> 5.8207661e-11 | I23: =AVERAGE(G22:G23)*H23 -> 0 | K23: =E23+F23+I23 -> 42820.067 | M23: Y14 | N23: 2035 | O23: =S22 -> 262004.53 | Q23: =P23/15 -> 0 | R23: =P$5/15 -> 131002.27 | S23: =O23+P23-R23 -> 131002.27 | U23: =AVERAGE(S22:S23)*T23 -> 0 | W23: =Q23+R23+U23 -> 131002.27 | Y23: Y13 | Z23: 2034 | AA23: =AE22 -> 707360.77 | AC23: =AB23/15 -> 0 | AD23: =AB$5/$AB$6 -> 217649.47 | AE23: =AA23+AB23-AD23 -> 489711.3 | AG23: =AVERAGE(AE22:AE23)*AF23 -> 0 | AI23: =AC23+AD23+AG23 -> 217649.47
F24: =SUM(F9:F23)+SUM(E9:E23)-D5 -> 0 | M24: Y15 | N24: 2036 | O24: =S23 -> 131002.27 | Q24: =P24/15 -> 0 | R24: =P$5/15 -> 131002.27 | S24: =O24+P24-R24 -> 4.0745363e-10 | U24: =AVERAGE(S23:S24)*T24 -> 0 | W24: =Q24+R24+U24 -> 131002.27 | Y24: Y14 | Z24: 2035 | AA24: =AE23 -> 489711.3 | AC24: =AB24/15 -> 0 | AD24: =AB$5/$AB$6 -> 217649.47 | AE24: =AA24+AB24-AD24 -> 272061.83 | AG24: =AVERAGE(AE23:AE24)*AF24 -> 0 | AI24: =AC24+AD24+AG24 -> 217649.47
Y25: Y15 | Z25: 2036 | AA25: =AE24 -> 272061.83 | AC25: =AB25/15 -> 0 | AD25: =AB$5/$AB$6 -> 217649.47 | AE25: =AA25+AB25-AD25 -> 54412.367 | AG25: =AVERAGE(AE24:AE25)*AF25 -> 0 | AI25: =AC25+AD25+AG25 -> 217649.47
Y26: Y16 | Z26: 2037 | AA26: =AE25 -> 54412.367 | AB26: {=+AB25:AE26} -> 0 | AC26: =AB26/15 -> 0 | AD26: =(AB$5/$AB$6)*(1-AB7) -> 54412.367 | AE26: =AA26+AB26-AD26 -> -1.1350494e-09 | AG26: =AVERAGE(AE25:AE26)*AF26 -> #VALUE! | AI26: =AC26+AD26+AG26 -> 43493.712

Sheet VGS forecast
B1: Base on Aug 18 FY19 excel file from LH | N1: Based on Sept FY20 from Todd L | AB1: Based on Sept FY20 from Todd L
A2: Estimated EEU Revenues | AL2: Taken from Oct PGA to get one calendar year on most recent rate case | BN2: Taken from Oct PGA to get one calendar year on most recent rate case
B3: 2018 | C3: 2018 | D3: 2018 | E3: 2019 | F3: 2019 | G3: 2019 | H3: 2019 | I3: 2019 | J3: 2019 | K3: 2019 | L3: 2019 | M3: 2019 | N3: 2019 | O3: 2019 | P3: 2019 | Q3: 2020 | R3: 2020 | S3: 2020 | T3: 2020 | U3: 2020 | V3: 2020 | W3: 2020 | X3: 2020 | Y3: 2020 | Z3: 2020 | AA3: 2020 | AB3: 2020 | AC3: 2021 | AD3: 2021 | AE3: 2021 | AF3: 2021 | AG3: 2021 | AH3: 2021 | AI3: 2021 | AJ3: 2021 | AK3: 2021 | AL3: 2021 | AM3: 2021 | AN3: 2021 | AO3: 2022 | AP3: 2022 | AQ3: 2022 | AR3: 2022 | AS3: 2022 | AT3: 2022 | AU3: 2022 | AV3: 2022 | AW3: 2022 | AX3: 2022 | AY3: 2022 | AZ3: 2022 | BA3: 2023 | BB3: 2023 | BC3: 2023 | BD3: 2023 | BE3: 2023 | BF3: 2023 | BG3: 2023 | BH3: 2023 | BI3: 2023 | BJ3: 2023 | BK3: 2023 | BL3: 2023 | BN3: 0 | BO3: 0 | BP3: Oct-Sep
A4: Forecasted Revenue | B4: October | C4: November | D4: December | E4: January | F4: February | G4: March | H4: April | I4: May | J4: June | K4: July | L4: August | M4: September | N4: October | O4: November | P4: December | Q4: January | R4: February | S4: March | T4: April | U4: May | V4: June | W4: July | X4: August | Y4: September | Z4: October | AA4: November | AB4: December | AC4: January | AD4: February | AE4: March | AF4: April | AG4: May | AH4: June | AI4: July | AJ4: August | AK4: September | AL4: October | AM4: November | AN4: December | AO4: January | AP4: February | AQ4: March | AR4: April | AS4: May | AT4: June | AU4: July | AV4: August | AW4: September | AX4: October | AY4: November | AZ4: December | BA4: January | BB4: February | BC4: March | BD4: April | BE4: May | BF4: June | BG4: July | BH4: August | BI4: September | BJ4: October | BK4: November | BL4: December | BN4: 2020-21 | BO4: 0 | BP4: 2020-21 | BR4: CY 2019 total | BS4: CY 2020 Total | BT4: CY 2021 Total | BU4: CY 2022 Total | BV4: CY 2023 Total | BZ4: CY 2020 Total | CA4: CY 2021 Total | CB4: CY 2022 Total
A5: R | B5: 2228356.8 | C5: 4322996.7 | D5: 6264470.8 | E5: 7791553.6 | F5: 8081722.8 | G5: 7226871.9 | H5: 5586925.6 | I5: 3467225 | J5: 2337983.1 | K5: 1981042.6 | L5: 1915559.3 | M5: 1912627.6 | N5: 2188463 | O5: 3751217.5 | P5: 5574170.9 | Q5: 7435211.4 | R5: 7424386.7 | S5: 6598419.6 | T5: 5122393.3 | U5: 3365302 | V5: 2231402.8 | W5: 1877569.1 | X5: 1874707.1 | Y5: 1870360.1 | Z5: 2260982.5 | AA5: 3935469.6 | AB5: 5871827.2 | AC5: 7752040.7 | AD5: 7757332.8 | AE5: 6760332.1 | AF5: 5448413.3 | AG5: 3572735 | AH5: 2351956.8 | AI5: 1967245.4 | AJ5: 1920318.2 | AK5: 1916478.7 | AL5: 2319292.9 | AM5: 3939698.8 | AN5: 5828709.8 | AO5: 8083541.7 | AP5: 8307063.9 | AQ5: 7177777.3 | AR5: 5775763.3 | AS5: 3895795 | AT5: 2451290.9 | AU5: 2016957.4 | AV5: 1986752.8 | AW5: 1990201.9 | AX5: 2882257.1 | AY5: 5083625 | AZ5: 7737000.2 | BA5: 9913097 | BB5: 10149183 | BC5: 8956681.7 | BD5: 7100910.5 | BE5: 4625841.2 | BF5: 2856166.7 | BG5: 2348335.7 | BH5: 2266599.1 | BI5: 2265809.3 | BJ5: 2900233.6 | BK5: 5005906.4 | BL5: 7602319.7 | BN5: 54410793 | BO5: 0 | BP5: 51534554 | BR5: 51815363 | BS5: 49868031 | BT5: 51534554 | BU5: 57388026 | BV5: 65991084 | BZ5: 49868031 | CA5: 51534554 | CB5: 54617864
A6: G1 | B6: 229394.64 | C6: 500908.44 | D6: 909074.24 | E6: 1356274.5 | F6: 1416753.8 | G6: 1224854 | H6: 825481.11 | I6: 389917.92 | J6: 220691.66 | K6: 184260.97 | L6: 178615.93 | M6: 180465.41 | N6: 229323.97 | O6: 494639.25 | P6: 864908.1 | Q6: 1278800 | R6: 1253340.3 | S6: 1049796.2 | T6: 731637.59 | U6: 381440.02 | V6: 212677.29 | W6: 180521.32 | X6: 177448.48 | Y6: 172910.04 | Z6: 237864.98 | AA6: 526037.75 | AB6: 923174.83 | AC6: 1290140.8 | AD6: 1289598.9 | AE6: 1055422.5 | AF6: 765328.9 | AG6: 399190.38 | AH6: 215035.41 | AI6: 187903.94 | AJ6: 186567.64 | AK6: 175228.42 | AL6: 238915.26 | AM6: 520957.65 | AN6: 903169.45 | AO6: 1366162 | AP6: 1381593.1 | AQ6: 1146017.5 | AR6: 806844.95 | AS6: 444139.04 | AT6: 219921.03 | AU6: 187982.37 | AV6: 185896.98 | AW6: 178533.87 | AX6: 298645.25 | AY6: 717812.23 | AZ6: 1311564.2 | BA6: 1780030.6 | BB6: 1850880.4 | BC6: 1554921.9 | BD6: 1044996.9 | BE6: 543494.13 | BF6: 249404.01 | BG6: 209212.43 | BH6: 206189.97 | BI6: 217456.71 | BJ6: 300711.67 | BK6: 704606.35 | BL6: 1277444.8 | BN6: 7432037.2 | BO6: 0 | BP6: 7227459.3 | BR6: 7566186.6 | BS6: 7125648.9 | BT6: 7227459.3 | BU6: 8245112.5 | BV6: 9939349.9 | BZ6: 7125648.9 | CA6: 7227459.3 | CB6: 7684740.7
A7: G2 | B7: 105729.74 | C7: 132340.29 | D7: 167540.33 | E7: 203204.14 | F7: 215885.94 | G7: 204729.63 | H7: 174204.87 | I7: 133383.8 | J7: 108478.97 | K7: 101608.42 | L7: 98109.302 | M7: 106061.22 | N7: 111898.31 | O7: 140479.76 | P7: 178459.98 | Q7: 212243.58 | R7: 213327.44 | S7: 196764.58 | T7: 170717.65 | U7: 135523.75 | V7: 110913.52 | W7: 100934.55 | X7: 103523.6 | Y7: 107747.56 | Z7: 115738.08 | AA7: 146626.09 | AB7: 187296.74 | AC7: 226713.67 | AD7: 232797.68 | AE7: 206483.78 | AF7: 184377.74 | AG7: 139850.7 | AH7: 112771.58 | AI7: 93860.074 | AJ7: 102502.76 | AK7: 108833.24 | AL7: 114371.02 | AM7: 144915.29 | AN7: 188080.58 | AO7: 241831.68 | AP7: 251003.28 | AQ7: 228763.95 | AR7: 170284.03 | AS7: 146609.89 | AT7: 107889.73 | AU7: 86106.721 | AV7: 101779.41 | AW7: 104555.17 | AX7: 132824.14 | AY7: 179594.31 | AZ7: 241491.2 | BA7: 302473.23 | BB7: 316969.44 | BC7: 295686.15 | BD7: 216929.24 | BE7: 178370.36 | BF7: 136099.23 | BG7: 106258 | BH7: 121975.19 | BI7: 140640.17 | BJ7: 135154.41 | BK7: 178062.54 | BL7: 239919.76 | BN7: 1908614.4 | BO7: 0 | BP7: 1855558.1 | BR7: 1776504.3 | BS7: 1801357.1 | BT7: 1855558.1 | BU7: 1992733.5 | BV7: 2368537.7 | BZ7: 1801357.1 | CA7: 1855558.1 | CB7: 1933180.6
A8: G3 | B8: 198977.53 | C8: 487209.72 | D8: 862927.51 | E8: 1261770 | F8: 1297702.1 | G8: 1109222.5 | H8: 762829.79 | I8: 355123.67 | J8: 162466.31 | K8: 118724.18 | L8: 109160.65 | M8: 125726.03 | N8: 178597.05 | O8: 436292.59 | P8: 745241.59 | Q8: 1059401.3 | R8: 1040535.6 | S8: 870311.3 | T8: 605967.54 | U8: 309471.68 | V8: 141059.28 | W8: 100239.55 | X8: 98195.556 | Y8: 99397.888 | Z8: 187277.16 | AA8: 466218.14 | AB8: 798624.24 | AC8: 1116936.3 | AD8: 1127695.8 | AE8: 915536.01 | AF8: 664502.39 | AG8: 332064.46 | AH8: 145251.95 | AI8: 101486.94 | AJ8: 100553.7 | AK8: 104426.63 | AL8: 190984.96 | AM8: 477200.85 | AN8: 803904.49 | AO8: 1241910.5 | AP8: 1278557.3 | AQ8: 1056096.9 | AR8: 756831.25 | AS8: 395065.71 | AT8: 158814.08 | AU8: 103902.45 | AV8: 104616.41 | AW8: 114704.48 | AX8: 286955.97 | AY8: 761938.08 | AZ8: 1326479.1 | BA8: 1754517.3 | BB8: 1798611.2 | BC8: 1510175.9 | BD8: 1077144.3 | BE8: 540774 | BF8: 214746.28 | BG8: 133103.74 | BH8: 135077.44 | BI8: 177158.69 | BJ8: 293253.03 | BK8: 753610.27 | BL8: 1308021.4 | BN8: 6653985.2 | BO8: 0 | BP8: 6080544.4 | BR8: 6662856.4 | BS8: 5776699.2 | BT8: 6080544.4 | BU8: 7585872.3 | BV8: 9696193.5 | BZ8: 5776699.2 | CA8: 6080544.4 | CB8: 6891075.7
A9: G4 | B9: 643290.31 | C9: 805387.15 | D9: 975285.87 | E9: 1156243.7 | F9: 1194717.3 | G9: 1132021.4 | H9: 970554.97 | I9: 749003.74 | J9: 624733.9 | K9: 572068.52 | L9: 560011.1 | M9: 628450.02 | N9: 605975.65 | O9: 775405.15 | P9: 921472.2 | Q9: 1108130.6 | R9: 1084132.5 | S9: 1021134.1 | T9: 888393.89 | U9: 729617.94 | V9: 601413.9 | W9: 532459.9 | X9: 551097.06 | Y9: 593986.28 | Z9: 642083.75 | AA9: 830501.02 | AB9: 986963.54 | AC9: 1166288.4 | AD9: 1157440.3 | AE9: 1072767.9 | AF9: 952608.9 | AG9: 764772.17 | AH9: 630324.2 | AI9: 523768.12 | AJ9: 581834.9 | AK9: 591953.77 | AL9: 634556.96 | AM9: 813943.27 | AN9: 983202.72 | AO9: 1296161 | AP9: 1295571.9 | AQ9: 1176892.5 | AR9: 1019139.7 | AS9: 837192.61 | AT9: 663624.48 | AU9: 530046.91 | AV9: 627519.2 | AW9: 666145.62 | AX9: 910545.68 | AY9: 1236466.4 | AZ9: 1498111.6 | BA9: 1743274.5 | BB9: 1757977.5 | BC9: 1602936.3 | BD9: 1418942.6 | BE9: 1099285.8 | BF9: 881456.62 | BG9: 727768.25 | BH9: 818010.84 | BI9: 910209.63 | BJ9: 914979.66 | BK9: 1202599.8 | BL9: 1456094.6 | BN9: 10870012 | BO9: 0 | BP9: 9873461.5 | BR9: 9890657.7 | BS9: 9569914.5 | BT9: 9873461.5 | BU9: 11757418 | BV9: 14533536 | BZ9: 9569914.5 | CA9: 9873461.5 | CB9: 11046937
A10: Firm Revenues | B10: 3405749 | C10: 6248842.3 | D10: 9179298.7 | E10: 11769046 | F10: 12206782 | G10: 10897699 | H10: 8319996.3 | I10: 5094654.2 | J10: 3454354 | K10: 2957704.7 | L10: 2861456.2 | M10: 2953330.3 | N10: 3314258 | O10: 5598034.2 | P10: 8284252.7 | Q10: 11093787 | R10: 11015723 | S10: 9736425.8 | T10: 7519110 | U10: 4921355.4 | V10: 3297466.8 | W10: 2791724.4 | X10: 2804971.8 | Y10: 2844401.9 | Z10: 3443946.4 | AA10: 5904852.6 | AB10: 8767886.5 | AC10: 11552120 | AD10: 11564865 | AE10: 10010542 | AF10: 8015231.3 | AG10: 5208612.7 | AH10: 3455340 | AI10: 2874264.5 | AJ10: 2891777.2 | AK10: 2896920.7 | AL10: 3498121.1 | AM10: 5896715.9 | AN10: 8707067 | AO10: 12229607 | AP10: 12513789 | AQ10: 10785548 | AR10: 8528863.3 | AS10: 5718802.2 | AT10: 3601540.2 | AU10: 2924995.8 | AV10: 3006564.8 | AW10: 3054141.1 | AX10: 4511228.2 | AY10: 7979436.1 | AZ10: 12114646 | BA10: 15493393 | BB10: 15873622 | BC10: 13920402 | BD10: 10858924 | BE10: 6987765.5 | BF10: 4337872.8 | BG10: 3524678.1 | BH10: 3547852.6 | BI10: 3711274.5 | BJ10: 4544332.4 | BK10: 7844785.4 | BL10: 11883800 | BN10: 81275441 | BO10: 0 | BP10: 76571578 | BR10: 77711568 | BS10: 74141651 | BT10: 76571578 | BU10: 86969162 | BV10: 1.025287e+08 | BZ10: 74141651 | CA10: 76571578 | CB10: 82173798
A11: Total Interruptible | B11: 1978922.5 | C11: 2440066.4 | D11: 2890888.9 | E11: 3237858 | F11: 2726486.4 | G11: 2676638.3 | H11: 1581482.3 | I11: 1450962.8 | J11: 1487478.9 | K11: 1440975.9 | L11: 1521973.7 | M11: 1597565.4 | N11: 1700708 | O11: 2515863.4 | P11: 3031365.8 | Q11: 3103875.5 | R11: 2504513.4 | S11: 2461932.4 | T11: 1819535.5 | U11: 1301664.3 | V11: 1428772.5 | W11: 1442419.3 | X11: 1489045.6 | Y11: 1519428.3 | Z11: 1700151.2 | AA11: 2512252.1 | AB11: 3083452.3 | AC11: 3511815.1 | AD11: 3353357.6 | AE11: 2958824.9 | AF11: 1822004.1 | AG11: 1408439.4 | AH11: 1608214.4 | AI11: 1648739.6 | AJ11: 1639618.8 | AK11: 1579630.4 | AL11: 1656449.6 | AM11: 2268636.5 | AN11: 3404902.4 | AO11: 3451884.6 | AP11: 3167492.3 | AQ11: 2747240.2 | AR11: 1653040.4 | AS11: 1347277.1 | AT11: 1509331.9 | AU11: 1562658.2 | AV11: 1540449.3 | AW11: 1534404.1 | AX11: 4796081.4 | AY11: 6099112.8 | AZ11: 6663089.7 | BA11: 7269456.2 | BB11: 6326495.1 | BC11: 5415724.3 | BD11: 3223575.9 | BE11: 2747119.2 | BF11: 2759273 | BG11: 2765424.5 | BH11: 3147423.4 | BI11: 2665829.7 | BJ11: 3136093.6 | BK11: 4006774 | BL11: 4557760.3 | BN11: 26860633 | BO11: 0 | BP11: 26860633 | BR11: 24969359 | BS11: 24367043 | BT11: 26860633 | BU11: 36072062 | BV11: 48020949 | BZ11: 24367043 | CA11: 26860633 | CB11: 25491479
A12: Less Exempt Interruptible Customers | B12: 963197.6 | C12: 1278193.7 | D12: 1570295.7 | E12: 1841910.7 | F12: 1484261.2 | G12: 1386459.1 | H12: 724830.23 | I12: 658454.3 | J12: 687409.81 | K12: 629519.57 | L12: 687435.45 | M12: 737447.9 | N12: 852974.58 | O12: 1544355.4 | P12: 1882543.6 | Q12: 1782838.7 | R12: 1377960.4 | S12: 1358933 | T12: 992012.11 | U12: 557729.38 | V12: 729552.24 | W12: 678260.89 | X12: 718461.58 | Y12: 779509.4 | Z12: 853660.02 | AA12: 1528480 | AB12: 1887309.6 | AC12: 2073200.9 | AD12: 2033817.2 | AE12: 1684304.1 | AF12: 846951.99 | AG12: 562290.12 | AH12: 774335.09 | AI12: 800008.21 | AJ12: 788812.01 | AK12: 807299.53 | AL12: 817011.29 | AM12: 1187623.2 | AN12: 2090546.1 | AO12: 1386845.8 | AP12: 1236339 | AQ12: 1157529.7 | AR12: 849907.54 | AS12: 793506.69 | AT12: 782834.6 | AU12: 808107.24 | AV12: 796318.7 | AW12: 766898.31 | AX12: 2702942.7 | AY12: 3398235.3 | AZ12: 3932541.2 | BA12: 4216248.5 | BB12: 3763512.4 | BC12: 3082654.9 | BD12: 1756910.1 | BE12: 1509565.6 | BF12: 1351868.4 | BG12: 1481402.4 | BH12: 1564254.6 | BI12: 1530672.7 | BJ12: 1765119 | BK12: 2249535.6 | BL12: 2743405.3 | BN12: 14466200 | BO12: 0 | BP12: 0 | BR12: 13117602 | BS12: 13244707 | BT12: 14466200 | BU12: 18612007 | BV12: 27015150 | BZ12: 13244707 | CA12: 14466200 | CB12: 11656798
A13: Net Interruptibles | B13: 1015724.9 | C13: 1161872.7 | D13: 1320593.2 | E13: 1395947.3 | F13: 1242225.3 | G13: 1290179.2 | H13: 856652.07 | I13: 792508.54 | J13: 800069.05 | K13: 811456.34 | L13: 834538.27 | M13: 860117.47 | N13: 847733.4 | O13: 971507.95 | P13: 1148822.2 | Q13: 1321036.8 | R13: 1126553 | S13: 1102999.5 | T13: 827523.42 | U13: 743934.96 | V13: 699220.28 | W13: 764158.45 | X13: 770583.97 | Y13: 739918.95 | Z13: 846491.15 | AA13: 983772.16 | AB13: 1196142.7 | AC13: 1438614.2 | AD13: 1319540.4 | AE13: 1274520.8 | AF13: 975052.07 | AG13: 846149.27 | AH13: 833879.32 | AI13: 848731.34 | AJ13: 850806.77 | AK13: 772330.88 | AL13: 839438.32 | AM13: 1081013.3 | AN13: 1314356.3 | AO13: 2065038.7 | AP13: 1931153.3 | AQ13: 1589710.5 | AR13: 803132.87 | AS13: 553770.39 | AT13: 726497.31 | AU13: 754550.92 | AV13: 744130.6 | AW13: 767505.83 | AX13: 2093138.7 | AY13: 2700877.6 | AZ13: 2730548.6 | BA13: 3053207.7 | BB13: 2562982.7 | BC13: 2333069.3 | BD13: 1466665.7 | BE13: 1237553.6 | BF13: 1407404.6 | BG13: 1284022.1 | BH13: 1583168.7 | BI13: 1135157 | BJ13: 1370974.6 | BK13: 1757238.3 | BL13: 1814355 | BN13: 12394433 | BO13: 0 | BP13: 26860633 | BR13: 11851757 | BS13: 11122335 | BT13: 12394433 | BU13: 17460055 | BV13: 21005800 | BZ13: 11122335 | CA13: 12394433 | CB13: 13834681
A14: SUB-TOTAL: Firm + Interruptible | B14: 4421473.9 | C14: 7410715 | D14: 10499892 | E14: 13164993 | F14: 13449007 | G14: 12187878 | H14: 9176648.4 | I14: 5887162.7 | J14: 4254423 | K14: 3769161 | L14: 3695994.5 | M14: 3813447.7 | N14: 4161991.4 | O14: 6569542.2 | P14: 9433074.9 | Q14: 12414824 | R14: 12142276 | S14: 10839425 | T14: 8346633.4 | U14: 5665290.3 | V14: 3996687.1 | W14: 3555882.9 | X14: 3575555.7 | Y14: 3584320.8 | Z14: 4290437.6 | AA14: 6888624.7 | AB14: 9964029.3 | AC14: 12990734 | AD14: 12884406 | AE14: 11285063 | AF14: 8990283.3 | AG14: 6054761.9 | AH14: 4289219.3 | AI14: 3722995.8 | AJ14: 3742583.9 | AK14: 3669251.6 | AL14: 4337559.5 | AM14: 6977729.2 | AN14: 10021423 | AO14: 14294646 | AP14: 14444943 | AQ14: 12375259 | AR14: 9331996.1 | AS14: 6272572.6 | AT14: 4328037.5 | AU14: 3679546.7 | AV14: 3750695.4 | AW14: 3821646.9 | AX14: 6604366.8 | AY14: 10680314 | AZ14: 14845195 | BA14: 18546600 | BB14: 18436605 | BC14: 16253471 | BD14: 12325589 | BE14: 8225319.1 | BF14: 5745277.4 | BG14: 4808700.2 | BH14: 5131021.3 | BI14: 4846431.5 | BJ14: 5915307.1 | BK14: 9602023.7 | BL14: 13698155 | BN14: 93669874 | BO14: 0 | BP14: 1.0343221e+08 | BR14: 89563325 | BS14: 85263986 | BT14: 88966011 | BU14: 1.0442922e+08 | BV14: 1.235345e+08 | BZ14: 85263986 | CA14: 88966011 | CB14: 96008479
CB16: 0 | CE16: #REF! | CF16: #REF! | CG16: #REF! | CH16: #REF!
CB17: 4033258 | CE17: #REF! | CF17: #REF! | CG17: #REF! | CH17: #REF!
B18: 2018 | C18: 2018 | D18: 2018 | E18: 2019 | F18: 2019 | G18: 2019 | H18: 2019 | I18: 2019 | J18: 2019 | K18: 2019 | L18: 2019 | M18: 2019 | N18: 2019 | O18: 2019 | P18: 2019 | Q18: 2020 | R18: 2020 | S18: 2020 | T18: 2020 | U18: 2020 | V18: 2020 | W18: 2020 | X18: 2020 | Y18: 2020 | Z18: 2020 | AA18: 2020 | AB18: 2020 | AC18: 2021 | AD18: 2021 | AE18: 2021 | AF18: 2021 | AG18: 2021 | AH18: 2021 | AI18: 2021 | AJ18: 2021 | AK18: 2021 | AL18: 2021 | AM18: 2021 | AN18: 2021 | AO18: 2022 | AP18: 2022 | AQ18: 2022 | AR18: 2022 | AS18: 2022 | AT18: 2022 | AU18: 2022 | AV18: 2022 | AW18: 2022 | AX18: 2022 | AY18: 2022 | AZ18: 2022 | BA18: 2023 | BB18: 2023 | BC18: 2023 | BD18: 2023 | BE18: 2023 | BF18: 2023 | BG18: 2023 | BH18: 2023 | BI18: 2023 | BJ18: 2023 | BK18: 2023 | BL18: 2023 | BN18: 0 | BO18: 0 | BP18: Oct-Sep | BR18: Projected | BS18: Projected | BT18: Projected | BU18: Projected | BV18: Projected | BW18: Projected Ccf | BZ18: Projected | CA18: Projected | CB18: Projected | CC18: Projected Ccf | CE18: #REF! | CF18: #REF! | CG18: #REF! | CH18: #REF!
A19: MCF SALES | B19: October | C19: November | D19: December | E19: January | F19: February | G19: March | H19: April | I19: May | J19: June | K19: July | L19: August | M19: September | N19: October | O19: November | P19: December | Q19: January | R19: February | S19: March | T19: April | U19: May | V19: June | W19: July | X19: August | Y19: September | Z19: October | AA19: November | AB19: December | AC19: January | AD19: February | AE19: March | AF19: April | AG19: May | AH19: June | AI19: July | AJ19: August | AK19: September | AL19: October | AM19: November | AN19: December | AO19: January | AP19: February | AQ19: March | AR19: April | AS19: May | AT19: June | AU19: July | AV19: August | AW19: September | AX19: October | AY19: November | AZ19: December | BA19: January | BB19: February | BC19: March | BD19: April | BE19: May | BF19: June | BG19: July | BH19: August | BI19: September | BJ19: October | BK19: November | BL19: December | BN19: 2020-21 | BO19: 0 | BP19: 2020-21 | BR19: CY 2019 total | BS19: CY 2020 Total | BT19: CY 2021 Total | BU19: CY 2022 Total | BV19: CY 2023 Total | BW19: CY 2023 Total | BZ19: CY 2020 Total | CA19: CY 2021 Total | CB19: CY 2022 Total | CC19: CY 2023 Total | CE19: #REF! | CF19: #REF! | CG19: #REF! | CH19: #REF! | CJ19: #REF!
A20: R | B20: 120518 | C20: 318873 | D20: 501814 | E20: 648588 | F20: 688125 | G20: 595590 | H20: 440533 | I20: 235062 | J20: 129046 | K20: 91814 | L20: 85498 | M20: 88346 | N20: 121157 | O20: 289124 | P20: 478014 | Q20: 675005 | R20: 695640 | S20: 595377 | T20: 440088 | U20: 242313 | V20: 127060 | W20: 86961 | X20: 83913 | Y20: 86816 | Z20: 122429 | AA20: 292554 | AB20: 483830 | AC20: 693189 | AD20: 705211 | AE20: 588941 | AF20: 455229 | AG20: 255006 | AH20: 131517 | AI20: 88127 | AJ20: 83422 | AK20: 86711 | AL20: 125799 | AM20: 298335 | AN20: 491858 | AO20: 680660 | AP20: 713399 | AQ20: 591429 | AR20: 457416 | AS20: 269414 | AT20: 131742 | AU20: 85991 | AV20: 83144 | AW20: 89250.25 | AX20: 135372.25 | AY20: 299385.25 | AZ20: 496055.25 | BA20: 657433 | BB20: 686958 | BC20: 587956 | BD20: 450410 | BE20: 265467 | BF20: 132172 | BG20: 90400 | BH20: 84558 | BI20: 87307 | BJ20: 133139 | BK20: 297297 | BL20: 494324 | BN20: 4003392 | BO20: 0 | BP20: 4003345 | BR20: 3890897 | BS20: 3931986 | BT20: 4003345 | BU20: 4033258 | BV20: 3967421 | BW20: 39674210 | BX20: 29913 | BZ20: 3931986 | CA20: 4003345 | CB20: 4033258 | CC20: 3967421 | CD20: R | CE20: #REF! | CF20: #REF! | CG20: #REF! | CH20: #REF! | CI20: #REF! | CJ20: #REF! | CK20: #REF! | CL20: #REF!
A21: G1 | B21: 9190 | C21: 36622 | D21: 78086 | E21: 124169 | F21: 132361 | G21: 110930 | H21: 70068 | I21: 24864 | J21: 7939 | K21: 3801 | L21: 3270 | M21: 3945 | N21: 9666 | O21: 40600 | P21: 82987 | Q21: 131097 | R21: 132473 | S21: 106478 | T21: 69218 | U21: 26415 | V21: 7772 | W21: 3693 | X21: 3268 | Y21: 3270 | Z21: 9762 | AA21: 41233 | AB21: 83997 | AC21: 131597 | AD21: 133294 | AE21: 104194 | AF21: 71000 | AG21: 27878 | AH21: 7339 | AI21: 3816 | AJ21: 3747 | AK21: 3227 | AL21: 10046 | AM21: 42960 | AN21: 86667 | AO21: 129206 | AP21: 132483 | AQ21: 105594 | AR21: 69844 | AS21: 30568 | AT21: 7345 | AU21: 3616 | AV21: 3464 | AW21: 3421 | AX21: 11131 | AY21: 43730 | AZ21: 84842 | BA21: 128054 | BB21: 131290 | BC21: 104609 | BD21: 69390 | BE21: 30171 | BF21: 7261 | BG21: 3580 | BH21: 3426 | BI21: 3382 | BJ21: 10965 | BK21: 43026 | BL21: 83617 | BN21: 593761 | BO21: 0 | BP21: 625765 | BR21: 614600 | BS21: 618676 | BT21: 625765 | BU21: 625244 | BV21: 618771 | BW21: 6187710 | BX21: -521 | BZ21: 618676 | CA21: 625765 | CB21: 625244 | CC21: 618771 | CD21: RLI | CE21: #REF! | CF21: #REF! | CG21: #REF! | CH21: #REF! | CI21: #REF! | CJ21: #REF! | CK21: #REF! | CL21: #REF!
A22: G2 | B22: 9815 | C22: 13190 | D22: 17658 | E22: 22342 | F22: 24510 | G22: 22609 | H22: 18720 | I22: 13342 | J22: 10188 | K22: 9134 | L22: 8658 | M22: 9886 | N22: 11080 | O22: 15437 | P22: 20839 | Q22: 25809 | R22: 27001 | S22: 23989 | T22: 20264 | U22: 14436 | V22: 11023 | W22: 9399 | X22: 9389 | Y22: 10159 | Z22: 11100 | AA22: 15408 | AB22: 20878 | AC22: 27333 | AD22: 28789 | AE22: 24365 | AF22: 21313 | AG22: 14612 | AH22: 10863 | AI22: 7922 | AJ22: 9190 | AK22: 10035 | AL22: 10914 | AM22: 15540 | AN22: 21665 | AO22: 27122 | AP22: 28901 | AQ22: 25339 | AR22: 17596 | AS22: 14223 | AT22: 9190 | AU22: 6086 | AV22: 8217 | AW22: 8527 | AX22: 11022 | AY22: 16296 | AZ22: 22299 | BA22: 28125 | BB22: 29826 | BC22: 26157 | BD22: 18241 | BE22: 14745 | BF22: 9526 | BG22: 6314 | BH22: 8518 | BI22: 8825 | BJ22: 11411 | BK22: 16871 | BL22: 23067 | BN22: 192343 | BO22: 0 | BP22: 202541 | BR22: 186745 | BS22: 198855 | BT22: 202541 | BU22: 194818 | BV22: 201626 | BW22: 2016260 | BX22: -7723 | BZ22: 198855 | CA22: 202541 | CB22: 194818 | CC22: 201626 | CD22: G1 | CE22: #REF! | CF22: #REF! | CG22: #REF! | CH22: #REF! | CI22: #REF! | CJ22: #REF! | CK22: #REF! | CL22: #REF!
A23: G3 | B23: 16909 | C23: 51067 | D23: 95473 | E23: 142875 | F23: 148401 | G23: 125185 | H23: 84050 | I23: 35575 | J23: 12526 | K23: 6980 | L23: 5818 | M23: 8095 | N23: 16626 | O23: 51976 | P23: 93797 | Q23: 136611 | R23: 137902 | S23: 113365 | T23: 76751 | U23: 34044 | V23: 11564 | W23: 5804 | X23: 5229 | Y23: 5638 | Z23: 16718 | AA23: 52164 | AB23: 94125 | AC23: 144506 | AD23: 146807 | AE23: 116900 | AF23: 82832 | AG23: 36908 | AH23: 11614 | AI23: 5403 | AJ23: 5275 | AK23: 6197 | AL23: 17661 | AM23: 57126 | AN23: 101572 | AO23: 146652 | AP23: 151996 | AQ23: 123489 | AR23: 86522 | AS23: 41149 | AT23: 12005 | AU23: 4978 | AV23: 5067 | AW23: 6627 | AX23: 20117 | AY23: 60532 | AZ23: 104843 | BA23: 145193 | BB23: 150486 | BC23: 122181 | BD23: 85571 | BE23: 40703 | BF23: 11844 | BG23: 4890 | BH23: 4965 | BI23: 6502 | BJ23: 19781 | BK23: 59501 | BL23: 102891 | BN23: 732797 | BO23: 0 | BP23: 732801 | BR23: 731904 | BS23: 689915 | BT23: 732801 | BU23: 763977 | BV23: 754508 | BW23: 7545080 | BX23: 31176 | BZ23: 689915 | CA23: 732801 | CB23: 763977 | CC23: 754508 | CD23: G2 | CE23: #REF! | CF23: #REF! | CG23: #REF! | CH23: #REF! | CI23: #REF! | CJ23: #REF! | CK23: #REF! | CL23: #REF!
A24: G4 | B24: 87642 | C24: 111387 | D24: 136446 | E24: 163453 | F24: 170671 | G24: 160357 | H24: 136474 | I24: 104211 | J24: 85726 | K24: 77394 | L24: 75324 | M24: 85981 | N24: 92234 | O24: 121353 | P24: 145820 | Q24: 177539 | R24: 178314 | S24: 166268 | T24: 143563 | U24: 112293 | V24: 91074 | W24: 79101 | X24: 78408 | Y24: 85668 | Z24: 93062 | AA24: 122131 | AB24: 146660 | AC24: 187150 | AD24: 186764 | AE24: 171175 | AF24: 151038 | AG24: 118570 | AH24: 96080 | AI24: 77521 | AJ24: 87384 | AK24: 89390 | AL24: 96591 | AM24: 127548 | AN24: 155960 | AO24: 190948 | AP24: 191901 | AQ24: 172348 | AR24: 148108 | AS24: 119427 | AT24: 92742 | AU24: 71597 | AV24: 81769 | AW24: 87668 | AX24: 100901 | AY24: 135168 | AZ24: 161861 | BA24: 193913 | BB24: 194846 | BC24: 175041 | BD24: 150496 | BE24: 121459 | BF24: 94375 | BG24: 72982 | BH24: 83265 | BI24: 89215 | BJ24: 102615 | BK24: 137015 | BL24: 164035 | BN24: 1545332 | BO24: 0 | BP24: 1545171 | BR24: 1418998 | BS24: 1474081 | BT24: 1545171 | BU24: 1554438 | BV24: 1579257 | BW24: 15792570 | BX24: 9267 | BZ24: 1474081 | CA24: 1545171 | CB24: 1554438 | CC24: 1579257 | CD24: G3 | CE24: #REF! | CF24: #REF! | CG24: #REF! | CH24: #REF! | CI24: #REF! | CJ24: #REF! | CK24: #REF! | CL24: #REF!
A25: Total Firm | B25: 244074 | C25: 531139 | D25: 829477 | E25: 1101427 | F25: 1164068 | G25: 1014671 | H25: 749845 | I25: 413054 | J25: 245425 | K25: 189123 | L25: 178568 | M25: 196253 | N25: 250763 | O25: 518490 | P25: 821457 | Q25: 1146061 | R25: 1171330 | S25: 1005477 | T25: 749884 | U25: 429501 | V25: 248493 | W25: 184958 | X25: 180207 | Y25: 191551 | Z25: 253071 | AA25: 523490 | AB25: 829490 | AC25: 1183775 | AD25: 1200865 | AE25: 1005575 | AF25: 781412 | AG25: 452974 | AH25: 257413 | AI25: 182789 | AJ25: 189018 | AK25: 195560 | AL25: 261011 | AM25: 541509 | AN25: 857722 | AO25: 1174588 | AP25: 1218680 | AQ25: 1018199 | AR25: 779486 | AS25: 474781 | AT25: 253024 | AU25: 172268 | AV25: 181661 | AW25: 195493.25 | AX25: 278543.25 | AY25: 555111.25 | AZ25: 869900.25 | BA25: 1152718 | BB25: 1193406 | BC25: 1015944 | BD25: 774108 | BE25: 472545 | BF25: 255178 | BG25: 178166 | BH25: 184732 | BI25: 195231 | BJ25: 277911 | BK25: 553710 | BL25: 867934 | BN25: 7067625 | BO25: 0 | BP25: 7109623 | BR25: 6843144 | BS25: 6913513 | BT25: 7109623 | BU25: 7171735 | BV25: 7121583 | BW25: 71215830 | BX25: 62112 | BZ25: 6913513 | CA25: 7109623 | CB25: 7171735 | CC25: 7121583 | CD25: G4 | CE25: #REF! | CF25: #REF! | CG25: #REF! | CH25: #REF! | CI25: #REF! | CJ25: #REF! | CK25: #REF! | CL25: #REF!
A26: Interuptible Sales | B26: 476924 | C26: 561831 | D26: 622645 | E26: 690420 | F26: 581872 | G26: 581569 | H26: 406794 | I26: 380665 | J26: 398603 | K26: 379282 | L26: 404222 | M26: 426467 | N26: 510113 | O26: 684692 | P26: 754364 | Q26: 754724 | R26: 609943 | S26: 612894 | T26: 548714 | U26: 378130 | V26: 432003 | W26: 429007 | X26: 444910 | Y26: 459197 | Z26: 510805 | AA26: 684279 | AB26: 756810 | AC26: 774990 | AD26: 716045 | AE26: 651653 | AF26: 470251 | AG26: 361805 | AH26: 427391 | AI26: 434369 | AJ26: 430210 | AK26: 418538 | AL26: 497889 | AM26: 554633 | AN26: 756049 | AO26: 767124 | AP26: 713333 | AQ26: 641265 | AR26: 453945 | AS26: 368257 | AT26: 428037 | AU26: 439116 | AV26: 430992 | AW26: 438597.5 | AX26: 508899.5 | AY26: 615780.5 | AZ26: 659221.5 | BA26: 717950 | BB26: 651666 | BC26: 644028 | BD26: 516620 | BE26: 453520 | BF26: 446117 | BG26: 448215 | BH26: 506205 | BI26: 435049 | BJ26: 502489 | BK26: 609370 | BL26: 652811 | BN26: 6493823 | BO26: 6493823 | BP26: 6493823 | BR26: 6199063 | BS26: 6621416 | BT26: 6493823 | BU26: 6464568 | BV26: 6584040 | BW26: 65840400 | BX26: -29255 | BZ26: 6621416 | CA26: 6493823 | CB26: 6464568 | CC26: 6584040 | CD26: In | CE26: #REF! | CF26: #REF! | CG26: #REF! | CH26: #REF! | CI26: #REF! | CJ26: #REF! | CK26: #REF! | CL26: #REF!
A27: Less Exempt Interruptible Customers | B27: 248124 | C27: 315351 | D27: 347396 | E27: 401100 | F27: 325915 | G27: 309344 | H27: 198314 | I27: 188237 | J27: 201971 | K27: 181150 | L27: 200365 | M27: 216402 | N27: 281181 | O27: 445826 | P27: 480525 | Q27: 444539 | R27: 345279 | S27: 348604 | T27: 324973 | U27: 174330 | V27: 241778 | W27: 221735 | X27: 235637 | Y27: 257720 | Z27: 281181 | AA27: 445826 | AB27: 480525 | AC27: 474430 | AD27: 449292 | AE27: 384187 | AF27: 236883 | AG27: 155845 | AH27: 225716 | AI27: 231535 | AJ27: 227242 | AK27: 233671 | AL27: 270473 | AM27: 311694 | AN27: 480960 | AO27: 472447 | AP27: 447793 | AQ27: 382163 | AR27: 235076 | AS27: 160462 | AT27: 224095 | AU27: 230988 | AV27: 226695 | AW27: 234573 | AX27: 296307 | AY27: 358025 | AZ27: 401833 | BA27: 438253 | BB27: 405930 | BC27: 381861 | BD27: 296035 | BE27: 261161 | BF27: 231707 | BG27: 252597 | BH27: 267337 | BI27: 261875 | BJ27: 296307 | BK27: 358025 | BL27: 401833 | BN27: 3681928 | BO27: 3681928 | BP27: 3681928 | BR27: 3430330 | BS27: 3802127 | BT27: 3681928 | BU27: 3670457 | BV27: 3852921 | BW27: 38529210 | BX27: -11471 | BZ27: 3802127 | CA27: 3681928 | CB27: 3670457 | CC27: 3852921
A28: Net Interruptible | B28: 228800 | C28: 246480 | D28: 275249 | E28: 289320 | F28: 255957 | G28: 272225 | H28: 208480 | I28: 192428 | J28: 196632 | K28: 198132 | L28: 203857 | M28: 210065 | N28: 228932 | O28: 238866 | P28: 273839 | Q28: 310185 | R28: 264664 | S28: 264290 | T28: 223741 | U28: 203800 | V28: 190225 | W28: 207272 | X28: 209273 | Y28: 201477 | Z28: 229624 | AA28: 238453 | AB28: 276285 | AC28: 300560 | AD28: 266753 | AE28: 267466 | AF28: 233368 | AG28: 205960 | AH28: 201675 | AI28: 202834 | AJ28: 202968 | AK28: 184867 | AL28: 227416 | AM28: 242939 | AN28: 275089 | AO28: 294677 | AP28: 265540 | AQ28: 259102 | AR28: 218869 | AS28: 207795 | AT28: 203942 | AU28: 208128 | AV28: 204297 | AW28: 204024.5 | AX28: 212592.5 | AY28: 257755.5 | AZ28: 257388.5 | BA28: 279697 | BB28: 245736 | BC28: 262167 | BD28: 220585 | BE28: 192359 | BF28: 214410 | BG28: 195618 | BH28: 238868 | BI28: 173174 | BJ28: 206182 | BK28: 251345 | BL28: 250978 | BN28: 2811895 | BO28: 2811895 | BP28: 2811895 | BR28: 2768733 | BS28: 2819289 | BT28: 2811895 | BU28: 2794111 | BV28: 2731119 | BW28: 27311190 | BX28: -17784 | BZ28: 2819289 | CA28: 2811895 | CB28: 2794111 | CC28: 2731119
A29: Total Mcf Sales | B29: 472874 | C29: 777619 | D29: 1104726 | E29: 1390747 | F29: 1420025 | G29: 1286896 | H29: 958325 | I29: 605482 | J29: 442057 | K29: 387255 | L29: 382425 | M29: 406318 | N29: 479695 | O29: 757356 | P29: 1095296 | Q29: 1456246 | R29: 1435994 | S29: 1269767 | T29: 973625 | U29: 633301 | V29: 438718 | W29: 392230 | X29: 389480 | Y29: 393028 | Z29: 482695 | AA29: 761943 | AB29: 1105775 | AC29: 1484335 | AD29: 1467618 | AE29: 1273041 | AF29: 1014780 | AG29: 658934 | AH29: 459088 | AI29: 385623 | AJ29: 391986 | AK29: 380427 | AL29: 488427 | AM29: 784448 | AN29: 1132811 | AO29: 1469265 | AP29: 1484220 | AQ29: 1277301 | AR29: 998355 | AS29: 682576 | AT29: 456966 | AU29: 380396 | AV29: 385958 | AW29: 399517.75 | AX29: 491135.75 | AY29: 812866.75 | AZ29: 1127288.8 | BA29: 1432415 | BB29: 1439142 | BC29: 1278111 | BD29: 994693 | BE29: 664904 | BF29: 469588 | BG29: 373784 | BH29: 423600 | BI29: 368405 | BJ29: 484093 | BK29: 805055 | BL29: 1118912 | BN29: 9879520 | BO29: 2811895 | BP29: 9921518 | BR29: 9611877 | BS29: 9732802 | BT29: 9921518 | BU29: 9965846 | BV29: 9852702 | BW29: 98527020 | BX29: 44328 | BZ29: 9732802 | CA29: 9921518 | CB29: 9965846 | CC29: 9852702
CJ30: 1886899 | CK30: 1975963
N31: 2019 | CB31: 2794111 | CC31: 0 | CJ31: 74907 | CK31: 77832
A32: Number of Customers | N32: October | BR32: avg | BS32: avg | BT32: avg | BU32: avg | BV32: avg | BZ32: avg | CA32: avg | CB32: avg | CJ32: 1961806 | CK32: 2053795
A33: R | B33: 45831 | C33: 46471 | D33: 46838 | E33: 46977 | F33: 47038 | G33: 47078 | H33: 47071 | I33: 46919 | J33: 46567 | K33: 46175 | L33: 46053 | M33: 46109 | N33: 46469 | O33: 47037 | P33: 47365 | Q33: 47508 | R33: 47557 | S33: 47610 | T33: 47614 | U33: 47493 | V33: 47164 | W33: 46806 | X33: 46717 | Y33: 46767 | Z33: 47090 | AA33: 47658 | AB33: 47985 | AC33: 48293 | AD33: 48343 | AE33: 48399 | AF33: 48407 | AG33: 48278 | AH33: 48004 | AI33: 47687 | AJ33: 47600 | AK33: 47647 | AL33: 47381 | AM33: 47864 | AN33: 48156 | AO33: 48685 | AP33: 48749 | AQ33: 48818 | AR33: 48829 | AS33: 48736 | AT33: 48516 | AU33: 48292 | AV33: 48241 | AW33: 48308 | AX33: 48512 | AY33: 48858 | AZ33: 49025 | BA33: 49136 | BB33: 49191 | BC33: 49242 | BD33: 49255 | BE33: 49184 | BF33: 49026 | BG33: 48840 | BH33: 48794 | BI33: 48865 | BJ33: 49074 | BK33: 49416 | BL33: 49580 | BN33: 48004.917 | BO33: 0 | BP33: 48004.917 | BR33: 46738.167 | BS33: 47330.75 | BT33: 48004.917 | BU33: 48630.75 | BV33: 49133.583 | BZ33: 47330.75 | CA33: 48004.917 | CB33: 48652.667
A34: G1 | B34: 3927 | C34: 4052 | D34: 4099 | E34: 4124 | F34: 4132 | G34: 4133 | H34: 4133 | I34: 4095 | J34: 4016 | K34: 3968 | L34: 3950 | M34: 3954 | N34: 3925 | O34: 4054 | P34: 4101 | Q34: 4132 | R34: 4141 | S34: 4143 | T34: 4146 | U34: 4112 | V34: 4033 | W34: 3985 | X34: 3967 | Y34: 3973 | Z34: 4016 | AA34: 4144 | AB34: 4190 | AC34: 4099 | AD34: 4111 | AE34: 4112 | AF34: 4113 | AG34: 4083 | AH34: 4012 | AI34: 3962 | AJ34: 3943 | AK34: 3893 | AL34: 3899 | AM34: 4016 | AN34: 4066 | AO34: 4070 | AP34: 4077 | AQ34: 4080 | AR34: 4077 | AS34: 4051 | AT34: 3993 | AU34: 3938 | AV34: 3921 | AW34: 3868 | AX34: 4039 | AY34: 4124 | AZ34: 4171 | BA34: 4190 | BB34: 4199 | BC34: 4212 | BD34: 4208 | BE34: 4179 | BF34: 4137 | BG34: 4084 | BH34: 4070 | BI34: 4048 | BJ34: 4084 | BK34: 4160 | BL34: 4199 | BN34: 4025.75 | BO34: 0 | BP34: 4025.75 | BR34: 4048.75 | BS34: 4081.8333 | BT34: 4025.75 | BU34: 4034.0833 | BV34: 4147.5 | BZ34: 4081.8333 | CA34: 4025.75 | CB34: 4001.9167
A35: G2 | B35: 883 | C35: 887 | D35: 891 | E35: 892 | F35: 892 | G35: 893 | H35: 894 | I35: 894 | J35: 889 | K35: 888 | L35: 885 | M35: 879 | N35: 983 | O35: 988 | P35: 991 | Q35: 992 | R35: 992 | S35: 990 | T35: 989 | U35: 990 | V35: 987 | W35: 985 | X35: 984 | Y35: 982 | Z35: 985 | AA35: 990 | AB35: 993 | AC35: 1032 | AD35: 1034 | AE35: 1032 | AF35: 1032 | AG35: 1028 | AH35: 1022 | AI35: 1018 | AJ35: 1018 | AK35: 1067 | AL35: 1021 | AM35: 1029 | AN35: 1032 | AO35: 1069 | AP35: 1072 | AQ35: 1071 | AR35: 1070 | AS35: 1066 | AT35: 1059 | AU35: 1053 | AV35: 1052 | AW35: 1100 | AX35: 1044 | AY35: 1052 | AZ35: 1053 | BA35: 1055 | BB35: 1057 | BC35: 1058 | BD35: 1057 | BE35: 1055 | BF35: 1047 | BG35: 1042 | BH35: 1042 | BI35: 1061 | BJ35: 1062 | BK35: 1070 | BL35: 1071 | BN35: 1030.4167 | BO35: 0 | BP35: 1030.4167 | BR35: 914 | BS35: 988.25 | BT35: 1030.4167 | BU35: 1063.4167 | BV35: 1056.4167 | BZ35: 988.25 | CA35: 1030.4167 | CB35: 1077.5
A36: G3 | B36: 500 | C36: 504 | D36: 509 | E36: 513 | F36: 513 | G36: 513 | H36: 513 | I36: 514 | J36: 512 | K36: 513 | L36: 512 | M36: 509 | N36: 476 | O36: 478 | P36: 481 | Q36: 482 | R36: 483 | S36: 484 | T36: 484 | U36: 487 | V36: 483 | W36: 482 | X36: 484 | Y36: 483 | Z36: 483 | AA36: 484 | AB36: 487 | AC36: 507 | AD36: 508 | AE36: 506 | AF36: 501 | AG36: 504 | AH36: 501 | AI36: 497 | AJ36: 497 | AK36: 490 | AL36: 498 | AM36: 502 | AN36: 507 | AO36: 524 | AP36: 525 | AQ36: 524 | AR36: 519 | AS36: 520 | AT36: 517 | AU36: 512 | AV36: 512 | AW36: 509 | AX36: 526 | AY36: 530 | AZ36: 533 | BA36: 537 | BB36: 537 | BC36: 537 | BD36: 533 | BE36: 534 | BF36: 533 | BG36: 526 | BH36: 525 | BI36: 535 | BJ36: 542 | BK36: 545 | BL36: 547 | BN36: 501.5 | BO36: 0 | BP36: 501.5 | BR36: 503.91667 | BS36: 483.83333 | BT36: 501.5 | BU36: 520.91667 | BV36: 535.91667 | BZ36: 483.83333 | CA36: 501.5 | CB36: 518.33333
A37: G4 | B37: 515 | C37: 517 | D37: 518 | E37: 519 | F37: 521 | G37: 522 | H37: 521 | I37: 524 | J37: 520 | K37: 522 | L37: 522 | M37: 522 | N37: 534 | O37: 536 | P37: 537 | Q37: 538 | R37: 539 | S37: 540 | T37: 540 | U37: 543 | V37: 539 | W37: 538 | X37: 540 | Y37: 539 | Z37: 540 | AA37: 542 | AB37: 543 | AC37: 554 | AD37: 555 | AE37: 555 | AF37: 556 | AG37: 558 | AH37: 555 | AI37: 555 | AJ37: 557 | AK37: 562 | AL37: 547 | AM37: 548 | AN37: 552 | AO37: 564 | AP37: 565 | AQ37: 565 | AR37: 566 | AS37: 565 | AT37: 565 | AU37: 564 | AV37: 565 | AW37: 571 | AX37: 549 | AY37: 550 | AZ37: 551 | BA37: 550 | BB37: 552 | BC37: 552 | BD37: 553 | BE37: 552 | BF37: 553 | BG37: 553 | BH37: 553 | BI37: 553 | BJ37: 553 | BK37: 554 | BL37: 555 | BN37: 554.5 | BO37: 0 | BP37: 554.5 | BR37: 525 | BS37: 540.08333 | BT37: 554.5 | BU37: 561.66667 | BV37: 552.75 | BZ37: 540.08333 | CA37: 554.5 | CB37: 567.41667
A38: Total Firm | B38: 51656 | C38: 52431 | D38: 52855 | E38: 53025 | F38: 53096 | G38: 53139 | H38: 53132 | I38: 52946 | J38: 52504 | K38: 52066 | L38: 51922 | M38: 51973 | N38: 52387 | O38: 53093 | P38: 53475 | Q38: 53652 | R38: 53712 | S38: 53767 | T38: 53773 | U38: 53625 | V38: 53206 | W38: 52796 | X38: 52692 | Y38: 52744 | Z38: 53114 | AA38: 53818 | AB38: 54198 | AC38: 54485 | AD38: 54551 | AE38: 54604 | AF38: 54609 | AG38: 54451 | AH38: 54094 | AI38: 53719 | AJ38: 53615 | AK38: 53659 | AL38: 53346 | AM38: 53959 | AN38: 54313 | AO38: 54912 | AP38: 54988 | AQ38: 55058 | AR38: 55061 | AS38: 54938 | AT38: 54650 | AU38: 54359 | AV38: 54291 | AW38: 54356 | AX38: 54670 | AY38: 55114 | AZ38: 55333 | BA38: 55468 | BB38: 55536 | BC38: 55601 | BD38: 55606 | BE38: 55504 | BF38: 55296 | BG38: 55045 | BH38: 54984 | BI38: 55062 | BJ38: 55315 | BK38: 55745 | BL38: 55952 | BN38: 54117.083 | BO38: 0 | BP38: 54117.083 | BR38: 52729.833 | BS38: 53424.75 | BT38: 54117.083 | BU38: 54810.833 | BV38: 55426.167 | BZ38: 53424.75 | CA38: 54117.083 | CB38: 54817.833
A39: Interuptible Sales | B39: 46 | C39: 44 | D39: 44 | E39: 43 | F39: 43 | G39: 43 | H39: 46 | I39: 47 | J39: 46 | K39: 46 | L39: 46 | M39: 46 | N39: 46 | O39: 45 | P39: 44 | Q39: 43 | R39: 43 | S39: 43 | T39: 45 | U39: 46 | V39: 46 | W39: 46 | X39: 46 | Y39: 46 | Z39: 46 | AA39: 45 | AB39: 44 | AC39: 43 | AD39: 43 | AE39: 43 | AF39: 45 | AG39: 46 | AH39: 46 | AI39: 46 | AJ39: 46 | AK39: 46 | AL39: 46 | AM39: 45 | AN39: 44 | AO39: 43 | AP39: 43 | AQ39: 43 | AR39: 45 | AS39: 46 | AT39: 46 | AU39: 46 | AV39: 46 | AW39: 46 | AX39: 46 | AY39: 45 | AZ39: 44 | BA39: 43 | BB39: 43 | BC39: 43 | BD39: 45 | BE39: 46 | BF39: 46 | BG39: 46 | BH39: 46 | BI39: 46 | BJ39: 46 | BK39: 45 | BL39: 44 | BN39: 46 | BO39: 0 | BP39: 44.916667 | BR39: 45.083333 | BS39: 44.916667 | BT39: 44.916667 | BU39: 44.916667 | BV39: 44.916667 | BZ39: 44.916667 | CA39: 44.916667 | CB39: 44.916667
A40: Less Exempt Interruptible Customers | B40: 3 | C40: 3 | D40: 3 | E40: 3 | F40: 3 | G40: 3 | H40: 3 | I40: 3 | J40: 3 | K40: 3 | L40: 3 | M40: 3 | N40: 3 | O40: 3 | P40: 3 | Q40: 3 | R40: 3 | S40: 3 | T40: 3 | U40: 3 | V40: 3 | W40: 3 | X40: 3 | Y40: 3 | Z40: 3 | AA40: 3 | AB40: 3 | AC40: 3 | AD40: 3 | AE40: 3 | AF40: 3 | AG40: 3 | AH40: 3 | AI40: 3 | AJ40: 3 | AK40: 3 | AL40: 3 | AM40: 3 | AN40: 3 | AO40: 3 | AP40: 3 | AQ40: 3 | AR40: 3 | AS40: 3 | AT40: 3 | AU40: 3 | AV40: 3 | AW40: 3 | AX40: 3 | AY40: 3 | AZ40: 3 | BA40: 3 | BB40: 3 | BC40: 3 | BD40: 3 | BE40: 3 | BF40: 3 | BG40: 3 | BH40: 3 | BI40: 3 | BJ40: 3 | BK40: 3 | BL40: 3 | BN40: 3 | BO40: 3 | BP40: 3 | BR40: 3 | BS40: 3 | BT40: 3 | BU40: 3 | BV40: 3 | BZ40: 3 | CA40: 3 | CB40: 3
A41: Net Interruptible | B41: 43 | C41: 41 | D41: 41 | E41: 40 | F41: 40 | G41: 40 | H41: 43 | I41: 44 | J41: 43 | K41: 43 | L41: 43 | M41: 43 | N41: 43 | O41: 42 | P41: 41 | Q41: 40 | R41: 40 | S41: 40 | T41: 42 | U41: 43 | V41: 43 | W41: 43 | X41: 43 | Y41: 43 | Z41: 43 | AA41: 42 | AB41: 41 | AC41: 40 | AD41: 40 | AE41: 40 | AF41: 42 | AG41: 43 | AH41: 43 | AI41: 43 | AJ41: 43 | AK41: 43 | AL41: 43 | AM41: 42 | AN41: 41 | AO41: 40 | AP41: 40 | AQ41: 40 | AR41: 42 | AS41: 43 | AT41: 43 | AU41: 43 | AV41: 43 | AW41: 43 | AX41: 43 | AY41: 42 | AZ41: 41 | BA41: 40 | BB41: 40 | BC41: 40 | BD41: 42 | BE41: 43 | BF41: 43 | BG41: 43 | BH41: 43 | BI41: 43 | BJ41: 43 | BK41: 42 | BL41: 41 | BN41: 43 | BO41: -3 | BP41: 41.916667 | BR41: 42.083333 | BS41: 41.916667 | BT41: 41.916667 | BU41: 41.916667 | BV41: 41.916667 | BZ41: 41.916667 | CA41: 41.916667 | CB41: 41.916667
A42: Total customers | B42: 51699 | C42: 52472 | D42: 52896 | E42: 53065 | F42: 53136 | G42: 53179 | H42: 53175 | I42: 52990 | J42: 52547 | K42: 52109 | L42: 51965 | M42: 52016 | N42: 52430 | O42: 53135 | P42: 53516 | Q42: 53692 | R42: 53752 | S42: 53807 | T42: 53815 | U42: 53668 | V42: 53249 | W42: 52839 | X42: 52735 | Y42: 52787 | Z42: 53157 | AA42: 53860 | AB42: 54239 | AC42: 54525 | AD42: 54591 | AE42: 54644 | AF42: 54651 | AG42: 54494 | AH42: 54137 | AI42: 53762 | AJ42: 53658 | AK42: 53702 | AL42: 53389 | AM42: 54001 | AN42: 54354 | AO42: 54952 | AP42: 55028 | AQ42: 55098 | AR42: 55103 | AS42: 54981 | AT42: 54693 | AU42: 54402 | AV42: 54334 | AW42: 54399 | AX42: 54713 | AY42: 55156 | AZ42: 55374 | BA42: 55508 | BB42: 55576 | BC42: 55641 | BD42: 55648 | BE42: 55547 | BF42: 55339 | BG42: 55088 | BH42: 55027 | BI42: 55105 | BJ42: 55358 | BK42: 55787 | BL42: 55993 | BN42: 54160.083 | BO42: -3 | BP42: 54159 | BR42: 52771.917 | BS42: 53466.667 | BT42: 54159 | BU42: 54852.75 | BV42: 55468.083 | BZ42: 53466.667 | CA42: 54159 | CB42: 54859.75
A45: Data source
A46: old source for 2017 EEC charge factored Nov 2016 was Jan-Dec -February 2017 PGA file
A47: Source above is L:\supply\budget\17-18\update\Sept17 FY18.xls
A48: L:\EVERYONE\DSM\Case 20-2022 setting 2021 EEC charge\TL-1 NG Projections for EEC rates
U54: WxTaxes | V54: Gr T | W54: Potential Study | X54: DPS EMV | Y54: Other non RA/Non DSS | Z54: Total
S55: 0 | T55: 0 | U55: 0 | V55: 0 | W55: 0 | X55: 0 | Y55: 0 | Z55: 0
S56: 0 | T56: 0 | U56: 0 | V56: 0 | W56: 0 | X56: 0 | Y56: 0 | Z56: 0
S57: 0 | T57: 0 | U57: 0 | V57: 0 | W57: 0 | X57: 0 | Y57: 0 | Z57: 0
S58: 0 | T58: 0 | U58: 0 | V58: 0 | W58: 0 | X58: 0 | Y58: 0 | Z58: 0
S59: 0 | T59: 0 | U59: 0 | V59: 0 | W59: 0 | X59: 0 | Y59: 0 | Z59: 0
S60: 0 | T60: 0 | U60: 0 | V60: 0 | W60: 0 | X60: 0 | Y60: 0 | Z60: 0
S61: 0 | T61: 0 | U61: 0 | V61: 0 | W61: 0 | X61: 0 | Y61: 0 | Z61: 0
S62: 0 | T62: 0 | U62: 0 | V62: 0 | W62: 0 | X62: 0 | Y62: 0 | Z62: 0
S63: 0 | T63: 0 | U63: 0 | V63: 0 | W63: 0 | X63: 0 | Y63: 0 | Z63: 0
S64: 0 | T64: 0 | U64: 0 | V64: 0 | W64: 0 | X64: 0 | Y64: 0 | Z64: 0
S65: 0 | T65: 0 | U65: 0 | V65: 0 | W65: 0 | X65: 0 | Y65: 0 | Z65: 0
S66: 0 | T66: 0 | U66: 0 | V66: 0 | W66: 0 | X66: 0 | Y66: 0 | Z66: 0
S67: 0 | T67: GRT | U67: 0 | V67: 0 | W67: 0 | X67: WX | Y67: #VALUE! | Z67: #VALUE!
S68: 0 | T68: 4352.4837 | U68: 0 | V68: 0 | W68: 0 | X68: 4136.87 | Y68: -4136.87 | Z68: 4352.4837
S69: 0 | T69: Oct - Dec 21 | U69: 0 | V69: 0 | W69: 0 | X69: Wx Jan 22 | Y69: #VALUE! | Z69: #VALUE!
S70: 0 | T70: 0 | U70: 0 | V70: 0 | W70: 0 | X70: 0 | Y70: 0 | Z70: 0
S71: 0 | T71: Accrual to be remitted to State in April 2023 | U71: 0 | V71: 0 | W71: 0 | X71: 0 | Y71: 0 | Z71: 0
S72: 0 | T72: 0 | U72: 0 | V72: 0 | W72: 0 | X72: 0 | Y72: 0 | Z72: 0
S73: 0 | T73: 0 | U73: 0 | V73: 0 | W73: 0 | X73: 0 | Y73: 0 | Z73: 0
S74: 0 | T74: 0 | U74: 0 | V74: 0 | W74: 0 | X74: 0 | Y74: 0 | Z74: 0
S75: 0 | T75: 0 | U75: 0 | V75: 0 | W75: 0 | X75: 0 | Y75: 0 | Z75: 0
S76: 0 | T76: 0 | U76: 0 | V76: 0 | W76: 0 | X76: 0 | Y76: 0 | Z76: 0
S77: 0 | T77: 0 | U77: 0 | V77: 0 | W77: 0 | X77: 0 | Y77: 0 | Z77: 0
S78: 0 | T78: 0 | U78: 0 | V78: 0 | W78: 0 | X78: 0 | Y78: 0 | Z78: 0
S79: 0 | T79: 0 | U79: 0 | V79: 0 | W79: 0 | X79: 0 | Y79: 0 | Z79: 0
S80: 0 | T80: 0 | U80: 0 | V80: 0 | W80: 0 | X80: 0 | Y80: 0 | Z80: 0
S81: 0 | T81: 0 | U81: 0 | V81: 0 | W81: 0 | X81: 0 | Y81: 0 | Z81: 0
S82: 0 | T82: 0 | U82: 0 | V82: 0 | W82: 0 | X82: 0 | Y82: 0 | Z82: 0
S83: 0 | T83: 0 | U83: 0 | V83: 0 | W83: 0 | X83: 0 | Y83: 0 | Z83: 0
... S90: 0 | T90: 0 | U90: 0 | V90: 0 | W90: 0 | X90: 0 | Y90: 0 | Z90: 0

Sheet AVG Liap customers
C1: ='VGS forecast'!BZ19 -> CY 2020 Total | D1: ='VGS forecast'!CA19 -> CY 2021 Total | E1: ='VGS forecast'!CB19 -> CY 2022 Total | F1: ='VGS forecast'!CC19 -> CY 2023 Total
A2: Residential | C2: ='VGS forecast'!BS20 -> 3931986 | D2: ='VGS forecast'!BT20 -> 4003345 | E2: ='VGS forecast'!BU20 -> 4033258 | F2: ='VGS forecast'!BV20 -> 3967421
A3: Low Income | C3: =C24 -> 189266.6 | D3: =C3 -> 189266.6 | E3: =C3 -> 189266.6 | F3: =D3 -> 189266.6
A5: Percent LIAP | C5: =C3/C2 -> 0.048135115 | D5: =D3/D2 -> 0.047277114 | E5: =E3/E2 -> 0.046926479 | F5: =F3/F2 -> 0.047705196
A6: Percent Rate R | C6: =(1-C5) -> 0.95186489 | D6: =(1-D5) -> 0.95272289 | E6: =(1-E5) -> 0.95307352 | F6: =(1-F5) -> 0.9522948
A17: Rate R | B17: Rate R | C17: Projected | D17: Oct | E17: Nov | F17: Dec | G17: Jan | H17: Feb | I17: Mar | J17: Apr | K17: May | L17: June | M17: July | N17: Aug | O17: Sept | P17: Oct | Q17: Nov | R17: Dec
A19: # of Customers Enrolled in LIAP annual | B19: # of Customers Enrolled in LIAP | C19: =SUM(G19:R19) -> 24511 | D19: 2069 | E19: 2032 | F19: 2185 | G19: 2521 | H19: 2176 | I19: 1967 | J19: 1948 | K19: 1909 | L19: 1935 | M19: 1861 | N19: 1782 | O19: 2126 | P19: 2069 | Q19: 2032 | R19: 2185
A21: Average MCFUsage (MCF/Bill) | B21: Average MCFUsage (MCF/Bill) | D21: 2.7961059 | E21: 7.8934074 | F21: 11.433277 | G21: 14.367549 | H21: 16.045734 | I21: 12.531164 | J21: 9.7805224 | K21: 5.7932132 | L21: 3.2413866 | M21: 1.7685863 | N21: 1.7523215 | O21: 1.8239294 | P21: 2.7961059 | Q21: 7.8934074 | R21: 11.433277
A24: Total Mcf LIAP/Month | B24: Total Mcf LIAP/Month | C24: =SUM(G24:R24) -> 189266.6 | D24: =D21*D19 -> 5785.1432 | E24: =E21*E19 -> 16039.404 | F24: =F21*F19 -> 24981.71 | G24: =G21*G19 -> 36220.59 | H24: =H21*H19 -> 34915.518 | I24: =I21*I19 -> 24648.799 | J24: =J21*J19 -> 19052.458 | K24: =K21*K19 -> 11059.244 | ... R24: =R21*R19 -> 24981.71
B27: Monthly count | C27: =C19/12 -> 2042.5833

Sheet 15 years_PSD Surrebuttal
A1: Energy Efficiency DRP Scenarios | L1: =K75-L73-L75 -> -2913286.9 | M1: =L75-M73-M75 -> -2414799.9 | N1: =M75-N73-N75 -> -2091465.5 | O1: =N75-O73-O75 -> -1693283.2 | P1: =O75-P73-P75 -> -1645404 | Q1: =P75-Q73-Q75 -> -1551248.3 | R1: =Q75-R73-R75 -> -1435923.7 | S1: =R75-S73-S75 -> -1324541 | ... Y1: =X75-Y73-Y75 -> -0.47710153
E2: 2020 | F2: 2021 | G2: 2022 | H2: 2023 | I2: 2024 | J2: 2025 | K2: 2026 | L2: 2027 | M2: 2028 | N2: 2029 | O2: 2030 | P2: 2031 | Q2: 2032 | R2: 2033 | S2: 2034 | T2: 2035 | U2: 2036 | V2: 2037 | W2: 2038 | X2: 2039 | Y2: 2040 | Z2: 2041 | AA2: 2042 | AB2: 2043 | AC2: 2044 | AD2: 2045 | AE2: 2046 | AF2: 2047 | AG2: 2048 | AH2: 2049 | AI2: 2050
A3: Business As Usual Information
B4: Forecasted Number of Customers
B5: R | E5: 47295.583 | F5: 47894.917 | G5: 48513.917 | H5: 49139.083 | I5: 49770.667 | J5: 50091.667 | K5: 50411.667 | L5: 50730.667 | M5: 51048.667 | N5: 51365.667 | O5: 51681.667 | P5: 51910.667 | Q5: 52138.667 | R5: 52365.667 | S5: 52591.667 | T5: 52816.667 | U5: 53040.667 | V5: 53263.667 | W5: 53485.667 | X5: 53706.667 | Y5: 53926.667
B6: G1 | E6: 4052.3333 | F6: 4140 | G6: 4222.0833 | H6: 4297.5 | I6: 4365.9167 | J6: 4404.9167 | K6: 4443.9167 | L6: 4482.9167 | M6: 4521.9167 | N6: 4560.9167 | O6: 4599.9167 | P6: 4627.9167 | Q6: 4655.9167 | R6: 4683.9167 | S6: 4711.9167 | T6: 4739.9167 | U6: 4767.9167 | V6: 4795.9167 | W6: 4823.9167 | X6: 4851.9167 | Y6: 4879.9167
B7: G2 | E7: 992.75 | F7: 994.75 | G7: 996.75 | H7: 998.75 | I7: 1000.75 | J7: 1001.75 | K7: 1002.75 | L7: 1003.75 | M7: 1004.75 | N7: 1005.75 | O7: 1006.75 | P7: 1007.75 | Q7: 1008.75 | R7: 1009.75 | S7: 1010.75 | T7: 1011.75 | U7: 1012.75 | V7: 1013.75 | W7: 1014.75 | X7: 1015.75 | Y7: 1016.75
B8: G3 | E8: 491.25 | F8: 497.33333 | G8: 503.33333 | H8: 509.33333 | I8: 515.33333 | J8: 516.33333 | K8: 517.33333 | L8: 518.33333 | M8: 519.33333 | N8: 520.33333 | O8: 521.33333 | P8: 521.33333 | Q8: 521.33333 | R8: 521.33333 | S8: 521.33333 | T8: 521.33333 | U8: 521.33333 | V8: 521.33333 | W8: 521.33333 | X8: 521.33333 | Y8: 521.33333
B9: G4 | E9: 543.58333 | F9: 549.58333 | G9: 554.66667 | H9: 559.66667 | I9: 564.66667 | J9: 566.66667 | K9: 568.66667 | L9: 570.66667 | M9: 572.66667 | N9: 574.66667 | O9: 576.66667 | P9: 577.66667 | Q9: 578.66667 | R9: 579.66667 | S9: 580.66667 | T9: 581.66667 | U9: 582.66667 | V9: 583.66667 | W9: 584.66667 | X9: 585.66667 | Y9: 586.66667
B10: (8.92%-1%)/(1-0.27715)*0.5+2.01%+0.16% | E10: 44 | F10: 44 | G10: 44 | H10: 44 | I10: 44 | J10: 44 | K10: 44 | L10: 44 | M10: 44 | N10: 44 | O10: 44 | P10: 44 | Q10: 44 | R10: 44 | S10: 44 | T10: 44 | U10: 44 | V10: 44 | W10: 44 | X10: 44 | Y10: 44
B11: Total | E11: =SUM(E5:E10) -> 53419.5 | F11: =SUM(F5:F10) -> 54120.583 | G11: =SUM(G5:G10) -> 54834.75 | H11: =SUM(H5:H10) -> 55548.333 | I11: =SUM(I5:I10) -> 56261.333 | J11: =SUM(J5:J10) -> 56625.333 | K11: =SUM(K5:K10) -> 56988.333 | L11: =SUM(L5:L10) -> 57350.333 | ... Y11: =SUM(Y5:Y10) -> 60975.333
B13: Forecasted MCFs by Rate Class | F13: 2021 | G13: 2022
B14: R | E14: 3930386 | F14: 3944431 | G14: 3968942 | H14: 4007350 | I14: 4039510 | J14: 4053985.3 | K14: 4059345.1 | L14: 4064493.9 | M14: 4069433.5 | N14: 4074165.5 | O14: 4078691.4 | P14: 4076225.7 | Q14: 4073590.8 | R14: 4070788.1 | S14: 4067818.5 | T14: 4064683.4 | U14: 4061383.8 | V14: 4057920.9 | W14: 4054295.8 | X14: 4050509.7 | Y14: 4046563.6 | Z14: 4042458.8 | AA14: 4038196.2 | AB14: 4033776.9 | AC14: 4029202.1 | AD14: 4024472.8 | AE14: 4019590.1 | AF14: 4014555 | AG14: 4009368.5 | AH14: 4004031.8 | AI14: 3998545.9
B15: G1 | E15: 615890 | F15: 623497 | G15: 631228 | H15: 639276 | I15: 647769 | J15: 648623.02 | K15: 650456.84 | L15: 652256.36 | M15: 654021.87 | N15: 655753.67 | O15: 657452.05 | P15: 657545.09 | Q15: 657614.47 | R15: 657660.35 | S15: 657682.87 | T15: 657682.15 | U15: 657658.34 | V15: 657611.58 | W15: 657542 | X15: 657449.72 | Y15: 657334.89 | Z15: 657197.63 | AA15: 657038.07 | AB15: 656856.34 | AC15: 656652.56 | AD15: 656426.85 | AE15: 656179.34 | AF15: 655910.14 | AG15: 655619.39 | AH15: 655307.19 | AI15: 654973.66
B16: G2 | E16: 199829 | F16: 199565 | G16: 199633 | H16: 199494 | I16: 199975 | J16: 199607.11 | K16: 199415.48 | L16: 199223.45 | M16: 199031.04 | N16: 198838.24 | O16: 198645.05 | P16: 198451.47 | Q16: 198257.51 | R16: 198063.15 | S16: 197868.41 | T16: 197673.28 | U16: 197477.77 | V16: 197281.87 | W16: 197085.58 | X16: 196888.91 | Y16: 196691.86 | Z16: 196494.42 | AA16: 196296.59 | AB16: 196098.38 | AC16: 195899.79 | AD16: 195700.82 | AE16: 195501.46 | AF16: 195301.72 | AG16: 195101.6 | AH16: 194901.1 | AI16: 194700.22
B17: G3 | E17: 702375 | F17: 702614 | G17: 705002 | H17: 707709 | I17: 712776 | J17: 707338.9 | K17: 702845.45 | L17: 698340.67 | M17: 693824.57 | N17: 689297.19 | O17: 684758.53 | P17: 678895.16 | Q17: 673031.78 | R17: 667168.41 | S17: 661305.03 | T17: 655441.65 | U17: 649578.28 | V17: 643714.9 | W17: 637851.53 | X17: 631988.15 | Y17: 626124.77 | Z17: 620261.4 | AA17: 614398.02 | AB17: 608534.64 | AC17: 602671.27 | AD17: 596807.89 | AE17: 590944.52 | AF17: 585081.14 | AG17: 579217.76 | AH17: 573354.39 | AI17: 567491.01
B18: G4 | E18: 1485356 | F18: 1493689 | G18: 1501081 | H18: 1508413 | I18: 1517175 | J18: 1515546 | K18: 1514640.8 | L18: 1513713.5 | M18: 1512764.3 | N18: 1511793.3 | O18: 1510800.4 | P18: 1507166.1 | Q18: 1503520.9 | R18: 1499864.8 | S18: 1496198 | T18: 1492520.5 | U18: 1488832.1 | V18: 1485133.1 | W18: 1481423.3 | X18: 1477702.8 | Y18: 1473971.6 | Z18: 1470229.8 | AA18: 1466477.4 | AB18: 1462714.3 | AC18: 1458940.6 | AD18: 1455156.3 | AE18: 1451361.5 | AF18: 1447556.1 | AG18: 1443740.1 | AH18: 1439913.7 | AI18: 1436076.7
B19: I | E19: 6618691 | F19: 6640626 | G19: 6640626 | H19: 6640626 | I19: 6643723 | J19: 6643723 | K19: 6643723 | L19: 6643723 | M19: 6643723 | N19: 6643723 | O19: 6643723 | P19: 6643723 | Q19: 6643723 | R19: 6643723 | S19: 6643723 | T19: 6643723 | U19: 6643723 | V19: 6643723 | W19: 6643723 | X19: 6643723 | Y19: 6643723 | Z19: 6643723 | AA19: 6643723 | AB19: 6643723 | AC19: 6643723 | AD19: 6643723 | AE19: 6643723 | AF19: 6643723 | AG19: 6643723 | AH19: 6643723 | AI19: 6643723
B20: Less CNG and SMEEP | E20: -3780555 | F20: -3800861 | G20: -3800801 | H20: -3800801 | I20: -3802067 | J20: -3800861 | K20: =J20 -> -3800861 | L20: =K20 -> -3800861 | M20: =L20 -> -3800861 | N20: =M20 -> -3800861 | O20: =N20 -> -3800861 | P20: =O20 -> -3800861 | Q20: =P20 -> -3800861 | R20: =Q20 -> -3800861 | ... AI20: =AH20 -> -3800861
B21: Net I | E21: =E19+E20 -> 2838136 | F21: =F19+F20 -> 2839765 | G21: =G19+G20 -> 2839825 | H21: =H19+H20 -> 2839825 | I21: =I19+I20 -> 2841656 | J21: =J19+J20 -> 2842862 | K21: =K19+K20 -> 2842862 | L21: =L19+L20 -> 2842862 | ... AI21: =AI19+AI20 -> 2842862
B22: Total | E22: =SUM(E14:E19) -> 13552527 | F22: =SUM(F14:F19) -> 13604422 | G22: =SUM(G14:G19) -> 13646512 | H22: =SUM(H14:H19) -> 13702868 | I22: =SUM(I14:I19) -> 13760928 | J22: =SUM(J14:J19) -> 13768823 | K22: =SUM(K14:K19) -> 13770427 | L22: =SUM(L14:L19) -> 13771751 | ... AI22: =SUM(AI14:AI19) -> 13495510
B23: Total Less CNG/Smeep | E23: =E22+E20 -> 9771972 | F23: =F22+F20 -> 9803561 | G23: =G22+G20 -> 9845711 | H23: =H22+H20 -> 9902067 | I23: =I22+I20 -> 9958861 | J23: =J22+J20 -> 9967962.4 | K23: =K22+K20 -> 9969565.6 | L23: =L22+L20 -> 9970889.9 | ... AI23: =AI22+AI20 -> 9694649.5
B25: Forecasted Revenue by Rate Class Including EEC | E25: EXCLUDING EEC -- modified to EXCLUDE - modified cells under this yellow bar in this section
B26: R | D26: =E26/E35 -> 0.58701441 | E26: 47445740 | F26: 49675922 | G26: 50364983 | H26: 51318218 | I26: 52026256 | J26: 52669712 | K26: =J26/J14*K14 -> 52739347 | L26: =K26/K14*L14 -> 52806241 | M26: =L26/L14*M14 -> 52870417 | N26: =M26/M14*N14 -> 52931895 | O26: =N26/N14*O14 -> 52990695 | P26: =O26/O14*P14 -> 52958661 | Q26: =P26/P14*Q14 -> 52924429 | R26: =Q26/Q14*R14 -> 52888015 | ... Y26: =X26/X14*Y14 -> 52573289
B27: G1 | E27: 6720366.1 | F27: 7191761.2 | G27: 7348886.4 | H27: 7529517.7 | I27: 7682677.7 | J27: 7784286.5 | K27: =J27/J15*K15 -> 7806294.7 | L27: =K27/K15*L15 -> 7827891.1 | M27: =L27/L15*M15 -> 7849079.5 | N27: =M27/M15*N15 -> 7869863.3 | O27: =N27/N15*O15 -> 7890245.9 | P27: =O27/O15*P15 -> 7891362.4 | Q27: =P27/P15*Q15 -> 7892195.2 | R27: =Q27/Q15*R15 -> 7892745.8 | ... Y27: =X27/X15*Y15 -> 7888839.9
B28: G2 | E28: 1716242.7 | F28: 1795106.5 | G28: 1809306.9 | H28: 1827004.7 | I28: 1840730.4 | J28: 1846107.2 | K28: =J28/J16*K16 -> 1844334.8 | L28: =K28/K16*L16 -> 1842558.9 | M28: =L28/L16*M16 -> 1840779.3 | N28: =M28/M16*N16 -> 1838996.1 | O28: =N28/N16*O16 -> 1837209.4 | P28: =O28/O16*P16 -> 1835419 | Q28: =P28/P16*Q16 -> 1833625.1 | R28: =Q28/Q16*R16 -> 1831827.6 | ... Y28: =X28/X16*Y16 -> 1819144.9
B29: G3 | E29: 5526604.3 | F29: 5936397.2 | G29: 6022566.1 | H29: 6129472.2 | I29: 6231181.5 | J29: 6279208 | K29: =J29/J17*K17 -> 6239318.6 | L29: =K29/K17*L17 -> 6199328.6 | M29: =L29/L17*M17 -> 6159238.2 | N29: =M29/M17*N17 -> 6119047.6 | O29: =N29/N17*O17 -> 6078756.9 | P29: =O29/O17*P17 -> 6026706.4 | Q29: =P29/P17*Q17 -> 5974655.9 | R29: =Q29/Q17*R17 -> 5922605.4 | ... Y29: =X29/X17*Y17 -> 5558251.7
B30: G4 | E30: 9057451.2 | F30: 9698667.6 | G30: 9847297 | H30: 10025890 | I30: 10164274 | J30: 10267765 | K30: =J30/J18*K18 -> 10261632 | L30: =K30/K18*L18 -> 10255350 | M30: =L30/L18*M18 -> 10248919 | N30: =M30/M18*N18 -> 10242340 | O30: =N30/N18*O18 -> 10235614 | P30: =O30/O18*P18 -> 10210991 | Q30: =P30/P18*Q18 -> 10186295 | R30: =Q30/Q18*R18 -> 10161526 | ... Y30: =X30/X18*Y18 -> 9986100.2
B31: I | E31: 23277492 | F31: 24212044 | G31: 24658909 | H31: 25027812 | I31: 25605700 | J31: 25866464 | K31: =J31/J19*K19 -> 25866464 | L31: =K31/K19*L19 -> 25866464 | M31: =L31/L19*M19 -> 25866464 | N31: =M31/M19*N19 -> 25866464 | O31: =N31/N19*O19 -> 25866464 | P31: =O31/O19*P19 -> 25866464 | Q31: =P31/P19*Q19 -> 25866464 | R31: =Q31/Q19*R19 -> 25866464 | ... Y31: =X31/X19*Y19 -> 25866464
B32: Less CNG and SMEEP | E32: -12918385 | F32: -13320451 | G32: -13552931 | H32: -13763275 | I32: -14097757 | J32: -14246973 | K32: =J32/J20*K20 -> -14246973 | L32: =K32/K20*L20 -> -14246973 | M32: =L32/L20*M20 -> -14246973 | N32: =M32/M20*N20 -> -14246973 | O32: =N32/N20*O20 -> -14246973 | P32: =O32/O20*P20 -> -14246973 | Q32: =P32/P20*Q20 -> -14246973 | R32: =Q32/Q20*R20 -> -14246973 | ... Y32: =X32/X20*Y20 -> -14246973 | Z32: 0 | AA32: 0 | AB32: 0 | AC32: 0
B33: Net I | E33: =E32+E31 -> 10359107 | F33: =F32+F31 -> 10891592 | G33: =G32+G31 -> 11105978 | H33: =H32+H31 -> 11264537 | I33: =I32+I31 -> 11507944 | J33: =J32+J31 -> 11619491 | K33: =K32+K31 -> 11619491 | L33: =L32+L31 -> 11619491 | ... AC33: =AC32+AC31 -> 0
B34: Total | E34: =SUM(E26:E31) -> 93743896 | F34: =SUM(F26:F31) -> 98509898 | G34: =SUM(G26:G31) -> 1.0005195e+08 | H34: =SUM(H26:H31) -> 1.0185791e+08 | I34: =SUM(I26:I31) -> 1.0355082e+08 | J34: =SUM(J26:J31) -> 1.0471354e+08 | K34: =SUM(K26:K31) -> 1.0475739e+08 | L34: =SUM(L26:L31) -> 1.0479783e+08 | ... Y34: =SUM(Y26:Y31) -> 1.0369209e+08
B35: Total Less CNG/Smeep | E35: =E34+E32 -> 80825511 | F35: =F34+F32 -> 85189447 | G35: =G34+G32 -> 86499018 | H35: =H34+H32 -> 88094640 | I35: =I34+I32 -> 89453064 | J35: =J34+J32 -> 90466570 | K35: =K34+K32 -> 90510418 | L35: =L34+L32 -> 90550861 | ... Y35: =Y34+Y32 -> 89445117
E36: Current Revenue by rate class by % | G36: Res | H36: Com | I36: Ind
B37: EEU Revenue by Rate Class | C37: current EEC rate | E37: excluding EEC | G37: =E26/E35 -> 0.58701441 | H37: =SUM(E27:E30)/E35 -> 0.28481929 | I37: =100%-H37-G37 -> 0.1281663
B38: R | C38: 0.48 | D38: =E38/$E$44 -> 0.54686883 | E38: =($C$38*E14) -> 1886585.3 | F38: =($C$38*F14) -> 1893326.9 | G38: =($C$38*G14) -> 1905092.2 | H38: =($C$38*H14) -> 1923528 | I38: =($C$38*I14) -> 1938964.8 | J38: =($C$38*J14) -> 1945913 | K38: =($C$38*K14) -> 1948485.6 | L38: =($C$38*L14) -> 1950957.1 | ... AI38: =($C$38*AI14) -> 1919302
B39: G1 | C39: 0.454 | D39: =E39/$E$44 -> 0.081052373 | E39: =($C$39*E15) -> 279614.06 | F39: =($C$39*F15) -> 283067.64 | G39: =($C$39*G15) -> 286577.51 | H39: =($C$39*H15) -> 290231.3 | I39: =($C$39*I15) -> 294087.13 | J39: =($C$39*J15) -> 294474.85 | K39: =($C$39*K15) -> 295307.41 | L39: =($C$39*L15) -> 296124.39 | ... AI39: =($C$39*AI15) -> 297358.04
B40: G2 | C40: 0.352 | D40: =E40/$E$44 -> 0.020389562 | E40: =($C$40*E16) -> 70339.808 | F40: =($C$40*F16) -> 70246.88 | G40: =($C$40*G16) -> 70270.816 | H40: =($C$40*H16) -> 70221.888 | I40: =($C$40*I16) -> 70391.2 | J40: =($C$40*J16) -> 70261.703 | K40: =($C$40*K16) -> 70194.248 | L40: =($C$40*L16) -> 70126.656 | ... AI40: =($C$40*AI16) -> 68534.476
B41: G3 | C41: 0.354 | D41: =E41/$E$44 -> 0.072074068 | E41: =($C$41*E17) -> 248640.75 | F41: =($C$41*F17) -> 248725.36 | G41: =($C$41*G17) -> 249570.71 | H41: =($C$41*H17) -> 250528.99 | I41: =($C$41*I17) -> 252322.7 | J41: =($C$41*J17) -> 250397.97 | K41: =($C$41*K17) -> 248807.29 | L41: =($C$41*L17) -> 247212.6 | ... AI41: =($C$41*AI17) -> 200891.82
B42: G4 | C42: 0.273 | D42: =E42/$E$44 -> 0.11754385 | E42: =($C$42*E18) -> 405502.19 | F42: =($C$42*F18) -> 407777.1 | G42: =($C$42*G18) -> 409795.11 | H42: =($C$42*H18) -> 411796.75 | I42: =($C$42*I18) -> 414188.78 | J42: =($C$42*J18) -> 413744.07 | K42: =($C$42*K18) -> 413496.93 | L42: =($C$42*L18) -> 413243.78 | ... AI42: =($C$42*AI18) -> 392048.95
B43: I | C43: 0.197 | D43: =E43/$E$44 -> 0.16207131 | E43: =E21*$C$43 -> 559112.79 | F43: =F21*$C$43 -> 559433.71 | G43: =G21*$C$43 -> 559445.53 | H43: =H21*$C$43 -> 559445.53 | I43: =I21*$C$43 -> 559806.23 | J43: =J21*$C$43 -> 560043.81 | K43: =K21*$C$43 -> 560043.81 | L43: =L21*$C$43 -> 560043.81 | ... AI43: =AI21*$C$43 -> 560043.81
B44: Business as usual EEU Revenue w no rate change = | E44: =SUM(E38:E43) -> 3449794.9 | F44: =SUM(F38:F43) -> 3462577.6 | G44: =SUM(G38:G43) -> 3480751.8 | H44: =SUM(H38:H43) -> 3505752.5 | I44: =SUM(I38:I43) -> 3529760.8 | J44: =SUM(J38:J43) -> 3534835.4 | K44: =SUM(K38:K43) -> 3536335.3 | L44: =SUM(L38:L43) -> 3537708.3 | ... AI44: =SUM(AI38:AI43) -> 3438179.1
B45: Average EEC Charge $/Mcf | E45: =E44/E23 -> 0.35302955 | F45: =F44/F23 -> 0.3531959 | G45: =G44/G23 -> 0.35352976 | H45: =H44/H23 -> 0.35404249 | I45: =I44/I23 -> 0.35443419 | J45: =J44/J23 -> 0.35461965 | K45: =K44/K23 -> 0.35471308 | L45: =L44/L23 -> 0.35480367 | ... AI45: =AI44/AI23 -> 0.35464708
B47: Current EEC as % or Revenues
B48: R | E48: =E38/E26 -> 0.039763007 | F48: =F38/F26 -> 0.038113573 | G48: =G38/G26 -> 0.037825728 | H48: =H38/H26 -> 0.037482362 | I48: =I38/I26 -> 0.037268967 | J48: =J38/J26 -> 0.036945578 | K48: =K38/K26 -> 0.036945578 | L48: =L38/L26 -> 0.036945578 | ... Y48: =Y38/Y26 -> 0.036945578
B49: G1 | E49: =E39/E27 -> 0.041606968 | F49: =F39/F27 -> 0.039359989 | G49: =G39/G27 -> 0.038996046 | H49: =H39/H27 -> 0.038545803 | I49: =I39/I27 -> 0.038279248 | J49: =J39/J27 -> 0.037829395 | K49: =K39/K27 -> 0.037829395 | L49: =L39/L27 -> 0.037829395 | ... Y49: =Y39/Y27 -> 0.037829395
B50: G2 | E50: =E40/E28 -> 0.040984768 | F50: =F40/F28 -> 0.039132431 | G50: =G40/G28 -> 0.038838527 | H50: =H40/H28 -> 0.038435527 | I50: =I40/I28 -> 0.038240906 | J50: =J40/J28 -> 0.038059384 | K50: =K40/K28 -> 0.038059384 | L50: =L40/L28 -> 0.038059384 | ... Y50: =Y40/Y28 -> 0.038059384
B51: G3 | E51: =E41/E29 -> 0.044989787 | F51: =F41/F29 -> 0.041898368 | G51: =G41/G29 -> 0.041439264 | H51: =H41/H29 -> 0.040872848 | I51: =I41/I29 -> 0.040493557 | J51: =J41/J29 -> 0.039877318 | K51: =K41/K29 -> 0.039877318 | L51: =L41/L29 -> 0.039877318 | ... Y51: =Y41/Y29 -> 0.039877318
B52: G4 | E52: =E42/E30 -> 0.044770011 | F52: =F42/F30 -> 0.042044651 | G52: =G42/G30 -> 0.041614985 | H52: =H42/H30 -> 0.041073336 | I52: =I42/I30 -> 0.040749469 | J52: =J42/J30 -> 0.040295436 | K52: =K42/K30 -> 0.040295436 | L52: =L42/L30 -> 0.040295436 | ... Y52: =Y42/Y30 -> 0.040295436
B53: I | E53: =E43/E33 -> 0.05397307 | F53: =F43/F33 -> 0.051363813 | G53: =G43/G33 -> 0.050373367 | H53: =H43/H33 -> 0.049664314 | I53: =I43/I33 -> 0.048645201 | J53: =J43/J33 -> 0.048198653 | K53: =K43/K33 -> 0.048198653 | L53: =L43/L33 -> 0.048198653 | ... Y53: =Y43/Y33 -> 0.048198653
B54: Total | E54: =E44/E35 -> 0.042682005 | F54: =F44/F35 -> 0.040645616 | G54: =G44/G35 -> 0.040240363 | H54: =H44/H35 -> 0.039795298 | I54: =I44/I35 -> 0.039459362 | J54: =J44/J35 -> 0.039073388 | K54: =K44/K35 -> 0.039071031 | L54: =L44/L35 -> 0.039068743 | ... AI54: =AI44/AI35 -> #DIV/0!
C55: % increase in budget | F55: =F56/E56-1 -> 0.28413323 | G55: =G56/F56-1 -> 0.145704 | H55: =H56/G56-1 -> 0.095509064 | I55: =I56/H56-1 -> 0.087186913 | P55: 2% interest carried forward from original, plus DSS
B56: DRP Budgets | C56: PSD proposal | E56: 3576991 | F56: 4593333 | G56: 5262600 | H56: 5765226 | I56: 6267878.3 | J56: 6270557 | K56: 5773262.6 | L56: 5275995.2 | M56: 4778755.2 | N56: 4531542.7 | O56: 4284358.2 | P56: 4407201.8 | Q56: 4533673.8 | R56: 4663882.5 | S56: 4797939.5 | T56: 4935959.6 | U56: 5078061.1 | V56: 5224365.9 | W56: 5374999.5 | X56: 5530091.1 | Y56: 5689773.8 | Z56: 0 | AA56: 0 | AB56: 0 | AC56: 0 | AD56: 0 | AE56: 0 | AF56: 0 | AG56: 0 | AH56: 0 | AI56: 0
B57: Average EEU current | F57: =F45 -> 0.3531959 | G57: =G45 -> 0.35352976 | H57: =H45 -> 0.35404249 | I57: =I45 -> 0.35443419 | J57: =J45 -> 0.35461965 | K57: =K45 -> 0.35471308 | L57: =L45 -> 0.35480367 | M57: =M45 -> 0.35489145 | ... Y57: =Y45 -> 0.35496369
B58: Average EEU @ DRP budgets - fully collected | F58: =F56/F23 -> 0.4685372 | G58: =G56/G23 -> 0.53450685 | H58: =H56/H23 -> 0.5822245 | I58: =I56/I23 -> 0.62937702 | J58: =J56/J23 -> 0.6290711 | K58: =K56/K23 -> 0.57908868 | L58: =L56/L23 -> 0.52913985 | M58: =M56/M23 -> 0.47922034 | ... AI58: =AI56/AI23 -> 0
B59: Increase in EEU charge - no mitigation | F59: =F58/F57-1 -> 0.32656465 | G59: =G58/G57-1 -> 0.51191474 | H59: =H58/H57-1 -> 0.64450459 | I59: =I58/I57-1 -> 0.77572321 | J59: =J58/J57-1 -> 0.77393185 | K59: =K58/K57-1 -> 0.6325552 | L59: =L58/L57-1 -> 0.49135959 | M59: =M58/M57-1 -> 0.35032934 | ... AI59: =AI58/AI57-1 -> #DIV/0!
B61: Annual Mcf Savings Per Year as a % of total | F61: =F65/F23 -> 0.012466829 | G61: =G65/G23 -> 0.012178909 | H61: =H65/H23 -> 0.012347719 | I61: =I65/I23 -> 0.012303184 | J61: =J65/J23 -> 0.012082684 | K61: =K65/K23 -> 0.0092643404 | L61: =L65/L23 -> 0.009222721 | M61: =M65/M23 -> 0.0096079873 | ... AI61: =AI65/AI23 -> 0
B62: Cumulative Mcf Savings Per Year as a % of total | F62: =F66/F23 -> 0.012466829 | G62: =G66/G23 -> 0.024592366 | H62: =H66/H23 -> 0.036800122 | I62: =I66/I23 -> 0.04889344 | J62: =J66/J23 -> 0.060931481 | K62: =K66/K23 -> 0.070186023 | L62: =L66/L23 -> 0.079399422 | M62: =M66/M23 -> 0.088999069 | ... AI62: =AI66/AI23 -> 0
F64: SAVINGS ARE VGS PROPOSED, NOT PSD. NOT USED FOR AMORTIZATION ANALYSIS
D65: EEU Mcf Savngs per year (this came from EEU model through 2037) | F65: 122219.32 | G65: 119910.01 | H65: 122267.94 | I65: 122525.7 | J65: 120439.74 | K65: 92361.449 | L65: 91958.736 | M65: 95810.247 | N65: 95089.765 | O65: 93746.123 | P65: =O65 -> 93746.123 | Q65: =P65 -> 93746.123 | R65: =Q65 -> 93746.123 | S65: =R65 -> 93746.123 | T65: =S65 -> 93746.123 | U65: =T65 -> 93746.123 | V65: =U65 -> 93746.123 | W65: =V65 -> 93746.123 | ... Y65: =X65 -> 93746.123 | Z65: 0 | AA65: 0 | AB65: 0 | AC65: 0 | AD65: 0 | AE65: 0 | AF65: 0 | AG65: 0 | AH65: 0 | AI65: 0
B66: Cumulative Mcf Savings per Year as % of Total | F66: =F65+E65 -> 122219.32 | G66: =G65+F66 -> 242129.33 | H66: =H65+G66 -> 364397.27 | I66: =I65+H66 -> 486922.97 | J66: =J65+I66 -> 607362.71 | K66: =K65+J66 -> 699724.16 | L66: =L65+K66 -> 791682.89 | M66: =M65+L66 -> 887493.14 | N66: =N65+M66 -> 982582.91 | ... X66: =X65+W66 -> 1920044.1
F67: VGS original | G67: 26510537 | Y67: =X67+Y65 -> 93746.123 | Z67: =Y67+Z65 -> 93746.123 | AA67: =Z67+AA65 -> 93746.123 | AB67: =AA67+AB65 -> 93746.123 | AC67: =AB67+AC65 -> 93746.123 | AD67: =AC67+AD65 -> 93746.123 | AE67: =AD67+AE65 -> 93746.123 | AF67: =AE67+AF65 -> 93746.123 | ... AI67: =AH67+AI65 -> 93746.123
A68: DRP Scenario | F68: VGS rebuttal | G68: 26232023 | H68: =F72/15 -> 80383.696 | I68: =G72/15 -> 133789.88 | J68: =H72/15 -> 177298.24
B69: Time Period of Dollars Collected | C69: 15 | E69: =F56-F91+F71 -> 1111225.8 | F69: Direct total invested | G69: 28745210 | K69: =K56+K77 -> 7894857.2
B70: WACC | C70: =(8.92%-1%)/(1-0.27715)*0.5+2.01%+0.16% -> 0.07648315 | F70: Surrebuttal investment: | G70: =SUM(F72:Y72) -> 34405045 | I70: =G72/15 -> 133789.88 | T70: negative means increased collections from EEC
C71: From current | D71: Additional Invested | F71: 75000 | G71: 225000 | H71: 400000 | I71: 660000 | J71: 925000 | K71: 1100000 | L71: 1175000 | M71: 1175000 | N71: 1100000 | O71: 950000 | P71: 775000 | Q71: 550000 | R71: 300000 | S71: 50000 | T71: -250000 | U71: -650000 | V71: -1050000 | W71: -1550000 | X71: -2030879 | Y71: =-2250000+AJ72 -> -2195671
B72: Dollars Spent/ Year related to Investment | C72: Budget related | F72: =F56-F44+F71 -> 1205755.4 | G72: =G56-G44+G71 -> 2006848.2 | H72: =H56-H44+H71 -> 2659473.5 | I72: =I56-I44+I71 -> 3398117.4 | J72: =J56-J44+J71 -> 3660721.7 | K72: =K56-K44+K71 -> 3336927.3 | L72: =L56-L44+L71 -> 2913286.9 | M72: =M56-M44+M71 -> 2414799.9 | ... Y72: =Y56-Y44+Y71 -> 0.47710153 | Z72: =IF(Z$2-$F$2<#REF!,#REF!/#REF!,0) -> #REF! | AA72: =IF(AA$2-$F$2<#REF!,#REF!/#REF!,0) -> #REF! | AB72: =IF(AB$2-$F$2<#REF!,#REF!/#REF!,0) -> #REF! | AC72: =IF(AC$2-$F$2<#REF!,#REF!/#REF!,0) -> #REF! | AD72: =IF(AD$2-$F$2<#REF!,#REF!/#REF!,0) -> #REF! | AE72: =IF(AE$2-$F$2<#REF!,#REF!/#REF!,0) -> #REF! | AF72: =IF(AF$2-$F$2<#REF!,#REF!/#REF!,0) -> #REF! | AG72: =IF(AG$2-$F$2<#REF!,#REF!/#REF!,0) -> #REF! | ... AI72: =IF(AI$2-$F$2<#REF!,#REF!/#REF!,0) -> #REF! | AJ72: 54329
B73: Principal Collection | F73: =IF(F$2-$F$2<$C$69,$F$72/$C$69,0) -> 80383.696 | G73: =IF(G$2-$F$2<$C$69,$F$72/$C$69,0)+IF(G$2-$G$2<$C$69,$G$72/$C$69,0) -> 214173.57 | H73: =IF(H$2-$F$2<$C$69,$F$72/$C$69,0)+IF(H$2-$G$2<$C$69,$G$72/$C$69,0)+IF(H$2-$H$2<$C$69,$H$72/$C$69,0) -> 391471.81 | I73: =IF(I$2-$F$2<$C$69,$F$72/$C$69,0)+IF(I$2-$G$2<$C$69,$G$72/$C$69,0)+IF(I$2-$H$2<$C$69,$H$72/$C$69,0)+IF(I$2-$I$2<$C$69,$I$72/$C$69,0) -> 618012.97 | J73: =IF(J$2-$F$2<$C$69,$F$72/$C$69,0)+IF(J$2-$G$2<$C$69,$G$72/$C$69,0)+IF(J$2-$H$2<$C$69,$H$72/$C$69,0)+IF(J$2-$I$2<$C$69,$I$72/$C$69,0)+IF(J$2-$J$2<$C$69,$J$72/$C$69,0) -> 862061.08 | K73: =IF(K$2-$F$2<$C$69,$F$72/$C$69,0)+IF(K$2-$G$2<$C$69,$G$72/$C$69,0)+IF(K$2-$H$2<$C$69,$H$72/$C$69,0)+IF(K$2-$I$2<$C$69,$I$72/$C$69,0)+IF(K$2-$J$2<$C$69,$J$72/$C$69,0)+IF(K$2-$K$2<$C$69,$K$72/$C$69,0) -> 1084522.9 | L73: =IF(L$2-$F$2<$C$69,$F$72/$C$69,0)+IF(L$2-$G$2<$C$69,$G$72/$C$69,0)+IF(L$2-$H$2<$C$69,$H$72/$C$69,0)+IF(L$2-$I$2<$C$69,$I$72/$C$69,0)+IF(L$2-$J$2<$C$69,$J$72/$C$69,0)+IF(L$2-$K$2<$C$69,$K$72/$C$69,0)+IF(L$2-$L$2<$C$69,$L$72/$C$69,0) -> 1278742 | M73: =IF(M$2-$F$2<$C$69,$F$72/$C$69,0)+IF(M$2-$G$2<$C$69,$G$72/$C$69,0)+IF(M$2-$H$2<$C$69,$H$72/$C$69,0)+IF(M$2-$I$2<$C$69,$I$72/$C$69,0)+IF(M$2-$J$2<$C$69,$J$72/$C$69,0)+IF(M$2-$K$2<$C$69,$K$72/$C$69,0)+IF(M$2-$L$2<$C$69,$L$72/$C$69,0)+IF(M$2-$M$2<$C$69,$M$72/$C$69,0) -> 1439728.7 | N73: =IF(N$2-$F$2<$C$69,$F$72/$C$69,0)+IF(N$2-$G$2<$C$69,$G$72/$C$69,0)+IF(N$2-$H$2<$C$69,$H$72/$C$69,0)+IF(N$2-$I$2<$C$69,$I$72/$C$69,0)+IF(N$2-$J$2<$C$69,$J$72/$C$69,0)+IF(N$2-$K$2<$C$69,$K$72/$C$69,0)+IF(N$2-$L$2<$C$69,$L$72/$C$69,0)+IF(N$2-$M$2<$C$69,$M$72/$C$69,0)+IF(N$2-$N$2<$C$69,$N$72/$C$69,0) -> 1579159.7 | O73: =IF(O$2-$F$2<$C$69,$F$72/$C$69,0)+IF(O$2-$G$2<$C$69,$G$72/$C$69,0)+IF(O$2-$H$2<$C$69,$H$72/$C$69,0)+IF(O$2-$I$2<$C$69,$I$72/$C$69,0)+IF(O$2-$J$2<$C$69,$J$72/$C$69,0)+IF(O$2-$K$2<$C$69,$K$72/$C$69,0)+IF(O$2-$L$2<$C$69,$L$72/$C$69,0)+IF(O$2-$M$2<$C$69,$M$72/$C$69,0)+IF(O$2-$N$2<$C$69,$N$72/$C$69,0)+IF(O$2-$O$2<$C$69,$O$72/$C$69,0) -> 1692045.3 | P73: =IF(P$2-$F$2<$C$69,$F$72/$C$69,0)+IF(P$2-$G$2<$C$69,$G$72/$C$69,0)+IF(P$2-$H$2<$C$69,$H$72/$C$69,0)+IF(P$2-$I$2<$C$69,$I$72/$C$69,0)+IF(P$2-$J$2<$C$69,$J$72/$C$69,0)+IF(P$2-$K$2<$C$69,$K$72/$C$69,0)+IF(P$2-$L$2<$C$69,$L$72/$C$69,0)+IF(P$2-$M$2<$C$69,$M$72/$C$69,0)+IF(P$2-$N$2<$C$69,$N$72/$C$69,0)+IF(P$2-$O$2<$C$69,$O$72/$C$69,0)+IF(P$2-$P$2<$C$69,$P$72/$C$69,0) -> 1801738.9 | Q73: =IF(Q$2-$F$2<$C$69,$F$72/$C$69,0)+IF(Q$2-$G$2<$C$69,$G$72/$C$69,0)+IF(Q$2-$H$2<$C$69,$H$72/$C$69,0)+IF(Q$2-$I$2<$C$69,$I$72/$C$69,0)+IF(Q$2-$J$2<$C$69,$J$72/$C$69,0)+IF(Q$2-$K$2<$C$69,$K$72/$C$69,0)+IF(Q$2-$L$2<$C$69,$L$72/$C$69,0)+IF(Q$2-$M$2<$C$69,$M$72/$C$69,0)+IF(Q$2-$N$2<$C$69,$N$72/$C$69,0)+IF(Q$2-$O$2<$C$69,$O$72/$C$69,0)+IF(Q$2-$P$2<$C$69,$P$72/$C$69,0)+IF(Q$2-$Q$2<$C$69,$Q$72/$C$69,0) -> 1905155.4 | R73: =IF(R$2-$F$2<$C$69,$F$72/$C$69,0)+IF(R$2-$G$2<$C$69,$G$72/$C$69,0)+IF(R$2-$H$2<$C$69,$H$72/$C$69,0)+IF(R$2-$I$2<$C$69,$I$72/$C$69,0)+IF(R$2-$J$2<$C$69,$J$72/$C$69,0)+IF(R$2-$K$2<$C$69,$K$72/$C$69,0)+IF(R$2-$L$2<$C$69,$L$72/$C$69,0)+IF(R$2-$M$2<$C$69,$M$72/$C$69,0)+IF(R$2-$N$2<$C$69,$N$72/$C$69,0)+IF(R$2-$O$2<$C$69,$O$72/$C$69,0)+IF(R$2-$P$2<$C$69,$P$72/$C$69,0)+IF(R$2-$Q$2<$C$69,$Q$72/$C$69,0)+IF(R$2-$R$2<$C$69,$R$72/$C$69,0) -> 2000883.7 | S73: =IF(S$2-$F$2<$C$69,$F$72/$C$69,0)+IF(S$2-$G$2<$C$69,$G$72/$C$69,0)+IF(S$2-$H$2<$C$69,$H$72/$C$69,0)+IF(S$2-$I$2<$C$69,$I$72/$C$69,0)+IF(S$2-$J$2<$C$69,$J$72/$C$69,0)+IF(S$2-$K$2<$C$69,$K$72/$C$69,0)+IF(S$2-$L$2<$C$69,$L$72/$C$69,0)+IF(S$2-$M$2<$C$69,$M$72/$C$69,0)+IF(S$2-$N$2<$C$69,$N$72/$C$69,0)+IF(S$2-$O$2<$C$69,$O$72/$C$69,0)+IF(S$2-$P$2<$C$69,$P$72/$C$69,0)+IF(S$2-$Q$2<$C$69,$Q$72/$C$69,0)+IF(S$2-$R$2<$C$69,$R$72/$C$69,0)+IF(S$2-$S$2<$C$69,$S$72/$C$69,0) -> 2089186.4 | T73: =IF(T$2-$F$2<$C$69,$F$72/$C$69,0)+IF(T$2-$G$2<$C$69,$G$72/$C$69,0)+IF(T$2-$H$2<$C$69,$H$72/$C$69,0)+IF(T$2-$I$2<$C$69,$I$72/$C$69,0)+IF(T$2-$J$2<$C$69,$J$72/$C$69,0)+IF(T$2-$K$2<$C$69,$K$72/$C$69,0)+IF(T$2-$L$2<$C$69,$L$72/$C$69,0)+IF(T$2-$M$2<$C$69,$M$72/$C$69,0)+IF(T$2-$N$2<$C$69,$N$72/$C$69,0)+IF(T$2-$O$2<$C$69,$O$72/$C$69,0)+IF(T$2-$P$2<$C$69,$P$72/$C$69,0)+IF(T$2-$Q$2<$C$69,$Q$72/$C$69,0)+IF(T$2-$R$2<$C$69,$R$72/$C$69,0)+IF(T$2-$S$2<$C$69,$S$72/$C$69,0)+IF(T$2-$T$2<$C$69,$T$72/$C$69,0) -> 2167000.7 | U73: =IF(U$2-$F$2<$C$69,$F$72/$C$69,0)+IF(U$2-$G$2<$C$69,$G$72/$C$69,0)+IF(U$2-$H$2<$C$69,$H$72/$C$69,0)+IF(U$2-$I$2<$C$69,$I$72/$C$69,0)+IF(U$2-$J$2<$C$69,$J$72/$C$69,0)+IF(U$2-$K$2<$C$69,$K$72/$C$69,0)+IF(U$2-$L$2<$C$69,$L$72/$C$69,0)+IF(U$2-$M$2<$C$69,$M$72/$C$69,0)+IF(U$2-$N$2<$C$69,$N$72/$C$69,0)+IF(U$2-$O$2<$C$69,$O$72/$C$69,0)+IF(U$2-$P$2<$C$69,$P$72/$C$69,0)+IF(U$2-$Q$2<$C$69,$Q$72/$C$69,0)+IF(U$2-$R$2<$C$69,$R$72/$C$69,0)+IF(U$2-$S$2<$C$69,$S$72/$C$69,0)+IF(U$2-$T$2<$C$69,$T$72/$C$69,0)+IF(U$2-$U$2<$C$69,$U$72/$C$69,0) -> 2147554.5 | V73: =IF(V$2-$F$2<$C$69,$F$72/$C$69,0)+IF(V$2-$G$2<$C$69,$G$72/$C$69,0)+IF(V$2-$H$2<$C$69,$H$72/$C$69,0)+IF(V$2-$I$2<$C$69,$I$72/$C$69,0)+IF(V$2-$J$2<$C$69,$J$72/$C$69,0)+IF(V$2-$K$2<$C$69,$K$72/$C$69,0)+IF(V$2-$L$2<$C$69,$L$72/$C$69,0)+IF(V$2-$M$2<$C$69,$M$72/$C$69,0)+IF(V$2-$N$2<$C$69,$N$72/$C$69,0)+IF(V$2-$O$2<$C$69,$O$72/$C$69,0)+IF(V$2-$P$2<$C$69,$P$72/$C$69,0)+IF(V$2-$Q$2<$C$69,$Q$72/$C$69,0)+IF(V$2-$R$2<$C$69,$R$72/$C$69,0)+IF(V$2-$S$2<$C$69,$S$72/$C$69,0)+IF(V$2-$T$2<$C$69,$T$72/$C$69,0)+IF(V$2-$U$2<$C$69,$U$72/$C$69,0)+IF(V$2-$V$2<$C$69,$V$72/$C$69,0) -> 2058111.6 | W73: =IF(W$2-$F$2<$C$69,$F$72/$C$69,0)+IF(W$2-$G$2<$C$69,$G$72/$C$69,0)+IF(W$2-$H$2<$C$69,$H$72/$C$69,0)+IF(W$2-$I$2<$C$69,$I$72/$C$69,0)+IF(W$2-$J$2<$C$69,$J$72/$C$69,0)+IF(W$2-$K$2<$C$69,$K$72/$C$69,0)+IF(W$2-$L$2<$C$69,$L$72/$C$69,0)+IF(W$2-$M$2<$C$69,$M$72/$C$69,0)+IF(W$2-$N$2<$C$69,$N$72/$C$69,0)+IF(W$2-$O$2<$C$69,$O$72/$C$69,0)+IF(W$2-$P$2<$C$69,$P$72/$C$69,0)+IF(W$2-$Q$2<$C$69,$Q$72/$C$69,0)+IF(W$2-$R$2<$C$69,$R$72/$C$69,0)+IF(W$2-$S$2<$C$69,$S$72/$C$69,0)+IF(W$2-$T$2<$C$69,$T$72/$C$69,0)+IF(W$2-$U$2<$C$69,$U$72/$C$69,0)+IF(W$2-$V$2<$C$69,$V$72/$C$69,0)+IF(W$2-$W$2<$C$69,$W$72/$C$69,0) -> 1902197.9 | X73: =IF(X$2-$F$2<$C$69,$F$72/$C$69,0)+IF(X$2-$G$2<$C$69,$G$72/$C$69,0)+IF(X$2-$H$2<$C$69,$H$72/$C$69,0)+IF(X$2-$I$2<$C$69,$I$72/$C$69,0)+IF(X$2-$J$2<$C$69,$J$72/$C$69,0)+IF(X$2-$K$2<$C$69,$K$72/$C$69,0)+IF(X$2-$L$2<$C$69,$L$72/$C$69,0)+IF(X$2-$M$2<$C$69,$M$72/$C$69,0)+IF(X$2-$N$2<$C$69,$N$72/$C$69,0)+IF(X$2-$O$2<$C$69,$O$72/$C$69,0)+IF(X$2-$P$2<$C$69,$P$72/$C$69,0)+IF(X$2-$Q$2<$C$69,$Q$72/$C$69,0)+IF(X$2-$R$2<$C$69,$R$72/$C$69,0)+IF(X$2-$S$2<$C$69,$S$72/$C$69,0)+IF(X$2-$T$2<$C$69,$T$72/$C$69,0)+IF(X$2-$U$2<$C$69,$U$72/$C$69,0)+IF(X$2-$V$2<$C$69,$V$72/$C$69,0)+IF(X$2-$W$2<$C$69,$W$72/$C$69,0)+IF(X$2-$X$2<$C$69,$X$72/$C$69,0) -> 1675656.7 | Y73: =IF(Y$2-$F$2<$C$69,$F$72/$C$69,0)+IF(Y$2-$G$2<$C$69,$G$72/$C$69,0)+IF(Y$2-$H$2<$C$69,$H$72/$C$69,0)+IF(Y$2-$I$2<$C$69,$I$72/$C$69,0)+IF(Y$2-$J$2<$C$69,$J$72/$C$69,0)+IF(Y$2-$K$2<$C$69,$K$72/$C$69,0)+IF(Y$2-$L$2<$C$69,$L$72/$C$69,0)+IF(Y$2-$M$2<$C$69,$M$72/$C$69,0)+IF(Y$2-$N$2<$C$69,$N$72/$C$69,0)+IF(Y$2-$O$2<$C$69,$O$72/$C$69,0)+IF(Y$2-$P$2<$C$69,$P$72/$C$69,0)+IF(Y$2-$Q$2<$C$69,$Q$72/$C$69,0)+IF(Y$2-$R$2<$C$69,$R$72/$C$69,0)+IF(Y$2-$S$2<$C$69,$S$72/$C$69,0)+IF(Y$2-$T$2<$C$69,$T$72/$C$69,0)+IF(Y$2-$U$2<$C$69,$U$72/$C$69,0)+IF(Y$2-$V$2<$C$69,$V$72/$C$69,0)+IF(Y$2-$W$2<$C$69,$W$72/$C$69,0)+IF(Y$2-$X$2<$C$69,$X$72/$C$69,0)+IF(Y$2-$Y$2<$C$69,$Y$72/$C$69,0) -> 1431608.6 | Z73: =IF(Z$2-$F$2<$C$69,$F$72/$C$69,0)+IF(Z$2-$G$2<$C$69,$G$72/$C$69,0)+IF(Z$2-$H$2<$C$69,$H$72/$C$69,0)+IF(Z$2-$I$2<$C$69,$I$72/$C$69,0)+IF(Z$2-$J$2<$C$69,$J$72/$C$69,0) -> 0 | AA73: =IF(AA$2-$F$2<$C$69,$F$72/$C$69,0)+IF(AA$2-$G$2<$C$69,$G$72/$C$69,0)+IF(AA$2-$H$2<$C$69,$H$72/$C$69,0)+IF(AA$2-$I$2<$C$69,$I$72/$C$69,0)+IF(AA$2-$J$2<$C$69,AA$72/$C$69,0) -> 0 | AB73: =IF(AB$2-$F$2<$C$69,$F$72/$C$69,0)+IF(AB$2-$G$2<$C$69,$G$72/$C$69,0)+IF(AB$2-$H$2<$C$69,$H$72/$C$69,0)+IF(AB$2-$I$2<$C$69,$I$72/$C$69,0)+IF(AB$2-$J$2<$C$69,AB$72/$C$69,0) -> 0 | AC73: =IF(AC$2-$F$2<$C$69,$F$72/$C$69,0)+IF(AC$2-$G$2<$C$69,$G$72/$C$69,0)+IF(AC$2-$H$2<$C$69,$H$72/$C$69,0)+IF(AC$2-$I$2<$C$69,$I$72/$C$69,0) -> 0 | AD73: =IF(AD$2-$F$2<$C$69,$F$72/$C$69,0)+IF(AD$2-$G$2<$C$69,$G$72/$C$69,0)+IF(AD$2-$H$2<$C$69,$H$72/$C$69,0)+IF(AD$2-$I$2<$C$69,$I$72/$C$69,0) -> 0 | AE73: =IF(AE$2-$F$2<$C$69,$F$72/$C$69,0)+IF(AE$2-$G$2<$C$69,$G$72/$C$69,0)+IF(AE$2-$H$2<$C$69,$H$72/$C$69,0)+IF(AE$2-$I$2<$C$69,$I$72/$C$69,0) -> 0 | AF73: =IF(AF$2-$F$2<$C$69,$F$72/$C$69,0)+IF(AF$2-$G$2<$C$69,$G$72/$C$69,0)+IF(AF$2-$H$2<$C$69,$H$72/$C$69,0)+IF(AF$2-$I$2<$C$69,$I$72/$C$69,0) -> 0 | AG73: =IF(AG$2-$F$2<$C$69,$F$72/$C$69,0)+IF(AG$2-$G$2<$C$69,$G$72/$C$69,0)+IF(AG$2-$H$2<$C$69,$H$72/$C$69,0)+IF(AG$2-$I$2<$C$69,$I$72/$C$69,0) -> 0 | AH73: =IF(AH$2-$F$2<$C$69,$F$72/$C$69,0)+IF(AH$2-$G$2<$C$69,$G$72/$C$69,0)+IF(AH$2-$H$2<$C$69,$H$72/$C$69,0)+IF(AH$2-$I$2<$C$69,$I$72/$C$69,0) -> 0 | AI73: =IF(AI$2-$F$2<$C$69,$F$72/$C$69,0)+IF(AI$2-$G$2<$C$69,$G$72/$C$69,0)+IF(AI$2-$H$2<$C$69,$H$72/$C$69,0)+IF(AI$2-$I$2<$C$69,$I$72/$C$69,0) -> 0
B74: NBV at BEG of Year | E74: =F72*0.081 -> 97666.191 | F74: =F72 -> 1205755.4 | G74: =F74+G72-F73 -> 3132219.9 | H74: =G74+H72-G73 -> 5577519.9 | I74: =H74+I72-H73 -> 8584165.5 | J74: =I74+J72-I73 -> 11626874 | K74: =J74+K72-J73 -> 14101740 | L74: =K74+L72-K73 -> 15930504 | M74: =L74+M72-L73 -> 17066562 | N74: =M74+N72-M73 -> 17718299 | ... AI74: =AH74+AI72-AH73 -> #REF!
B75: NBV at END of Year | F75: =F72-F73 -> 1125371.7 | G75: =F75+G72-G73 -> 2918046.3 | H75: =G75+H72-H73 -> 5186048.1 | I75: =H75+I72-I73 -> 7966152.5 | J75: =I75+J72-J73 -> 10764813 | K75: =J75+K72-K73 -> 13017218 | L75: =K75+L72-L73 -> 14651762 | M75: =L75+M72-M73 -> 15626834 | N75: =M75+N72-N73 -> 16139139 | ... AI75: =AH75+AI72-AI73 -> #REF!
A76: Dollars Collected From Customers/ Year related to investment | F76: =(AVERAGE(F74:F75)*$C$70) -> 89145.975 | G76: =(AVERAGE(G74:G75)*$C$70) -> 231371.71 | H76: =(AVERAGE(H74:H75)*$C$70) -> 411615.79 | I76: =(AVERAGE(I74:I75)*$C$70) -> 632910.23 | J76: =(AVERAGE(J74:J75)*$C$70) -> 856293.39 | K76: =(AVERAGE(K74:K75)*$C$70) -> 1037071.7 | L76: =(AVERAGE(L74:L75)*$C$70) -> 1169514.1 | M76: =(AVERAGE(M74:M75)*$C$70) -> 1250246.9 | ... AI76: =(AVERAGE(AI74:AI75)*$C$70) -> #REF!
B77: Total Carrying Cost plus principle | F77: =F76+F73 -> 169529.67 | G77: =G76+G73 -> 445545.28 | H77: =H76+H73 -> 803087.6 | I77: =I76+I73 -> 1250923.2 | J77: =J76+J73 -> 1718354.5 | K77: =K76+K73 -> 2121594.6 | L77: =L76+L73 -> 2448256.1 | M77: =M76+M73 -> 2689975.6 | ... AI77: =AI76+AI73 -> #REF!
B78: Total Amount SPENT on program | E78: =E72+E$44 -> 3449794.9 | F78: =F56 -> 4593333 | G78: =G56 -> 5262600 | H78: =H56 -> 5765226 | I78: =I56 -> 6267878.3 | J78: =J56 -> 6270557 | K78: =K56 -> 5773262.6 | L78: =L56 -> 5275995.2 | M78: =M56 -> 4778755.2 | ... Y78: =Y56 -> 5689773.8 | Z78: =Z72+Z44 -> #REF! | AA78: =AA72+AA44 -> #REF! | AB78: =AB72+AB44 -> #REF! | AC78: =AC72+AC44 -> #REF! | AD78: =AD72+AD44 -> #REF! | AE78: =AE72+AE44 -> #REF! | AF78: =AF72+AF44 -> #REF! | AG78: =AG72+AG44 -> #REF! | ... AI78: =AI72+AI44 -> #REF!
B79: Total Amount collected through EEC | C79: Now BAU+CC-Additional Invest | E79: =E$44+E76 -> 3449794.9 | F79: =F$44+F77-F71 -> 3557107.2 | G79: =G$44+G77-G71 -> 3701297.1 | H79: =H$44+H77-H71 -> 3908840.1 | I79: =I$44+I77-I71 -> 4120684 | J79: =J$44+J77-J71 -> 4328189.8 | K79: =K$44+K77-K71 -> 4557929.9 | L79: =L$44+L77-L71 -> 4810964.4 | M79: =M$44+M77-M71 -> 5053931 | ... Y79: =Y$44+Y77-Y71 -> 7633930.3 | Z79: =Z56+Z77 -> #REF! | AA79: =AA56+AA77 -> #REF! | AB79: =AB56+AB77 -> #REF! | AC79: =AC56+AC77 -> #REF! | AD79: =AD56+AD77 -> #REF! | AE79: =AE56+AE77 -> #REF! | AF79: =AF56+AF77 -> #REF! | AG79: =AG56+AG77 -> #REF! | ... AJ79: =AJ56+AJ77 -> 0
B80: EEU Charge | E80: =E79/E23 -> 0.35302955 | F80: =F79/F23 -> 0.36283828 | G80: =G79/G23 -> 0.3759299 | H80: =H79/H23 -> 0.39474991 | I80: =I79/I23 -> 0.41377061 | J80: =J79/J23 -> 0.43421009 | K80: =K79/K23 -> 0.4571844 | L80: =L79/L23 -> 0.48250101 | ... AI80: =AI79/AI23 -> #REF!
B81: % change year over year | F81: =F80/E80-1 -> 0.027784449 | G81: =G80/F80-1 -> 0.036081129 | H81: =H80/G80-1 -> 0.05006256 | I81: =I80/H80-1 -> 0.048184191 | J81: =J80/I80-1 -> 0.04939808 | K81: =K80/J80-1 -> 0.052910592 | L81: =L80/K80-1 -> 0.055375038 | M81: =M80/L80-1 -> 0.05039233 | ... AI81: =AI80/AH80-1 -> #REF!
B82: % change from base spending | F82: =F80/F45-1 -> 0.027300377 | G82: =G80/G45-1 -> 0.063361393 | H82: =H80/H45-1 -> 0.11497891 | I82: =I80/I45-1 -> 0.16741168 | J82: =J80/J45-1 -> 0.22443888 | K82: =K80/K45-1 -> 0.2888851 | L82: =L80/L45-1 -> 0.35990985 | M82: =M80/M45-1 -> 0.42808555 | ... AG82: =AG80/AG45-1 -> #REF!
D83: orig % change year over year | F83: 0.023974227 | G83: 0.032252421 | H83: 0.046306518 | I83: 0.041245239 | J83: 0.049435022 | K83: 0.053828888 | L83: 0.045273689 | M83: 0.041296731 | N83: 0.047775733 | O83: 0.034153689 | P83: 0.040849299 | Q83: 0.041499722 | R83: 0.037781413 | S83: 0.038164335 | T83: 0.045015507 | U83: 0.036988888 | V83: 0.021393479 | W83: 0.025493552 | X83: 0.029535086 | Y83: -0.021243767
B84: EEC Collection DRP | D84: orig % change from base spending | F84: 0.023491949 | G84: 0.055504328 | H84: 0.10278167 | I84: 0.14699717 | J84: 0.20306948 | K84: 0.26749544 | L84: 0.32454136 | M84: 0.37889943 | N84: 0.44443137 | O84: 0.49341795 | P84: 0.55442031 | Q84: 0.61893584 | R84: 0.68012003 | S84: 0.74427097 | T84: 0.82283338 | U84: 0.89031466 | V84: 0.93082512 | W84: 0.980133 | X84: 1.0387159 | Y84: 0.99551583
B85: R | E85: =E38 -> 1886585.3 | F85: =F38*(1+F$82) -> 1945015.4 | G85: =G38*(1+G$82) -> 2025801.5 | H85: =H38*(1+H$82) -> 2144693.2 | I85: =I38*(1+I$82) -> 2263570.2 | J85: =J38*(1+J$82) -> 2382651.5 | K85: =K38*(1+K$82) -> 2511374.1 | L85: =L38*(1+L$82) -> 2653125.8 | M85: =M38*(1+M$82) -> 2789519.6 | ... AI85: =AI38*(1+AI$82) -> 1919302
B86: G1 | E86: =E39 -> 279614.06 | F86: =F39*(1+F$82) -> 290795.49 | G86: =G39*(1+G$82) -> 304735.46 | H86: =H39*(1+H$82) -> 323601.78 | I86: =I39*(1+I$82) -> 343320.75 | J86: =J39*(1+J$82) -> 360566.45 | K86: =K39*(1+K$82) -> 380617.31 | L86: =L39*(1+L$82) -> 402702.47 | M86: =M39*(1+M$82) -> 424035.63 | ... AI86: =AI39*(1+AI$82) -> 297358.04
B87: G2 | E87: =E40 -> 70339.808 | F87: =F40*(1+F$82) -> 72164.646 | G87: =G40*(1+G$82) -> 74723.273 | H87: =H40*(1+H$82) -> 78295.924 | I87: =I40*(1+I$82) -> 82175.509 | J87: =J40*(1+J$82) -> 86031.161 | K87: =K40*(1+K$82) -> 90472.32 | L87: =L40*(1+L$82) -> 95365.931 | M87: =M40*(1+M$82) -> 100050.14 | ... AI87: =AI40*(1+AI$82) -> 68534.476
B88: G3 | E88: =E41 -> 248640.75 | F88: =F41*(1+F$82) -> 255515.65 | G88: =G41*(1+G$82) -> 265383.86 | H88: =H41*(1+H$82) -> 279334.54 | I88: =I41*(1+I$82) -> 294564.47 | J88: =J41*(1+J$82) -> 306597.01 | K88: =K41*(1+K$82) -> 320684.01 | L88: =L41*(1+L$82) -> 336186.85 | M88: =M41*(1+M$82) -> 350757.66 | ... AI88: =AI41*(1+AI$82) -> 200891.82
B89: G4 | E89: =E42 -> 405502.19 | F89: =F42*(1+F$82) -> 418909.57 | G89: =G42*(1+G$82) -> 435760.3 | H89: =H42*(1+H$82) -> 459144.69 | I89: =I42*(1+I$82) -> 483528.81 | J89: =J42*(1+J$82) -> 506604.33 | K89: =K42*(1+K$82) -> 532950.03 | L89: =L42*(1+L$82) -> 561974.29 | M89: =M42*(1+M$82) -> 589777.41 | ... AI89: =AI42*(1+AI$82) -> 392048.95
B90: I | E90: =E43 -> 559112.79 | F90: =F43*(1+F$82) -> 574706.46 | G90: =G43*(1+G$82) -> 594892.77 | H90: =H43*(1+H$82) -> 623769.96 | I90: =I43*(1+I$82) -> 653524.34 | J90: =J43*(1+J$82) -> 685739.42 | K90: =K43*(1+K$82) -> 721832.12 | L90: =L43*(1+L$82) -> 761609.1 | M90: =M43*(1+M$82) -> 799790.48 | ... AI90: =AI43*(1+AI$82) -> 560043.81
B91: Total Amount Collected through EEC | E91: =SUM(E85:E90) -> 3449794.9 | F91: =SUM(F85:F90) -> 3557107.2 | G91: =SUM(G85:G90) -> 3701297.1 | H91: =SUM(H85:H90) -> 3908840.1 | I91: =SUM(I85:I90) -> 4120684 | J91: =SUM(J85:J90) -> 4328189.8 | K91: =SUM(K85:K90) -> 4557929.9 | L91: =SUM(L85:L90) -> 4810964.4 | ... AI91: =SUM(AI85:AI90) -> 3438179.1
B92: Average EEU charge | E92: =E91/E23 -> 0.35302955 | F92: =F91/F23 -> 0.36283828 | G92: =G91/G23 -> 0.3759299 | H92: =H91/H23 -> 0.39474991 | I92: =I91/I23 -> 0.41377061 | J92: =J91/J23 -> 0.43421009 | K92: =K91/K23 -> 0.4571844 | L92: =L91/L23 -> 0.48250101 | ... AI92: =AI91/AI23 -> 0.35464708
B93: Increase in EEU charge | F93: =F92/E92-1 -> 0.027784449 | G93: =G92/F92-1 -> 0.036081129 | H93: =H92/G92-1 -> 0.05006256 | I93: =I92/H92-1 -> 0.048184191 | J93: =J92/I92-1 -> 0.04939808 | K93: =K92/J92-1 -> 0.052910592 | L93: =L92/K92-1 -> 0.055375038 | M93: =M92/L92-1 -> 0.05039233 | ... AI93: =AI92/AH92-1 -> -0.00011707259
F95: =F78-F72+F77 -> 3557107.2 | G95: =G78-G72+G77 -> 3701297.1 | H95: =H78-H72+H77 -> 3908840.1
F96: Total budget-loan+cc = EEC
F97: =F44+F77-F71 -> 3557107.2
F98: EEC=total budget - (projected loan +CC)
F99: =F78-F72+F77 -> 3557107.2
B101: Proposed EEC as % of Revenue
B102: R | F102: =F85/(F26+F85-F38) -> 0.03911339 | G102: =G85/(G26+G85-G38) -> 0.040126249 | H102: =H85/(H26+H85-H38) -> 0.041612705 | I102: =I85/(I26+I85-I38) -> 0.043238451 | J102: =J85/(J26+J85-J38) -> 0.044865575 | K102: =K85/(K26+K85-K38) -> 0.047115737 | L102: =L85/(L26+L85-L38) -> 0.049583342 | M102: =M85/(M26+M85-M38) -> 0.05193997 | ... Y102: =Y85/(Y26+Y85-Y38) -> 0.077333711
B103: G1 | F103: =F86/(F27+F86-F39) -> 0.040391129 | G103: =G86/(G27+G86-G39) -> 0.041364684 | H103: =H86/(H27+H86-H39) -> 0.042788122 | I103: =I86/(I27+I86-I39) -> 0.044403089 | J103: =J86/(J27+J86-J39) -> 0.04592982 | K103: =K86/(K27+K86-K39) -> 0.048230662 | L103: =L86/(L27+L86-L39) -> 0.050753549 | M103: =M86/(M27+M86-M39) -> 0.053162685 | ... Y103: =Y86/(Y27+Y86-Y39) -> 0.079104339
B104: G2 | F104: =F87/(F28+F87-F40) -> 0.040157859 | G104: =G87/(G28+G87-G40) -> 0.041198008 | H104: =H87/(H28+H87-H40) -> 0.042666248 | I104: =I87/(I28+I87-I40) -> 0.044358896 | J104: =J87/(J28+J87-J40) -> 0.046206692 | K104: =K87/(K28+K87-K40) -> 0.048520698 | L104: =L87/(L28+L87-L40) -> 0.051057942 | M104: =M87/(M28+M87-M40) -> 0.053480713 | ... Y104: =Y87/(Y28+Y87-Y40) -> 0.079564514
B105: G3 | F105: =F88/(F29+F88-F41) -> 0.042993032 | G105: =G88/(G29+G88-G41) -> 0.043949517 | H105: =H88/(H29+H88-H41) -> 0.045359197 | I105: =I88/(I29+I88-I41) -> 0.046954344 | J105: =J88/(J29+J88-J41) -> 0.048394209 | K105: =K88/(K29+K88-K41) -> 0.050811929 | L105: =L88/(L29+L88-L41) -> 0.053462254 | M105: =M88/(M29+M88-M41) -> 0.05599238 | ... Y105: =Y88/(Y29+Y88-Y41) -> 0.08319351
B106: G4 | F106: =F89/(F30+F89-F42) -> 0.043142965 | G106: =G89/(G30+G89-G42) -> 0.044135392 | H106: =H89/(H30+H89-H42) -> 0.045580646 | I106: =I89/(I30+I89-I42) -> 0.047249076 | J106: =J89/(J30+J89-J42) -> 0.04889708 | K106: =K89/(K30+K89-K42) -> 0.051338567 | L106: =L89/(L30+L89-L42) -> 0.054014798 | M106: =M89/(M30+M89-M42) -> 0.056569512 | ... Y106: =Y89/(Y30+Y89-Y42) -> 0.084026056
B107: I | F107: =F90/(F33+F90-F43) -> 0.052692177 | G107: =G90/(G33+G90-G43) -> 0.053394672 | H107: =H90/(H33+H90-H43) -> 0.055060249 | I107: =I90/(I33+I90-I43) -> 0.056330235 | J107: =J90/(J33+J90-J43) -> 0.058384718 | K107: =K90/(K33+K90-K43) -> 0.061269417 | L107: =L90/(L33+L90-L43) -> 0.064428176 | M107: =M90/(M33+M90-M43) -> 0.067440294 | ... Y107: =Y90/(Y33+Y90-Y43) -> 0.099615962
...

Sheet Over Under True Up
C1: Collections
A2: 2020 | B2: JAN | C2: 512134.77 | D2: Actual
A3: 2020 | B3: FEB | C3: 526042.35 | D3: Actual
A4: 2020 | B4: MAR | C4: 424165.97 | D4: Actual
A5: 2020 | B5: APR | C5: 337017.69 | D5: Actual
A6: 2020 | B6: MAY | C6: 266965.76 | D6: Actual
A7: 2020 | B7: JUN | C7: 137398.34 | D7: Actual
A8: 2020 | B8: JUL | C8: 107139.98 | D8: Actual
A9: 2020 | B9: AUG | C9: 103988.96 | D9: Actual
A10: 2020 | B10: SEP | C10: 117670.06 | D10: Actual
A11: 2020 | B11: OCT | C11: 155578.63 | D11: Actual
A12: 2020 | B12: NOV | C12: 255549.97 | D12: Actual
A13: 2020 | B13: DEC | C13: 393392.14 | D13: Actual
... A37: 2022 | B37: DEC | C37: 443527.22 | D37: Estimated
B39: 2020 True up (actual) | E39: 2021 True Up (actual) | H39: 2022 True Up (actual Jan to Aug 2022 and estimated Sept 2022 to Dec 2022)
B40: 2020 Actual inc interest | C40: =SUM(C2:C13) -> 3337044.6 | E40: 2021 Actual excludes interest | F40: =SUM(C14:C25) -> 3408789.9 | H40: 2022 Actual (excludes interest) | I40: =SUM(C26:C37) -> 3739792.2
B41: Projected EEC 2020 Collections | C41: 3385746 | E41: Projected EEC 2021 Collections | F41: 3601161 | H41: Projected EEC 2021 Collections | I41: 3763300
B42: Under Collected | C42: =C40-C41 -> -48701.397 | E42: Under Collected | F42: =F40-F41 -> -192371.1 | H42: Under Collected | I42: =I40-I41 -> -23507.839
B44: Under Collections already estimated in EEC 2021 Calc | C44: -3593 | E44: Under Collections already estimated in EEC 2021 Calc
B46: Final Under Collections (actual for 2020) | C46: =C42-C44 -> -45108.397 | E46: Final Under Collections (actual for 2020) | F46: =F42-F44 -> -192371.1
F47: -159749
F49: =F42-F47 -> -32622.1

Sheet Reallocation 2016-2017
B1: PUC order dated 9/24/2020 approving return of 177840 to ratepayer
B2: Case No. 20-2241-PET
O34: 177840 | P34: reallocation given back to ratepayer in 2021 EEC

Sheet VGS rates
C1: "BILLS RENDERED" DATE | BU1: Proposed
B2: START> | C2: 38991 | D2: 39195 | E2: 39286 | F2: 39378 | G2: 39468 | H2: 39560 | I2: 39651 | J2: 39743 | K2: 39834 | L2: 39923 | M2: 40015 | N2: 40107 | O2: 40201 | P2: 40290 | Q2: 40382 | R2: 40475 | S2: 40566 | T2: 40655 | U2: 40746 | V2: 40838 | W2: 40931 | X2: 41021 | Y2: 41111 | Z2: 41214 | AA2: 41311 | AB2: 41401 | AC2: 74364 | AD2: 41579 | AE2: 41676 | AF2: 41767 | AG2: 41858 | AH2: 41944 | AI2: 42040 | AJ2: 42130 | AK2: 42221 | AL2: 42309 | AM2: 42401 | AN2: 42495 | AO2: 42587 | AP2: 42767 | AQ2: 42891 | AR2: 42952 | AS2: 43041 | AT2: 43132 | AU2: 43224 | AV2: 43318 | AW2: 43405 | AX2: 43497 | AY2: 43591 | AZ2: 43591 | BA2: 43683 | BB2: 43770 | BC2: 43862 | BD2: 43957 | BE2: 44049 | BF2: 44136 | BG2: 44228 | BH2: 44322 | BI2: 44414 | BJ2: 44501 | BK2: 44593 | BL2: 44687 | BM2: 44779 | BQ2: Current | BU2: 44593
A3: RATE | B3: END> | C3: 39194 | D3: 39285 | E3: 39377 | F3: 39467 | G3: 39559 | H3: 39650 | I3: 39742 | J3: 39833 | K3: 39922 | L3: 40014 | M3: 40106 | N3: 40200 | O3: 40289 | P3: 40381 | Q3: 40474 | R3: 40565 | S3: 40654 | T3: 40745 | U3: 40837 | V3: 40930 | W3: 41020 | X3: 41110 | Y3: 41213 | Z3: 41310 | AA3: 41400 | AB3: 41492 | AC3: 41578 | AD3: 41675 | AE3: 41766 | AF3: 41857 | AG3: 41943 | AH3: 42039 | AI3: 42129 | AJ3: 42220 | AK3: 42308 | AL3: 42400 | AM3: 42494 | AN3: 42586 | AO3: 42766 | AP3: 42890 | AQ3: 42951 | AR3: 43040 | AS3: 43131 | AT3: 43223 | AU3: 43317 | AV3: 43404 | AW3: 43496 | AX3: 43590 | AY3: 43682 | AZ3: 43682 | BA3: 43769 | BB3: 43861 | BC3: 43956 | BD3: 44048 | BE3: 44135 | BF3: 43861 | BG3: 44321 | BH3: 44413 | BI3: 44500 | BJ3: 44227 | BK3: 44686 | BL3: 44778 | BM3: 44865 | BU3: EEC based on EEC 2021 proposal
A4: R | B4: ACCESS | C4: 0.4772 | D4: 0.4772 | E4: 0.4772 | F4: 0.4772 | G4: 0.5873 | H4: 0.5873 | I4: 0.5873 | J4: =I4 -> 0.5873 | K4: 0.6099 | L4: =K4 -> 0.6099 | M4: =L4 -> 0.6099 | N4: =M4 -> 0.6099 | O4: 0.6075 | P4: =O4 -> 0.6075 | Q4: =P4 -> 0.6075 | R4: =Q4 -> 0.6075 | S4: 0.6138 | T4: 0.6138 | U4: =T4 -> 0.6138 | V4: =U4 -> 0.6138 | W4: 0.6188 | X4: =W4 -> 0.6188 | Y4: =X4 -> 0.6188 | Z4: 0.6376 | AA4: 0.6376 | AB4: 0.6376 | AC4: 0.6376 | AD4: 0.6809 | AE4: =AD4 -> 0.6809 | AF4: =+AE4 -> 0.6809 | AG4: =+AF4 -> 0.6809 | AH4: 0.6602 | AI4: =+AH4 -> 0.6602 | AJ4: 0.6602 | AK4: 0.6602 | AL4: 0.6701 | AM4: 0.6701 | AN4: 0.6701 | AO4: 0.6718 | AP4: 0.6718 | AQ4: 0.6718 | AR4: 0.6718 | AS4: 0.6987 | AT4: 0.6987 | AU4: 0.6987 | AV4: 0.6987 | AW4: 0.726 | AX4: 0.726 | AY4: =AX4 -> 0.726 | AZ4: =AY4 -> 0.726 | BA4: =AZ4 -> 0.726 | BB4: 0.7622 | BC4: 0.7622 | BD4: 0.7622 | BE4: 0.7622 | BF4: 0.7622 | BG4: 0.7622 | BH4: 0.7622 | BI4: 0.7622 | BJ4: 0.7771 | BK4: 0.7771 | BL4: 0.7771 | BM4: 0.7771 | BO4: TOTAL | BQ4: 0.7771 | BS4: TOTAL | BU4: =BQ4 -> 0.7771 | CA4: TOTAL
B5: GAS | C5: 0.9894 | D5: 1.0737 | E5: 1.1525 | F5: 1.104 | G5: 1.0909 | H5: 1.0944 | I5: 1.2496 | J5: 1.2118 | K5: 1.0644 | L5: 0.888 | M5: 0.883 | N5: 0.8657 | O5: 0.8375 | P5: 0.9106 | Q5: 0.9073 | R5: 0.8749 | S5: 0.8306 | T5: 0.8306 | U5: 0.9681 | V5: 0.9547 | W5: 0.8427 | X5: 0.7996 | Y5: 0.7466 | Z5: 0.747 | AA5: 0.7718 | AB5: 0.7416 | AC5: 0.7227 | AD5: 0.5937 | AE5: 0.5663 | AF5: 0.5948 | AG5: 0.6482 | AH5: 0.6506 | AI5: 0.6075 | AJ5: 0.5989 | AK5: 0.5955 | AL5: 0.5472 | AM5: 0.5295 | AN5: 0.5041 | AO5: 0.5368 | AP5: 0.5034 | AQ5: 0.5221 | AR5: 0.5141 | AS5: 0.5131 | AT5: 0.5088 | AU5: 0.4351 | AV5: 0.4291 | AW5: 0.4188 | AX5: 0.4176 | AY5: 0.3695 | AZ5: 0.3695 | BA5: 0.3461 | BB5: 0.3236 | BC5: 0.3063 | BD5: 0.3033 | BE5: 0.3411 | BF5: 0.3602 | BG5: 0.3682 | BH5: 0.4004 | BI5: 0.418 | BJ5: 0.4408 | BK5: 0.4918 | BL5: 0.4918 | BM5: 0.6247 | BN5: } | BO5: =BM5+BM6+BM7 -> 1.3392 | BP5: /ccf | BQ5: 0.6247 | BR5: } | BS5: =BQ5+BQ6+BQ7 -> 1.3392 | BT5: /ccf | BU5: =BQ5 -> 0.6247 | BZ5: }
B6: DISTRIBUTION | C6: 0.3735 | D6: 0.3735 | E6: 0.3735 | F6: 0.3735 | G6: 0.4597 | H6: 0.4597 | I6: 0.4597 | J6: =I6 -> 0.4597 | K6: 0.4774 | L6: =K6 -> 0.4774 | M6: =L6 -> 0.4774 | N6: =M6 -> 0.4774 | O6: 0.4756 | P6: =O6 -> 0.4756 | Q6: =P6 -> 0.4756 | R6: =Q6 -> 0.4756 | S6: 0.4805 | T6: 0.4805 | U6: =T6 -> 0.4805 | V6: =U6 -> 0.4805 | W6: 0.5604 | X6: =W6 -> 0.5604 | Y6: =X6 -> 0.5604 | Z6: 0.5774 | AA6: 0.5774 | AB6: 0.5774 | AC6: 0.5774 | AD6: 0.6073 | AE6: =AD6 -> 0.6073 | AF6: =+AE6 -> 0.6073 | AG6: =+AF6 -> 0.6073 | AH6: 0.5799 | AI6: =+AH6 -> 0.5799 | AJ6: 0.5799 | AK6: 0.5799 | AL6: 0.5886 | AM6: 0.5718 | AN6: 0.5718 | AO6: 0.5732 | AP6: 0.5732 | AQ6: 0.5732 | AR6: 0.5732 | AS6: 0.5962 | AT6: 0.5962 | AU6: 0.5962 | AV6: 0.5962 | AW6: 0.6195 | AX6: 0.6195 | AY6: =AX6 -> 0.6195 | AZ6: =AY6 -> 0.6195 | BA6: =AZ6 -> 0.6195 | BB6: 0.6504 | BC6: 0.6504 | BD6: 0.6504 | BE6: 0.6504 | BF6: 0.6504 | BG6: 0.6504 | BH6: 0.6504 | BI6: 0.6504 | BJ6: 0.6631 | BK6: 0.6631 | BL6: 0.6631 | BM6: 0.6631 | BQ6: 0.6631 | BU6: =BQ6 -> 0.6631
B7: EEU | AM7: 0.0453 | AN7: 0.0453 | AO7: 0.0453 | AP7: 0.0511 | AQ7: 0.0511 | AR7: 0.0511 | AS7: 0.0511 | AT7: 0.0504 | AU7: 0.0504 | AV7: 0.0504 | AW7: 0.0504 | AX7: 0.048 | AY7: =AX7 -> 0.048 | AZ7: =AY7 -> 0.048 | BA7: =AZ7 -> 0.048 | BB7: 0.048 | BC7: 0.048 | BD7: 0.048 | BE7: 0.048 | BF7: 0.048 | BG7: 0.0495 | BH7: 0.0495 | BI7: 0.0495 | BJ7: 0.0495 | BK7: 0.0514 | BL7: 0.0514 | BM7: 0.0514 | BQ7: 0.0514 | BU7: ='Prop EEC 2023 Rates'!H7 -> 0.05056 | CA7: =AW5+AW6+AW7 -> 1.0887 | CB7: /ccf
B8: LIAP | AB8: 1.39 | AC8: =+AB8 -> 1.39 | AD8: =+AC8 -> 1.39 | AE8: =+AD8 -> 1.39 | AF8: =+AE8 -> 1.39 | AG8: =+AF8 -> 1.39 | AH8: 0.78 | AI8: =+AH8 -> 0.78 | AJ8: 0.78 | AK8: 0.78 | AL8: 0.69 | AM8: 0.69 | AN8: 0.69 | AO8: 0.69 | AP8: 0.11 | AQ8: 0.11 | AR8: 0.11 | AS8: 0.11 | AT8: 0.11 | AU8: 0.11 | AV8: 0.11 | AW8: 0.11 | AX8: 0.11 | AY8: =AX8 -> 0.11 | AZ8: =AY8 -> 0.11 | BA8: =AZ8 -> 0.11 | BB8: 0.11 | BC8: 0.11 | BD8: 0.11 | BE8: 0.11 | BF8: 0.11 | BG8: 0.11 | BH8: 0.11 | BI8: 0.11 | BJ8: 0.4 | BK8: 0.4 | BL8: 0.4 | BM8: 0.4 | BQ8: 0.4 | BU8: =BQ8 -> 0.4
B9: 2018 Tax Adj | AT9: -0.0749 | AU9: -0.0749 | AV9: -0.0749 | AW9: 0 | BZ9: } | CA9: =CA7+AW9 -> 1.0887 | CB9: =CB7 -> /ccf
A11: G1 | B11: ACCESS | C11: 0.791 | D11: 0.791 | E11: 0.791 | F11: 0.791 | G11: 0.9735 | H11: 0.9735 | I11: 0.9735 | J11: =I11 -> 0.9735 | K11: 1.0109 | L11: =K11 -> 1.0109 | M11: =L11 -> 1.0109 | N11: =M11 -> 1.0109 | O11: 1.007 | P11: =O11 -> 1.007 | Q11: =P11 -> 1.007 | R11: =Q11 -> 1.007 | S11: 1.0174 | T11: 1.0174 | U11: =T11 -> 1.0174 | V11: =U11 -> 1.0174 | W11: 1.0256 | X11: =W11 -> 1.0256 | Y11: =X11 -> 1.0256 | Z11: 1.0567 | AA11: 1.0567 | AB11: 1.0567 | AC11: 1.0567 | AD11: 1.1284 | AE11: =AD11 -> 1.1284 | AF11: =+AE11 -> 1.1284 | AG11: =+AF11 -> 1.1284 | AH11: 1.094 | AI11: =+AH11 -> 1.094 | AJ11: 1.094 | AK11: 1.094 | AL11: 1.1105 | AM11: 1.1105 | AN11: 1.1105 | AO11: 1.1133 | AP11: 1.1133 | AQ11: 1.1133 | AR11: 1.1133 | AS11: 1.1579 | AT11: 1.1579 | AU11: 1.1579 | AV11: 1.1579 | AW11: 1.2032 | AX11: 1.2032 | AY11: =AX11 -> 1.2032 | AZ11: =AY11 -> 1.2032 | BA11: =AZ11 -> 1.2032 | BB11: 1.2632 | BC11: 1.2632 | BD11: 1.2632 | BE11: 1.2632 | BF11: 1.2632 | BG11: 1.2632 | BH11: 1.2632 | BI11: 1.2632 | BJ11: 1.2879 | BK11: 1.2879 | BL11: 1.2879 | BM11: 1.2879 | BQ11: 1.2879 | BU11: =BQ11 -> 1.2879
B12: GAS | C12: 1.052 | D12: 1.1416 | E12: 1.2255 | F12: 1.1739 | G12: 1.1599 | H12: 1.1637 | I12: 1.3287 | J12: 1.2885 | K12: 1.1318 | L12: 0.9442 | M12: 0.9389 | N12: 0.9205 | O12: 0.8905 | P12: 0.9682 | Q12: 0.9647 | R12: 0.9303 | S12: 0.8831 | T12: 0.8831 | U12: 1.0294 | V12: 1.0151 | W12: 0.8961 | X12: 0.8503 | Y12: 0.7939 | Z12: 0.7944 | AA12: 0.8207 | AB12: 0.7886 | AC12: 0.7685 | AD12: 0.6595 | AE12: 0.6292 | AF12: 0.6609 | AG12: 0.7203 | AH12: 0.7554 | AI12: 0.7054 | AJ12: 0.6954 | AK12: 0.6915 | AL12: 0.6354 | AM12: 0.6148 | AN12: 0.5854 | AO12: 0.6235 | AP12: 0.5847 | AQ12: 0.6065 | AR12: 0.5972 | AS12: 0.596 | AT12: 0.591 | AU12: 0.5054 | AV12: 0.4984 | AW12: 0.4864 | AX12: 0.4851 | AY12: 0.4293 | AZ12: 0.4293 | BA12: 0.4021 | BB12: 0.3759 | BC12: 0.3558 | BD12: 0.3524 | BE12: 0.3963 | BF12: 0.4186 | BG12: 0.428 | BH12: 0.4655 | BI12: 0.486 | BJ12: 0.5125 | BK12: 0.5717 | BL12: 0.5717 | BM12: 0.7262 | BN12: } | BO12: =BM12+BM13+BM14 -> 1.2907 | BQ12: 0.7262 | BR12: } | BS12: =BQ12+BQ13+BQ14 -> 1.2907 | BU12: =BQ12 -> 0.7262 | BZ12: }
B13: DISTRIBUTION | C13: 0.2574 | D13: 0.2574 | E13: 0.2574 | F13: 0.2574 | G13: 0.3168 | H13: 0.3168 | I13: 0.3168 | J13: =I13 -> 0.3168 | K13: 0.329 | L13: =K13 -> 0.329 | M13: =L13 -> 0.329 | N13: =M13 -> 0.329 | O13: 0.3277 | P13: =O13 -> 0.3277 | Q13: =P13 -> 0.3277 | R13: =Q13 -> 0.3277 | S13: 0.3311 | T13: 0.3311 | U13: =T13 -> 0.3311 | V13: =U13 -> 0.3311 | W13: 0.4146 | X13: =W13 -> 0.4146 | Y13: =X13 -> 0.4146 | Z13: 0.4272 | AA13: 0.4272 | AB13: 0.4272 | AC13: 0.4272 | AD13: 0.4608 | AE13: =AD13 -> 0.4608 | AF13: =+AE13 -> 0.4608 | AG13: =+AF13 -> 0.4608 | AH13: 0.4511 | AI13: =+AH13 -> 0.4511 | AJ13: 0.4511 | AK13: 0.4511 | AL13: 0.4579 | AM13: 0.4449 | AN13: 0.4449 | AO13: 0.446 | AP13: 0.446 | AQ13: 0.446 | AR13: 0.446 | AS13: 0.4639 | AT13: 0.4639 | AU13: 0.4639 | AV13: 0.4639 | AW13: 0.482 | AX13: 0.482 | AY13: =AX13 -> 0.482 | AZ13: =AY13 -> 0.482 | BA13: =AZ13 -> 0.482 | BB13: 0.506 | BC13: 0.506 | BD13: 0.506 | BE13: 0.506 | BF13: 0.506 | BG13: 0.506 | BH13: 0.506 | BI13: 0.506 | BJ13: 0.5159 | BK13: 0.5159 | BL13: 0.5159 | BM13: 0.5159 | BP13: /ccf | BQ13: 0.5159 | BT13: /ccf | BU13: =BQ13 -> 0.5159 | CA13: =AW12+AW13+AW14 -> 1.016 | CB13: /ccf
B14: EEU | AM14: 0.0428 | AN14: 0.0428 | AO14: 0.0428 | AP14: 0.0482 | AQ14: 0.0482 | AR14: 0.0482 | AS14: 0.0482 | AT14: 0.0476 | AU14: 0.0476 | AV14: 0.0476 | AW14: 0.0476 | AX14: 0.0454 | AY14: =AX14 -> 0.0454 | AZ14: =AY14 -> 0.0454 | BA14: =AZ14 -> 0.0454 | BB14: 0.0454 | BC14: 0.0454 | BD14: 0.0454 | BE14: 0.0454 | BF14: 0.0454 | BG14: 0.0468 | BH14: 0.0468 | BI14: 0.0468 | BJ14: 0.0468 | BK14: 0.0486 | BL14: 0.0486 | BM14: 0.0486 | BQ14: 0.0486 | BU14: ='Prop EEC 2023 Rates'!H9 -> 0.04781
B15: LIAP | AB15: 1.85 | AC15: =+AB15 -> 1.85 | AD15: =+AC15 -> 1.85 | AE15: =+AD15 -> 1.85 | AF15: =+AE15 -> 1.85 | AG15: =+AF15 -> 1.85 | AH15: 1.1 | AI15: =+AH15 -> 1.1 | AJ15: 1.1 | AK15: 1.1 | AL15: 0.99 | AM15: 0.99 | AN15: 0.99 | AO15: 0.99 | AP15: 0.16 | AQ15: 0.16 | AR15: 0.16 | AS15: 0.16 | AT15: 0.16 | AU15: 0.16 | AV15: 0.16 | AW15: 0.16 | AX15: 0.16 | AY15: =AX15 -> 0.16 | AZ15: =AY15 -> 0.16 | BA15: =AZ15 -> 0.16 | BB15: 0.16 | BC15: 0.16 | BD15: 0.16 | BE15: 0.16 | BF15: 0.16 | BG15: 0.16 | BH15: 0.16 | BI15: 0.16 | BJ15: 0.58 | BK15: 0.58 | BL15: 0.58 | BM15: 0.58 | BQ15: 0.58 | BU15: =BQ15 -> 0.58
B16: 2018 Tax Adj | AT16: -0.0628 | AU16: -0.0628 | AV16: -0.0628 | AW16: 0 | BZ16: } | CA16: =CA13+AW16 -> 1.016 | CB16: /ccf
A18: G2 | B18: ACCESS | C18: 0.791 | D18: 0.791 | E18: 0.791 | F18: 0.791 | G18: 0.9735 | H18: 0.9735 | I18: 0.9735 | J18: =I18 -> 0.9735 | K18: 1.0109 | L18: =K18 -> 1.0109 | M18: =L18 -> 1.0109 | N18: =M18 -> 1.0109 | O18: 1.007 | P18: =O18 -> 1.007 | Q18: =P18 -> 1.007 | R18: =Q18 -> 1.007 | S18: 1.0174 | T18: 1.0174 | U18: =T18 -> 1.0174 | V18: =U18 -> 1.0174 | W18: 1.0256 | X18: =W18 -> 1.0256 | Y18: =X18 -> 1.0256 | Z18: 1.0567 | AA18: 1.0567 | AB18: 1.0567 | AC18: 1.0567 | AD18: 1.1284 | AE18: =AD18 -> 1.1284 | AF18: =+AE18 -> 1.1284 | AG18: =+AF18 -> 1.1284 | AH18: 1.094 | AI18: =+AH18 -> 1.094 | AJ18: 1.094 | AK18: 1.094 | AL18: 1.1105 | AM18: 1.1105 | AN18: 1.1105 | AO18: 1.1133 | AP18: 1.1133 | AQ18: 1.1133 | AR18: 1.1133 | AS18: 1.1579 | AT18: 1.1579 | AU18: 1.1579 | AV18: 1.1579 | AW18: 1.2032 | AX18: 1.2032 | AY18: =AX18 -> 1.2032 | AZ18: =AY18 -> 1.2032 | BA18: =AZ18 -> 1.2032 | BB18: 1.2632 | BC18: 1.2632 | BD18: 1.2632 | BE18: 1.2632 | BF18: 1.2632 | BG18: 1.2632 | BH18: 1.2632 | BI18: 1.2632 | BJ18: 1.2879 | BK18: 1.2879 | BL18: 1.2879 | BM18: 1.2879 | BQ18: 1.2879 | BU18: =BQ18 -> 1.2879
B19: GAS | C19: 0.9015 | D19: 0.9783 | E19: 1.0501 | F19: 1.0059 | G19: 0.994 | H19: 0.9972 | I19: 1.1386 | J19: 1.1041 | K19: 0.9699 | L19: 0.8091 | M19: 0.8045 | N19: 0.7888 | O19: 0.7631 | P19: 0.8297 | Q19: 0.8267 | R19: 0.7972 | S19: 0.7568 | T19: 0.7568 | U19: 0.8821 | V19: 0.8699 | W19: 0.7679 | X19: 0.7287 | Y19: 0.6803 | Z19: 0.6807 | AA19: 0.7032 | AB19: 0.6757 | AC19: 0.6585 | AD19: 0.5251 | AE19: 0.501 | AF19: 0.5262 | AG19: 0.5735 | AH19: 0.5582 | AI19: 0.5212 | AJ19: 0.5138 | AK19: 0.5109 | AL19: 0.4694 | AM19: 0.4542 | AN19: 0.4325 | AO19: 0.4606 | AP19: 0.4319 | AQ19: 0.448 | AR19: 0.4411 | AS19: 0.4403 | AT19: 0.4366 | AU19: 0.3733 | AV19: 0.3682 | AW19: 0.3594 | AX19: 0.3584 | AY19: 0.3171 | AZ19: 0.3171 | BA19: 0.2971 | BB19: 0.2778 | BC19: 0.2629 | BD19: 0.2604 | BE19: 0.2928 | BF19: 0.3092 | BG19: 0.3161 | BH19: 0.3438 | BI19: 0.359 | BJ19: 0.3785 | BK19: 0.4223 | BL19: 0.4223 | BM19: 0.5364 | BN19: } | BO19: =BM19+BM20+BM21 -> 1.0035 | BP19: /ccf | BQ19: 0.5364 | BR19: } | BS19: =BQ19+BQ20+BQ21 -> 1.0035 | BT19: /ccf | BU19: =BQ19 -> 0.5364 | BZ19: } | CA19: =AW19+AW20+AW21 -> 0.7975 | CB19: /ccf
B20: DISTRIBUTION | C20: 0.353 | D20: 0.353 | E20: 0.353 | F20: 0.353 | G20: 0.4344 | H20: 0.4344 | I20: 0.4344 | J20: =I20 -> 0.4344 | K20: 0.4511 | L20: =K20 -> 0.4511 | M20: =L20 -> 0.4511 | N20: =M20 -> 0.4511 | O20: 0.4494 | P20: =O20 -> 0.4494 | Q20: =P20 -> 0.4494 | R20: =Q20 -> 0.4494 | S20: 0.454 | T20: 0.454 | U20: =T20 -> 0.454 | V20: =U20 -> 0.454 | W20: 0.5269 | X20: =W20 -> 0.5269 | Y20: =X20 -> 0.5269 | Z20: 0.5429 | AA20: 0.5429 | AB20: 0.5429 | AC20: 0.5429 | AD20: 0.4835 | AE20: =AD20 -> 0.4835 | AF20: =+AE20 -> 0.4835 | AG20: =+AF20 -> 0.4835 | AH20: 0.3755 | AI20: =+AH20 -> 0.3755 | AJ20: 0.3755 | AK20: 0.3755 | AL20: 0.3812 | AM20: 0.3703 | AN20: 0.3703 | AO20: 0.3712 | AP20: 0.3712 | AQ20: 0.3712 | AR20: 0.3712 | AS20: 0.3861 | AT20: 0.3861 | AU20: 0.3861 | AV20: 0.3861 | AW20: 0.4012 | AX20: 0.4012 | AY20: =AX20 -> 0.4012 | AZ20: =AY20 -> 0.4012 | BA20: =AZ20 -> 0.4012 | BB20: 0.4212 | BC20: 0.4212 | BD20: 0.4212 | BE20: 0.4212 | BF20: 0.4212 | BG20: 0.4212 | BH20: 0.4212 | BI20: 0.4212 | BJ20: 0.4294 | BK20: 0.4294 | BL20: 0.4294 | BM20: 0.4294 | BQ20: 0.4294 | BU20: =BQ20 -> 0.4294
B21: EEU | AM21: 0.0332 | AN21: 0.0332 | AO21: 0.0332 | AP21: 0.0374 | AQ21: 0.0374 | AR21: 0.0374 | AS21: 0.0374 | AT21: 0.0369 | AU21: 0.0369 | AV21: 0.0369 | AW21: 0.0369 | AX21: 0.0352 | AY21: =AX21 -> 0.0352 | AZ21: =AY21 -> 0.0352 | BA21: =AZ21 -> 0.0352 | BB21: 0.0352 | BC21: 0.0352 | BD21: 0.0352 | BE21: 0.0352 | BF21: 0.0352 | BG21: 0.0363 | BH21: 0.0363 | BI21: 0.0363 | BJ21: 0.0363 | BK21: 0.0377 | BL21: 0.0377 | BM21: 0.0377 | BQ21: 0.0377 | BU21: ='Prop EEC 2023 Rates'!H10 -> 0.03709 | BZ21: }
B22: LIAP | AB22: 2.38 | AC22: =+AB22 -> 2.38 | AD22: =+AC22 -> 2.38 | AE22: =+AD22 -> 2.38 | AF22: =+AE22 -> 2.38 | AG22: =+AF22 -> 2.38 | AH22: 1.15 | AI22: =+AH22 -> 1.15 | AJ22: 1.15 | AK22: 1.15 | AL22: 1 | AM22: 1 | AN22: 1 | AO22: 1 | AP22: 0.16 | AQ22: 0.16 | AR22: 0.16 | AS22: 0.16 | AT22: 0.16 | AU22: 0.16 | AV22: 0.16 | AW22: 0.16 | AX22: 0.16 | AY22: =AX22 -> 0.16 | AZ22: =AY22 -> 0.16 | BA22: =AZ22 -> 0.16 | BB22: =BA22 -> 0.16 | BC22: =BB22 -> 0.16 | BD22: =BC22 -> 0.16 | BE22: =BD22 -> 0.16 | BF22: =BE22 -> 0.16 | ... BI22: =BH22 -> 0.16 | BJ22: 0.58 | BK22: 0.58 | BL22: 0.58 | BM22: 0.58 | BQ22: 0.58 | BU22: =BQ22 -> 0.58
B23: =B16 -> 2018 Tax Adj | AT23: -0.0467 | AU23: -0.0467 | AV23: -0.0467 | AW23: 0 | BZ23: } | CA23: =CA19+AW23 -> 0.7975 | CB23: /ccf
A25: G3 | B25: ACCESS | C25: 2.5237 | D25: 2.5237 | E25: 2.5237 | F25: 2.5237 | G25: 3.1059 | H25: 3.1059 | I25: 3.1059 | J25: =I25 -> 3.1059 | K25: 3.2253 | L25: =K25 -> 3.2253 | M25: =L25 -> 3.2253 | N25: =M25 -> 3.2253 | O25: 3.2128 | P25: =O25 -> 3.2128 | Q25: =P25 -> 3.2128 | R25: =Q25 -> 3.2128 | S25: 3.246 | T25: 3.246 | U25: =T25 -> 3.246 | V25: =U25 -> 3.246 | W25: 3.2723 | X25: =W25 -> 3.2723 | Y25: =X25 -> 3.2723 | Z25: 3.3715 | AA25: 3.3715 | AB25: 3.3715 | AC25: 3.3715 | AD25: 3.6003 | AE25: =AD25 -> 3.6003 | AF25: =+AE25 -> 3.6003 | AG25: =+AF25 -> 3.6003 | AH25: 3.4906 | AI25: =+AH25 -> 3.4906 | AJ25: 3.4906 | AK25: 3.4906 | AL25: 3.5432 | AM25: 3.5432 | AN25: 3.5432 | AO25: 3.5521 | AP25: 3.5521 | AQ25: 3.5521 | AR25: 3.5521 | AS25: 3.6944 | AT25: 3.6944 | AU25: 3.6944 | AV25: 3.6944 | AW25: 3.8388 | AX25: 3.8388 | AY25: =AX25 -> 3.8388 | AZ25: =AY25 -> 3.8388 | BA25: =AZ25 -> 3.8388 | BB25: 4.0303 | BC25: 4.0303 | BD25: 4.0303 | BE25: 4.0303 | BF25: 4.0303 | BG25: 4.0303 | BH25: 4.0303 | BI25: 4.0303 | BJ25: 4.109 | BK25: 4.109 | BL25: 4.109 | BM25: 4.109 | BQ25: 4.109 | BU25: =BQ25 -> 4.109
B26: GAS | C26: 1.0425 | D26: 1.1312 | E26: 1.2143 | F26: 1.1632 | G26: 1.1494 | H26: 1.1531 | I26: 1.3166 | J26: 1.2767 | K26: 1.1215 | L26: 0.9357 | M26: 0.9303 | N26: 0.9121 | O26: 0.8824 | P26: 0.9594 | Q26: 0.9559 | R26: 0.9218 | S26: 0.871 | T26: 0.871 | U26: 1.02 | V26: 1.0059 | W26: 0.888 | X26: 0.8426 | Y26: 0.7867 | Z26: 0.7871 | AA26: 0.8131 | AB26: 0.7813 | AC26: 0.7614 | AD26: 0.6458 | AE26: 0.6161 | AF26: 0.6472 | AG26: 0.7053 | AH26: 0.7308 | AI26: 0.6824 | AJ26: 0.6727 | AK26: 0.6689 | AL26: 0.6146 | AM26: 0.5948 | AN26: 0.5664 | AO26: 0.6033 | AP26: 0.5658 | AQ26: 0.5869 | AR26: 0.5779 | AS26: 0.5768 | AT26: 0.572 | AU26: 0.4891 | AV26: 0.4823 | AW26: 0.4707 | AX26: 0.4694 | AY26: 0.4154 | AZ26: 0.4154 | BA26: 0.3891 | BB26: 0.3638 | BC26: 0.3443 | BD26: 0.341 | BE26: 0.3835 | BF26: 0.405 | BG26: 0.4141 | BH26: 0.4504 | BI26: 0.4702 | BJ26: 0.4958 | BK26: 0.5532 | BL26: 0.5532 | BM26: 0.7027 | BN26: } | BO26: =BM26+BM27+BM28 -> 1.1363 | BP26: /ccf | BQ26: 0.7027 | BR26: } | BS26: =BQ26+BQ27+BQ28 -> 1.1363 | BT26: /ccf | BU26: =BQ26 -> 0.7027 | BZ26: } | CA26: =AW26+AW27+AW28 -> 0.8776 | CB26: /ccf
B27: DISTRIBUTION | C27: 0.1708 | D27: 0.1708 | E27: 0.1708 | F27: 0.1708 | G27: 0.2102 | H27: 0.2102 | I27: 0.2102 | J27: =I27 -> 0.2102 | K27: 0.2183 | L27: =K27 -> 0.2183 | M27: =L27 -> 0.2183 | N27: =M27 -> 0.2183 | O27: 0.2175 | P27: =O27 -> 0.2175 | Q27: =P27 -> 0.2175 | R27: =Q27 -> 0.2175 | S27: 0.2197 | T27: 0.2197 | U27: =T27 -> 0.2197 | V27: =U27 -> 0.2197 | W27: 0.3015 | X27: =W27 -> 0.3015 | Y27: =X27 -> 0.3015 | Z27: 0.3106 | AA27: 0.3106 | AB27: 0.3106 | AC27: 0.3106 | AD27: 0.3443 | AE27: =AD27 -> 0.3443 | AF27: =+AE27 -> 0.3443 | AG27: =+AF27 -> 0.3443 | AH27: 0.346 | AI27: =+AH27 -> 0.346 | AJ27: 0.346 | AK27: 0.346 | AL27: 0.3512 | AM27: 0.3412 | AN27: 0.3412 | AO27: 0.3421 | AP27: 0.3421 | AQ27: 0.3421 | AR27: 0.3421 | AS27: 0.3558 | AT27: 0.3558 | AU27: 0.3558 | AV27: 0.3558 | AW27: 0.3697 | AX27: 0.3697 | AY27: =AX27 -> 0.3697 | AZ27: =AY27 -> 0.3697 | BA27: =AZ27 -> 0.3697 | BB27: 0.3881 | BC27: 0.3881 | BD27: 0.3881 | BE27: 0.3881 | BF27: 0.3881 | BG27: 0.3881 | BH27: 0.3881 | BI27: 0.3881 | BJ27: 0.3957 | BK27: 0.3957 | BL27: 0.3957 | BM27: 0.3957 | BQ27: 0.3957 | BU27: =BQ27 -> 0.3957
B28: EEU | AM28: 0.0334 | AN28: 0.0334 | AO28: 0.0334 | AP28: 0.0377 | AQ28: 0.0377 | AR28: 0.0377 | AS28: 0.0377 | AT28: 0.0372 | AU28: 0.0372 | AV28: 0.0372 | AW28: 0.0372 | AX28: 0.0354 | AY28: =AX28 -> 0.0354 | AZ28: =AY28 -> 0.0354 | BA28: =AZ28 -> 0.0354 | BB28: 0.0354 | BC28: 0.0354 | BD28: 0.0354 | BE28: 0.0354 | BF28: 0.0354 | BG28: 0.0365 | BH28: 0.0365 | BI28: 0.0365 | BJ28: 0.0365 | BK28: 0.0379 | BL28: 0.0379 | BM28: 0.0379 | BQ28: 0.0379 | BU28: ='Prop EEC 2023 Rates'!H11 -> 0.03728 | BZ28: }
B29: LIAP | AB29: 12.91 | AC29: =+AB29 -> 12.91 | AD29: =+AC29 -> 12.91 | AE29: =+AD29 -> 12.91 | AF29: =+AE29 -> 12.91 | AG29: =+AF29 -> 12.91 | AH29: 7.5 | AI29: =+AH29 -> 7.5 | AJ29: 7.5 | AK29: 7.5 | AL29: 6.48 | AM29: 6.48 | AN29: 6.48 | AO29: 6.48 | AP29: 1.05 | AQ29: 1.05 | AR29: 1.05 | AS29: 1.05 | AT29: 1.05 | AU29: 1.05 | AV29: 1.05 | AW29: 1.05 | AX29: 1.05 | AY29: =AX29 -> 1.05 | AZ29: =AY29 -> 1.05 | BA29: =AZ29 -> 1.05 | BB29: 1.05 | BC29: 1.05 | BD29: 1.05 | BE29: 1.05 | BF29: 1.05 | BG29: 1.05 | BH29: 1.05 | BI29: 1.05 | BJ29: 3.84 | BK29: 3.84 | BL29: 3.84 | BM29: 3.84 | BQ29: 3.84 | BU29: =BQ29 -> 3.84
B30: =B23 -> 2018 Tax Adj | AT30: -0.0387 | AU30: -0.0387 | AV30: -0.0387 | AW30: 0 | CA30: =CA26+AW30 -> 0.8776 | CB30: /ccf
A32: G4 | B32: ACCESS | C32: 2.5237 | D32: 2.5237 | E32: 2.5237 | F32: 2.5237 | G32: 3.1059 | H32: 3.1059 | I32: 3.1059 | J32: =I32 -> 3.1059 | K32: 3.2253 | L32: =K32 -> 3.2253 | M32: =L32 -> 3.2253 | N32: =M32 -> 3.2253 | O32: 3.2128 | P32: =O32 -> 3.2128 | Q32: =P32 -> 3.2128 | R32: =Q32 -> 3.2128 | S32: 3.246 | T32: 3.246 | U32: =T32 -> 3.246 | V32: =U32 -> 3.246 | W32: 3.2723 | X32: =W32 -> 3.2723 | Y32: =X32 -> 3.2723 | Z32: 3.3715 | AA32: 3.3715 | AB32: 3.3715 | AC32: 3.3715 | AD32: 3.6003 | AE32: =AD32 -> 3.6003 | AF32: =+AE32 -> 3.6003 | AG32: =+AF32 -> 3.6003 | AH32: 3.4906 | AI32: =+AH32 -> 3.4906 | AJ32: 3.4906 | AK32: 3.4906 | AL32: 3.5432 | AM32: 3.5432 | AN32: 3.5432 | AO32: 3.5521 | AP32: 3.5521 | AQ32: 3.5521 | AR32: 3.5521 | AS32: 3.6944 | AT32: 3.6944 | AU32: 3.6944 | AV32: 3.6944 | AW32: 3.8388 | AX32: 3.8388 | AY32: =AX32 -> 3.8388 | AZ32: =AY32 -> 3.8388 | BA32: =AZ32 -> 3.8388 | BB32: 4.0303 | BC32: 4.0303 | BD32: 4.0303 | BE32: 4.0303 | BF32: 4.0303 | BG32: 4.0303 | BH32: 4.0303 | BI32: 4.0303 | BJ32: 4.109 | BK32: 4.109 | BL32: 4.109 | BM32: 4.109 | BQ32: 4.109 | BU32: =BQ32 -> 4.109
B33: GAS | C33: 0.8969 | D33: 0.9733 | E33: 1.0448 | F33: 1.0008 | G33: 0.9889 | H33: 0.9921 | I33: 1.1328 | J33: 1.0985 | K33: 0.9649 | L33: 0.805 | M33: 0.8004 | N33: 0.7848 | O33: 0.7592 | P33: 0.8254 | Q33: 0.8224 | R33: 0.7931 | S33: 0.7529 | T33: 0.7529 | U33: 0.8776 | V33: 0.8654 | W33: 0.764 | X33: 0.7249 | Y33: 0.6768 | Z33: 0.6772 | AA33: 0.6996 | AB33: 0.6722 | AC33: 0.6551 | AD33: 0.5234 | AE33: 0.4993 | AF33: 0.5244 | AG33: 0.5715 | AH33: 0.5572 | AI33: 0.5203 | AJ33: 0.5129 | AK33: 0.51 | AL33: 0.4686 | AM33: 0.4535 | AN33: 0.4318 | AO33: 0.4598 | AP33: 0.4312 | AQ33: 0.4473 | AR33: 0.4404 | AS33: 0.4396 | AT33: 0.4359 | AU33: 0.3727 | AV33: 0.3676 | AW33: 0.3588 | AX33: 0.3578 | AY33: 0.3166 | AZ33: 0.3166 | BA33: 0.2966 | BB33: 0.2773 | BC33: 0.2624 | BD33: 0.2599 | BE33: 0.2923 | BF33: 0.3087 | BG33: 0.3156 | BH33: 0.3432 | BI33: 0.3583 | BJ33: 0.3777 | BK33: 0.4214 | BL33: 0.4214 | BM33: 0.5353 | BN33: } | BO33: =BM33+BM34+BM35 -> 0.8972 | BP33: /ccf | BQ33: 0.5353 | BR33: } | BS33: =BQ33+BQ34+BQ35 -> 0.8972 | BT33: /ccf | BU33: =BQ33 -> 0.5353 | BZ33: } | CA33: =AW33+AW34+AW35 -> 0.6983 | CB33: /ccf
B34: DISTRIBUTION | C34: 0.1179 | D34: 0.1179 | E34: 0.1179 | F34: 0.1179 | G34: 0.1451 | H34: 0.1451 | I34: 0.1451 | J34: =I34 -> 0.1451 | K34: 0.1507 | L34: =K34 -> 0.1507 | M34: =L34 -> 0.1507 | N34: =M34 -> 0.1507 | O34: 0.1501 | P34: =O34 -> 0.1501 | Q34: =P34 -> 0.1501 | R34: =Q34 -> 0.1501 | S34: 0.1516 | T34: 0.1516 | U34: =T34 -> 0.1516 | V34: =U34 -> 0.1516 | W34: 0.2217 | X34: =W34 -> 0.2217 | Y34: =X34 -> 0.2217 | Z34: 0.2284 | AA34: 0.2284 | AB34: 0.2284 | AC34: 0.2284 | AD34: 0.272 | AE34: =AD34 -> 0.272 | AF34: =+AE34 -> 0.272 | AG34: =+AF34 -> 0.272 | AH34: 0.2909 | AI34: =+AH34 -> 0.2909 | AJ34: 0.2909 | AK34: 0.2909 | AL34: 0.2953 | AM34: 0.2869 | AN34: 0.2869 | AO34: 0.2876 | AP34: 0.2876 | AQ34: 0.2876 | AR34: 0.2876 | AS34: 0.2991 | AT34: 0.2991 | AU34: 0.2991 | AV34: 0.2991 | AW34: 0.3108 | AX34: 0.3108 | AY34: =AX34 -> 0.3108 | AZ34: =AY34 -> 0.3108 | BA34: =AZ34 -> 0.3108 | BB34: 0.3263 | BC34: 0.3263 | BD34: 0.3263 | BE34: 0.3263 | BF34: 0.3263 | BG34: 0.3263 | BH34: 0.3263 | BI34: 0.3263 | BJ34: 0.3327 | BK34: 0.3327 | BL34: 0.3327 | BM34: 0.3327 | BQ34: 0.3327 | BU34: =BQ34 -> 0.3327
B35: EEU | AM35: 0.0258 | AN35: 0.0258 | AO35: 0.0258 | AP35: 0.0291 | AQ35: 0.0291 | AR35: 0.0291 | AS35: 0.0291 | AT35: 0.0287 | AU35: 0.0287 | AV35: 0.0287 | AW35: 0.0287 | AX35: 0.0273 | AY35: =AX35 -> 0.0273 | AZ35: =AY35 -> 0.0273 | BA35: =AZ35 -> 0.0273 | BB35: 0.0273 | BC35: 0.0273 | BD35: 0.0273 | BE35: 0.0273 | BF35: 0.0273 | BG35: 0.0281 | BH35: 0.0281 | BI35: 0.0281 | BJ35: 0.0281 | BK35: 0.0292 | BL35: 0.0292 | BM35: 0.0292 | BQ35: 0.0292 | BU35: ='Prop EEC 2023 Rates'!H12 -> 0.02872 | BZ35: } | CB35: /ccf
B36: LIAP | AB36: 17.99 | AC36: =+AB36 -> 17.99 | AD36: =+AC36 -> 17.99 | AE36: =+AD36 -> 17.99 | AF36: =+AE36 -> 17.99 | AG36: =+AF36 -> 17.99 | AH36: 10.84 | AI36: =+AH36 -> 10.84 | AJ36: 10.84 | AK36: 10.84 | AL36: 9.09 | AM36: 9.09 | AN36: 9.09 | AO36: 9.09 | AP36: 1.47 | AQ36: 1.47 | AR36: 1.47 | AS36: 1.47 | AT36: 1.47 | AU36: 1.47 | AV36: 1.47 | AW36: 1.47 | AX36: 1.47 | AY36: =AX36 -> 1.47 | AZ36: =AY36 -> 1.47 | BA36: =AZ36 -> 1.47 | BB36: 1.47 | BC36: 1.47 | BD36: 1.47 | BE36: 1.47 | BF36: 1.47 | BG36: 1.47 | BH36: 1.47 | BI36: 1.47 | BJ36: 5.37 | BK36: 5.37 | BL36: 5.37 | BM36: 5.37 | BQ36: 5.37 | BU36: =BQ36 -> 5.37
B37: =B30 -> 2018 Tax Adj | AT37: -0.0279 | AU37: -0.0279 | AV37: -0.0279 | AW37: 0 | CA37: =CA33+AW37 -> 0.6983 | CB37: /ccf
AX39: 1.2931 | AY39: 1.3023 | AZ39: 1.3023 | BA39: 1.1781 | BB39: 1.1964 | BC39: 1.3243 | BD39: 1.2995 | BE39: 1.2416 | BF39: 1.2377 | BG39: 1.2272 | BH39: 1.2054 | BI39: 1.2054 | BJ39: 1.2405 | BK39: 1.1706 | BL39: 1.1436 | BM39: 1.0298 | BQ39: 1.0298 | BU39: 1.1781
A40: Notes: | BJ40: 1.5862 | BK40: 1.5371 | BL40: 1.5098 | BM40: 1.3754 | BQ40: 1.3754
A41: Access charged per day
A42: Gas, Distribution & EEU charged per ccf
A43: LIAP charged per # of meters per month
A44: 2018 Tax Adj. for Feb-Oct 2018 bills
A45: L:\EVERYONE\TARIFFS
A46: Bills rendered on or after
